Workbook
Name alerte: Tableau2[ALERTE CONTRÔLE TECHNIQUE]
Name datealerte: Tableau2[PROCHAIN CONTRÔLE TECHNIQUE]

Sheet PAGE D'ACCEUIL
E2: BASE DE DONNEES GENERALES | L2: ANALYSE GRAPHIQUE
B12: COUT REPARATIONS | E12: COUT CARBURANT | H12: COUT LAVAGE | K12: COUTE PEAGE/PARKING
B23: SUIVI DES DEPENSES REPARATIONS | E23: RELEVES KILOMETRAGE | H23: SUIVI DES CONTRAVENTION | K23: FORMULAIRE REPARATION/CT

Sheet PARC 2017
A6: N° voiture | B6: Formation comptable | C6: UF | D6: LIEU | E6: Désignation du bien (marque désignation commerciale) | F6: Equipements spéciaux | G6: Nb Places | H6: N° d'identification (série-chassis) | I6: N° IMMAT | J6: PROCHAIN CONTRÔLE TECHNIQUE | K6: ALERTE CONTRÔLE TECHNIQUE | L6: DERNIERE REVISION | M6: PROCHAINE REVISON | N6: ALERTE REVISION | O6: NUMERO CARTE TOTAL | P6: CODE CARBURANT | Q6: Année | R6: Date de 1ère mise en service | S6: AGE DU VHL | T6: Mois | U6: Jour | V6: Age Réel du VHL | W6: Colonne3 | X6: KILOMETRAGE EN COURS 2017 | Y6: COMPTEUR VOITURE | Z6: COUT MAINTENANCE 2017 (Réparation,contrôle technique) | AA6: COUT CARBURANT 2017 | AB6: COUT LAVAGE 2017 | AC6: COUT PEAGE | AD6: ASSURANCES
A7: 1 | B7: EMTED | C7: 9833 | D7: EXTERIEUR GONESSE | E7: CITROEN C2 | F7: X | G7: 5 | I7: AF 559 VP | J7: 42904 | K7: =IF(DATE(YEAR(J7),MONTH(J7)-1,DAY(J7))<=TODAY(),"ALERTE",IF(DATE(YEAR(J7),MONTH(J7)-3,DAY(J7))<=TODAY(),"ATTENTION",IF(DATE(YEAR(J7),MONTH(J7)-48,DAY(J7))<=TODAY(),"OK"))) -> ALERTE | L7: 42185 | M7: 42917 | N7: =IF(DATE(YEAR(M7),MONTH(M7)-1,DAY(M7))<=TODAY(),"ALERTE",IF(DATE(YEAR(M7),MONTH(M7)-3,DAY(M7))<=TODAY(),"ATTENTION",IF(DATE(YEAR(M7),MONTH(M7)-48,DAY(M7))<=TODAY(),"OK"))) -> ALERTE | O7: 123 | P7: 0 103 | Q7: 2003 | R7: =#REF! -> #REF! | S7: =IF(DATEDIF(R7,W7,"y")=0,"",IF(DATEDIF(R7,W7,"y")=1,DATEDIF(R7,W7,"y")&" an",DATEDIF(R7,W7,"y")&" ans")) -> #REF! | T7: =IF(DATEDIF(R7,W7,"ym")=0,"",DATEDIF(R7,W7,"ym")&" mois") -> #REF! | U7: =IF(DATEDIF(R7,W7,"md")=0,"",IF(DATEDIF(R7,W7,"md")=1,DATEDIF(R7,W7,"md")&" jour",DATEDIF(R7,W7,"md")&" jours")) -> #REF! | V7: =TRIM(S7&" "&T7&" "&U7) -> #REF! | W7: =TODAY() -> 42890 | X7: =SUM('RELEVE KILOMETRAGE '!AC7) -> 412 | Z7: =SUM('COUT MAINTENANCE'!P7) -> 0 | AA7: =SUM('COUT CARBURANT'!AB6) -> 81.89 | AB7: =SUM('COUTE LAVAGE'!P7) -> 25 | AC7: =SUM('COUT PEAGE'!P7) -> 0 | AD7: 0
A8: 2 | B8: SECURITE | D8: CH GONESSE (POSTE DE SECURITE) | E8: LOGANE DACIA | F8: X | G8: 5 | I8: CH 696 XR | J8: 43293 | K8: =IF(DATE(YEAR(J8),MONTH(J8)-1,DAY(J8))<=TODAY(),"ALERTE",IF(DATE(YEAR(J8),MONTH(J8)-3,DAY(J8))<=TODAY(),"ATTENTION",IF(DATE(YEAR(J8),MONTH(J8)-48,DAY(J8))<=TODAY(),"OK"))) -> OK | L8: 42643 | M8: 43374 | N8: =IF(DATE(YEAR(M8),MONTH(M8)-1,DAY(M8))<=TODAY(),"ALERTE",IF(DATE(YEAR(M8),MONTH(M8)-3,DAY(M8))<=TODAY(),"ATTENTION",IF(DATE(YEAR(M8),MONTH(M8)-48,DAY(M8))<=TODAY(),"OK"))) -> OK | O8: 124 | P8: 0 212 | Q8: 2012 | R8: 41109 | S8: =IF(DATEDIF(R8,W8,"y")=0,"",IF(DATEDIF(R8,W8,"y")=1,DATEDIF(R8,W8,"y")&" an",DATEDIF(R8,W8,"y")&" ans")) -> 4 ans | T8: =IF(DATEDIF(R8,W8,"ym")=0,"",DATEDIF(R8,W8,"ym")&" mois") -> 10 mois | U8: =IF(DATEDIF(R8,W8,"md")=0,"",IF(DATEDIF(R8,W8,"md")=1,DATEDIF(R8,W8,"md")&" jour",DATEDIF(R8,W8,"md")&" jours")) -> 16 jours | V8: =TRIM(S8&" "&T8&" "&U8) -> 4 ans 10 mois 16 jours | W8: =TODAY() -> 42890 | X8: =SUM('RELEVE KILOMETRAGE '!AC8) -> 5684 | Z8: =SUM('COUT MAINTENANCE'!P8) -> 614.31 | AA8: =SUM('COUT CARBURANT'!AB7) -> 1001.52 | AB8: =SUM('COUTE LAVAGE'!P8) -> 0 | AC8: =SUM('COUT PEAGE'!P8) -> 0 | AD8: 0
A9: 3 | D9: CH GONESSE (PSY ADULTE) | E9: RENAULT TWINGO | F9: X | G9: 5 | I9: 26 CZK 95 | J9: 42933 | K9: =IF(DATE(YEAR(J9),MONTH(J9)-1,DAY(J9))<=TODAY(),"ALERTE",IF(DATE(YEAR(J9),MONTH(J9)-3,DAY(J9))<=TODAY(),"ATTENTION",IF(DATE(YEAR(J9),MONTH(J9)-48,DAY(J9))<=TODAY(),"OK"))) -> ATTENTION | L9: 41669 | M9: 42400 | N9: =IF(DATE(YEAR(M9),MONTH(M9)-1,DAY(M9))<=TODAY(),"ALERTE",IF(DATE(YEAR(M9),MONTH(M9)-3,DAY(M9))<=TODAY(),"ATTENTION",IF(DATE(YEAR(M9),MONTH(M9)-48,DAY(M9))<=TODAY(),"OK"))) -> ALERTE | O9: 66 | P9: 0 301 | Q9: 2001 | R9: 37146 | S9: =IF(DATEDIF(R9,W9,"y")=0,"",IF(DATEDIF(R9,W9,"y")=1,DATEDIF(R9,W9,"y")&" an",DATEDIF(R9,W9,"y")&" ans")) -> 15 ans | T9: =IF(DATEDIF(R9,W9,"ym")=0,"",DATEDIF(R9,W9,"ym")&" mois") -> 8 mois | U9: =IF(DATEDIF(R9,W9,"md")=0,"",IF(DATEDIF(R9,W9,"md")=1,DATEDIF(R9,W9,"md")&" jour",DATEDIF(R9,W9,"md")&" jours")) -> 23 jours | V9: =TRIM(S9&" "&T9&" "&U9) -> 15 ans 8 mois 23 jours | W9: =TODAY() -> 42890 | X9: =SUM('RELEVE KILOMETRAGE '!AC9) -> 574 | Z9: =SUM('COUT MAINTENANCE'!P9) -> 0 | AA9: =SUM('COUT CARBURANT'!AB8) -> 55.06 | AB9: =SUM('COUTE LAVAGE'!P9) -> 0 | AC9: =SUM('COUT PEAGE'!P9) -> 0 | AD9: 0
A10: 4 | B10: PEDO PSYCHATRIE | C10: 8822 | D10: CH GONESSE (SERVICE TRANSPORT) | E10: CITROEN NEMO | F10: X | G10: 5 | I10: BV-109-QP | J10: 43006 | K10: =IF(DATE(YEAR(J10),MONTH(J10)-1,DAY(J10))<=TODAY(),"ALERTE",IF(DATE(YEAR(J10),MONTH(J10)-3,DAY(J10))<=TODAY(),"ATTENTION",IF(DATE(YEAR(J10),MONTH(J10)-48,DAY(J10))<=TODAY(),"OK"))) -> OK | L10: 42775 | M10: 43506 | N10: =IF(DATE(YEAR(M10),MONTH(M10)-1,DAY(M10))<=TODAY(),"ALERTE",IF(DATE(YEAR(M10),MONTH(M10)-3,DAY(M10))<=TODAY(),"ATTENTION",IF(DATE(YEAR(M10),MONTH(M10)-48,DAY(M10))<=TODAY(),"OK"))) -> OK | O10: 109 | P10: 0 411 | Q10: 2011 | R10: 40814 | S10: =IF(DATEDIF(R10,W10,"y")=0,"",IF(DATEDIF(R10,W10,"y")=1,DATEDIF(R10,W10,"y")&" an",DATEDIF(R10,W10,"y")&" ans")) -> 5 ans | T10: =IF(DATEDIF(R10,W10,"ym")=0,"",DATEDIF(R10,W10,"ym")&" mois") -> 8 mois | U10: =IF(DATEDIF(R10,W10,"md")=0,"",IF(DATEDIF(R10,W10,"md")=1,DATEDIF(R10,W10,"md")&" jour",DATEDIF(R10,W10,"md")&" jours")) -> 7 jours | V10: =TRIM(S10&" "&T10&" "&U10) -> 5 ans 8 mois 7 jours | W10: =TODAY() -> 42890 | X10: =SUM('RELEVE KILOMETRAGE '!AC10) -> 2205 | Z10: =SUM('COUT MAINTENANCE'!P10) -> 258.55 | AA10: =SUM('COUT CARBURANT'!AB9) -> 191.09 | AB10: =SUM('COUTE LAVAGE'!P10) -> 0 | AC10: =SUM('COUT PEAGE'!P10) -> 0 | AD10: 0
A11: 5 | B11: ESPACE ADOS | C11: 8822 | D11: CH GONESSE (ESPACE ADOS) | E11: CITROEN NEMO | F11: X | G11: 5 | I11: BV-863-QN | J11: 43006 | K11: =IF(DATE(YEAR(J11),MONTH(J11)-1,DAY(J11))<=TODAY(),"ALERTE",IF(DATE(YEAR(J11),MONTH(J11)-3,DAY(J11))<=TODAY(),"ATTENTION",IF(DATE(YEAR(J11),MONTH(J11)-48,DAY(J11))<=TODAY(),"OK"))) -> OK | L11: 42514 | M11: 43245 | N11: =IF(DATE(YEAR(M11),MONTH(M11)-1,DAY(M11))<=TODAY(),"ALERTE",IF(DATE(YEAR(M11),MONTH(M11)-3,DAY(M11))<=TODAY(),"ATTENTION",IF(DATE(YEAR(M11),MONTH(M11)-48,DAY(M11))<=TODAY(),"OK"))) -> OK | O11: 110 | P11: 0 511 | Q11: 2011 | R11: 40814 | S11: =IF(DATEDIF(R11,W11,"y")=0,"",IF(DATEDIF(R11,W11,"y")=1,DATEDIF(R11,W11,"y")&" an",DATEDIF(R11,W11,"y")&" ans")) -> 5 ans | T11: =IF(DATEDIF(R11,W11,"ym")=0,"",DATEDIF(R11,W11,"ym")&" mois") -> 8 mois | U11: =IF(DATEDIF(R11,W11,"md")=0,"",IF(DATEDIF(R11,W11,"md")=1,DATEDIF(R11,W11,"md")&" jour",DATEDIF(R11,W11,"md")&" jours")) -> 7 jours | V11: =TRIM(S11&" "&T11&" "&U11) -> 5 ans 8 mois 7 jours | W11: =TODAY() -> 42890 | X11: =SUM('RELEVE KILOMETRAGE '!AC11) -> 1653 | Z11: =SUM('COUT MAINTENANCE'!P11) -> 0 | AA11: =SUM('COUT CARBURANT'!AB10) -> 171.7 | AB11: =SUM('COUTE LAVAGE'!P11) -> 0 | AC11: =SUM('COUT PEAGE'!P11) -> 0 | AD11: 0
A12: 6 | B12: POOL PRÊT TRANSPORT | C12: 1130 | D12: CH GONESSE (SERVICE TRANSPORT) | E12: PEUGEOT 207 | F12: X | G12: 5 | I12: CX-219-PV | J12: 42953 | K12: =IF(DATE(YEAR(J12),MONTH(J12)-1,DAY(J12))<=TODAY(),"ALERTE",IF(DATE(YEAR(J12),MONTH(J12)-3,DAY(J12))<=TODAY(),"ATTENTION",IF(DATE(YEAR(J12),MONTH(J12)-48,DAY(J12))<=TODAY(),"OK"))) -> ATTENTION | L12: 42551 | M12: 43282 | N12: =IF(DATE(YEAR(M12),MONTH(M12)-1,DAY(M12))<=TODAY(),"ALERTE",IF(DATE(YEAR(M12),MONTH(M12)-3,DAY(M12))<=TODAY(),"ATTENTION",IF(DATE(YEAR(M12),MONTH(M12)-48,DAY(M12))<=TODAY(),"OK"))) -> OK | O12: 114 | P12: 1607 | Q12: 2013 | R12: 41492 | S12: =IF(DATEDIF(R12,W12,"y")=0,"",IF(DATEDIF(R12,W12,"y")=1,DATEDIF(R12,W12,"y")&" an",DATEDIF(R12,W12,"y")&" ans")) -> 3 ans | T12: =IF(DATEDIF(R12,W12,"ym")=0,"",DATEDIF(R12,W12,"ym")&" mois") -> 9 mois | U12: =IF(DATEDIF(R12,W12,"md")=0,"",IF(DATEDIF(R12,W12,"md")=1,DATEDIF(R12,W12,"md")&" jour",DATEDIF(R12,W12,"md")&" jours")) -> 29 jours | V12: =TRIM(S12&" "&T12&" "&U12) -> 3 ans 9 mois 29 jours | W12: =TODAY() -> 42890 | X12: =SUM('RELEVE KILOMETRAGE '!AC12) -> 3742 | Z12: =SUM('COUT MAINTENANCE'!P12) -> 0 | AA12: =SUM('COUT CARBURANT'!AB11) -> 291.48 | AB12: =SUM('COUTE LAVAGE'!P12) -> 0 | AC12: =SUM('COUT PEAGE'!P12) -> 30.7 | AD12: 0
A13: 7 | B13: POOL PRÊT TRANSPORT | C13: 1130 | D13: CH GONESSE (SERVICE TRANSPORT) | E13: RENAULT CLIO | F13: X | G13: 5 | I13: DZ-583-TB | J13: 43878 | K13: =IF(DATE(YEAR(J13),MONTH(J13)-1,DAY(J13))<=TODAY(),"ALERTE",IF(DATE(YEAR(J13),MONTH(J13)-3,DAY(J13))<=TODAY(),"ATTENTION",IF(DATE(YEAR(J13),MONTH(J13)-48,DAY(J13))<=TODAY(),"OK"))) -> OK | L13: 42794 | M13: 43524 | N13: =IF(DATE(YEAR(M13),MONTH(M13)-1,DAY(M13))<=TODAY(),"ALERTE",IF(DATE(YEAR(M13),MONTH(M13)-3,DAY(M13))<=TODAY(),"ATTENTION",IF(DATE(YEAR(M13),MONTH(M13)-48,DAY(M13))<=TODAY(),"OK"))) -> OK | O13: 126 | P13: 0 713 | Q13: 2016 | R13: 42417 | S13: =IF(DATEDIF(R13,W13,"y")=0,"",IF(DATEDIF(R13,W13,"y")=1,DATEDIF(R13,W13,"y")&" an",DATEDIF(R13,W13,"y")&" ans")) -> 1 an | T13: =IF(DATEDIF(R13,W13,"ym")=0,"",DATEDIF(R13,W13,"ym")&" mois") -> 3 mois | U13: =IF(DATEDIF(R13,W13,"md")=0,"",IF(DATEDIF(R13,W13,"md")=1,DATEDIF(R13,W13,"md")&" jour",DATEDIF(R13,W13,"md")&" jours")) -> 18 jours | V13: =TRIM(S13&" "&T13&" "&U13) -> 1 an 3 mois 18 jours | W13: =TODAY() -> 42890 | X13: =SUM('RELEVE KILOMETRAGE '!AC13) -> 1945 | Z13: =SUM('COUT MAINTENANCE'!P13) -> 237.72 | AA13: =SUM('COUT CARBURANT'!AB12) -> 401.74 | AB13: =SUM('COUTE LAVAGE'!P13) -> 0 | AC13: =SUM('COUT PEAGE'!P13) -> 0 | AD13: 0
A14: 8 | B14: PSY 80 | D14: CH GONESSE (PSYCHATRIE ADULTES) | E14: RENAULT CLIO | F14: X | G14: 5 | I14: 665 ERR 95 | J14: 43190 | K14: =IF(DATE(YEAR(J14),MONTH(J14)-1,DAY(J14))<=TODAY(),"ALERTE",IF(DATE(YEAR(J14),MONTH(J14)-3,DAY(J14))<=TODAY(),"ATTENTION",IF(DATE(YEAR(J14),MONTH(J14)-48,DAY(J14))<=TODAY(),"OK"))) -> OK | L14: 42572 | M14: 43302 | N14: =IF(DATE(YEAR(M14),MONTH(M14)-1,DAY(M14))<=TODAY(),"ALERTE",IF(DATE(YEAR(M14),MONTH(M14)-3,DAY(M14))<=TODAY(),"ATTENTION",IF(DATE(YEAR(M14),MONTH(M14)-48,DAY(M14))<=TODAY(),"OK"))) -> OK | O14: 92 | P14: 0 808 | Q14: 2008 | R14: 39591 | S14: =IF(DATEDIF(R14,W14,"y")=0,"",IF(DATEDIF(R14,W14,"y")=1,DATEDIF(R14,W14,"y")&" an",DATEDIF(R14,W14,"y")&" ans")) -> 9 ans | T14: =IF(DATEDIF(R14,W14,"ym")=0,"",DATEDIF(R14,W14,"ym")&" mois") | U14: =IF(DATEDIF(R14,W14,"md")=0,"",IF(DATEDIF(R14,W14,"md")=1,DATEDIF(R14,W14,"md")&" jour",DATEDIF(R14,W14,"md")&" jours")) -> 12 jours | V14: =TRIM(S14&" "&T14&" "&U14) -> 9 ans 12 jours | W14: =TODAY() -> 42890 | X14: =SUM('RELEVE KILOMETRAGE '!AC14) -> 725 | Z14: =SUM('COUT MAINTENANCE'!P14) -> 0 | AA14: =SUM('COUT CARBURANT'!AB13) -> 53.29 | AB14: =SUM('COUTE LAVAGE'!P14) -> 0 | AC14: =SUM('COUT PEAGE'!P14) -> 0 | AD14: 0
A15: 9 | B15: PSY 80 | D15: CH GONESSE (PSYCHATRIE ADULTES) | E15: RENAULT CLIO | F15: X | G15: 5 | I15: 668 ERR 95 | J15: 43330 | K15: =IF(DATE(YEAR(J15),MONTH(J15)-1,DAY(J15))<=TODAY(),"ALERTE",IF(DATE(YEAR(J15),MONTH(J15)-3,DAY(J15))<=TODAY(),"ATTENTION",IF(DATE(YEAR(J15),MONTH(J15)-48,DAY(J15))<=TODAY(),"OK"))) -> OK | L15: 42613 | M15: 43343 | N15: =IF(DATE(YEAR(M15),MONTH(M15)-1,DAY(M15))<=TODAY(),"ALERTE",IF(DATE(YEAR(M15),MONTH(M15)-3,DAY(M15))<=TODAY(),"ATTENTION",IF(DATE(YEAR(M15),MONTH(M15)-48,DAY(M15))<=TODAY(),"OK"))) -> OK | O15: 93 | P15: 0 908 | Q15: 2008 | R15: 39591 | S15: =IF(DATEDIF(R15,W15,"y")=0,"",IF(DATEDIF(R15,W15,"y")=1,DATEDIF(R15,W15,"y")&" an",DATEDIF(R15,W15,"y")&" ans")) -> 9 ans | T15: =IF(DATEDIF(R15,W15,"ym")=0,"",DATEDIF(R15,W15,"ym")&" mois") | U15: =IF(DATEDIF(R15,W15,"md")=0,"",IF(DATEDIF(R15,W15,"md")=1,DATEDIF(R15,W15,"md")&" jour",DATEDIF(R15,W15,"md")&" jours")) -> 12 jours | V15: =TRIM(S15&" "&T15&" "&U15) -> 9 ans 12 jours | W15: =TODAY() -> 42890 | X15: =SUM('RELEVE KILOMETRAGE '!AC15) -> 1112 | Z15: =SUM('COUT MAINTENANCE'!P15) -> 0 | AA15: =SUM('COUT CARBURANT'!AB14) -> 44.62 | AB15: =SUM('COUTE LAVAGE'!P15) -> 0 | AC15: =SUM('COUT PEAGE'!P15) -> 0 | AD15: 0
A16: 10 | B16: MME CHEVROTEE | D16: EXTERIEUR GONESSE | E16: PEUGEOT 307 | F16: X | G16: 5 | I16: 902 DWG 95 | J16: 43454 | K16: =IF(DATE(YEAR(J16),MONTH(J16)-1,DAY(J16))<=TODAY(),"ALERTE",IF(DATE(YEAR(J16),MONTH(J16)-3,DAY(J16))<=TODAY(),"ATTENTION",IF(DATE(YEAR(J16),MONTH(J16)-48,DAY(J16))<=TODAY(),"OK"))) -> OK | L16: 42452 | M16: 43183 | N16: =IF(DATE(YEAR(M16),MONTH(M16)-1,DAY(M16))<=TODAY(),"ALERTE",IF(DATE(YEAR(M16),MONTH(M16)-3,DAY(M16))<=TODAY(),"ATTENTION",IF(DATE(YEAR(M16),MONTH(M16)-48,DAY(M16))<=TODAY(),"OK"))) -> OK | O16: 79 | P16: 1005 | Q16: 2005 | R16: 38379 | S16: =IF(DATEDIF(R16,W16,"y")=0,"",IF(DATEDIF(R16,W16,"y")=1,DATEDIF(R16,W16,"y")&" an",DATEDIF(R16,W16,"y")&" ans")) -> 12 ans | T16: =IF(DATEDIF(R16,W16,"ym")=0,"",DATEDIF(R16,W16,"ym")&" mois") -> 4 mois | U16: =IF(DATEDIF(R16,W16,"md")=0,"",IF(DATEDIF(R16,W16,"md")=1,DATEDIF(R16,W16,"md")&" jour",DATEDIF(R16,W16,"md")&" jours")) -> 8 jours | V16: =TRIM(S16&" "&T16&" "&U16) -> 12 ans 4 mois 8 jours | W16: =TODAY() -> 42890 | X16: =SUM('RELEVE KILOMETRAGE '!AC16) -> 814 | Z16: =SUM('COUT MAINTENANCE'!P16) -> 320.9 | AA16: =SUM('COUT CARBURANT'!AB15) -> 131.41 | AB16: =SUM('COUTE LAVAGE'!P16) -> 0 | AC16: =SUM('COUT PEAGE'!P16) -> 0 | AD16: 0
A17: 11 | E17: RENAULT CLIO | F17: X | G17: 5 | I17: 519 DCS 95 | J17: 43134 | K17: =IF(DATE(YEAR(J17),MONTH(J17)-1,DAY(J17))<=TODAY(),"ALERTE",IF(DATE(YEAR(J17),MONTH(J17)-3,DAY(J17))<=TODAY(),"ATTENTION",IF(DATE(YEAR(J17),MONTH(J17)-48,DAY(J17))<=TODAY(),"OK"))) -> OK | L17: 41659 | M17: 42390 | N17: =IF(DATE(YEAR(M17),MONTH(M17)-1,DAY(M17))<=TODAY(),"ALERTE",IF(DATE(YEAR(M17),MONTH(M17)-3,DAY(M17))<=TODAY(),"ATTENTION",IF(DATE(YEAR(M17),MONTH(M17)-48,DAY(M17))<=TODAY(),"OK"))) -> ALERTE | O17: 71 | P17: 1102 | Q17: 2002 | R17: 37342 | S17: =IF(DATEDIF(R17,W17,"y")=0,"",IF(DATEDIF(R17,W17,"y")=1,DATEDIF(R17,W17,"y")&" an",DATEDIF(R17,W17,"y")&" ans")) -> 15 ans | T17: =IF(DATEDIF(R17,W17,"ym")=0,"",DATEDIF(R17,W17,"ym")&" mois") -> 2 mois | U17: =IF(DATEDIF(R17,W17,"md")=0,"",IF(DATEDIF(R17,W17,"md")=1,DATEDIF(R17,W17,"md")&" jour",DATEDIF(R17,W17,"md")&" jours")) -> 8 jours | V17: =TRIM(S17&" "&T17&" "&U17) -> 15 ans 2 mois 8 jours | W17: =TODAY() -> 42890 | X17: =SUM('RELEVE KILOMETRAGE '!AC17) -> 1771 | Z17: =SUM('COUT MAINTENANCE'!P17) -> 253.87 | AA17: =SUM('COUT CARBURANT'!AB16) -> 164.93 | AB17: =SUM('COUTE LAVAGE'!P17) -> 0 | AC17: =SUM('COUT PEAGE'!P17) -> 0 | AD17: 0
A18: 12 | B18: POOL PRÊT TRANSPORT | C18: 1130 | D18: CH GONESSE (SERVICE TRANSPORT) | E18: RENAULT CLIO | F18: X | G18: 5 | I18: EG 461 JS | J18: 43489 | K18: =IF(DATE(YEAR(J18),MONTH(J18)-1,DAY(J18))<=TODAY(),"ALERTE",IF(DATE(YEAR(J18),MONTH(J18)-3,DAY(J18))<=TODAY(),"ATTENTION",IF(DATE(YEAR(J18),MONTH(J18)-48,DAY(J18))<=TODAY(),"OK"))) -> OK | L18: 42734 | M18: 43464 | N18: =IF(DATE(YEAR(M18),MONTH(M18)-1,DAY(M18))<=TODAY(),"ALERTE",IF(DATE(YEAR(M18),MONTH(M18)-3,DAY(M18))<=TODAY(),"ATTENTION",IF(DATE(YEAR(M18),MONTH(M18)-48,DAY(M18))<=TODAY(),"OK"))) -> OK | O18: 80 | P18: 1205 | Q18: 2005 | R18: 38422 | S18: =IF(DATEDIF(R18,W18,"y")=0,"",IF(DATEDIF(R18,W18,"y")=1,DATEDIF(R18,W18,"y")&" an",DATEDIF(R18,W18,"y")&" ans")) -> 12 ans | T18: =IF(DATEDIF(R18,W18,"ym")=0,"",DATEDIF(R18,W18,"ym")&" mois") -> 2 mois | U18: =IF(DATEDIF(R18,W18,"md")=0,"",IF(DATEDIF(R18,W18,"md")=1,DATEDIF(R18,W18,"md")&" jour",DATEDIF(R18,W18,"md")&" jours")) -> 24 jours | V18: =TRIM(S18&" "&T18&" "&U18) -> 12 ans 2 mois 24 jours | W18: =TODAY() -> 42890 | X18: =SUM('RELEVE KILOMETRAGE '!AC18) -> 3874 | Z18: =SUM('COUT MAINTENANCE'!P18) -> 618.2 | AA18: =SUM('COUT CARBURANT'!AB17) -> 207.51 | AB18: =SUM('COUTE LAVAGE'!P18) -> 0 | AC18: =SUM('COUT PEAGE'!P18) -> 0 | AD18: 0
A19: 13 | B19: POOL PRÊT TRANSPORT | C19: 1130 | D19: CH GONESSE (SERVICE TRANSPORT) | E19: RENAULT CLIO | F19: AUTOMATIQUE | G19: 5 | I19: ED 039 KX | J19: 43538 | K19: =IF(DATE(YEAR(J19),MONTH(J19)-1,DAY(J19))<=TODAY(),"ALERTE",IF(DATE(YEAR(J19),MONTH(J19)-3,DAY(J19))<=TODAY(),"ATTENTION",IF(DATE(YEAR(J19),MONTH(J19)-48,DAY(J19))<=TODAY(),"OK"))) -> OK | N19: =IF(DATE(YEAR(M19),MONTH(M19)-1,DAY(M19))<=TODAY(),"ALERTE",IF(DATE(YEAR(M19),MONTH(M19)-3,DAY(M19))<=TODAY(),"ATTENTION",IF(DATE(YEAR(M19),MONTH(M19)-48,DAY(M19))<=TODAY(),"OK"))) -> #NUM! | O19: 127 | P19: 1316 | Q19: 2016 | R19: 42614 | S19: =IF(DATEDIF(R19,W19,"y")=0,"",IF(DATEDIF(R19,W19,"y")=1,DATEDIF(R19,W19,"y")&" an",DATEDIF(R19,W19,"y")&" ans")) | T19: =IF(DATEDIF(R19,W19,"ym")=0,"",DATEDIF(R19,W19,"ym")&" mois") -> 9 mois | U19: =IF(DATEDIF(R19,W19,"md")=0,"",IF(DATEDIF(R19,W19,"md")=1,DATEDIF(R19,W19,"md")&" jour",DATEDIF(R19,W19,"md")&" jours")) -> 3 jours | V19: =TRIM(S19&" "&T19&" "&U19) -> 9 mois 3 jours | W19: =TODAY() -> 42890 | X19: =SUM('RELEVE KILOMETRAGE '!AC19) -> 2317 | Z19: =SUM('COUT MAINTENANCE'!P19) -> 0 | AA19: =SUM('COUT CARBURANT'!AB18) -> 207.41 | AB19: =SUM('COUTE LAVAGE'!P19) -> 0 | AC19: =SUM('COUT PEAGE'!P19) -> 0 | AD19: 0
A20: 14 | B20: RADIO PROTECTION | C20: 9272 | D20: CH GONESSE | E20: RENAULT CLIO | F20: X | G20: 5 | I20: AC-951-DF | J20: 42932 | K20: =IF(DATE(YEAR(J20),MONTH(J20)-1,DAY(J20))<=TODAY(),"ALERTE",IF(DATE(YEAR(J20),MONTH(J20)-3,DAY(J20))<=TODAY(),"ATTENTION",IF(DATE(YEAR(J20),MONTH(J20)-48,DAY(J20))<=TODAY(),"OK"))) -> ATTENTION | L20: 42775 | M20: 43505 | N20: =IF(DATE(YEAR(M20),MONTH(M20)-1,DAY(M20))<=TODAY(),"ALERTE",IF(DATE(YEAR(M20),MONTH(M20)-3,DAY(M20))<=TODAY(),"ATTENTION",IF(DATE(YEAR(M20),MONTH(M20)-48,DAY(M20))<=TODAY(),"OK"))) -> OK | O20: 103 | P20: 1409 | Q20: 2009 | R20: 40021 | S20: =IF(DATEDIF(R20,W20,"y")=0,"",IF(DATEDIF(R20,W20,"y")=1,DATEDIF(R20,W20,"y")&" an",DATEDIF(R20,W20,"y")&" ans")) -> 7 ans | T20: =IF(DATEDIF(R20,W20,"ym")=0,"",DATEDIF(R20,W20,"ym")&" mois") -> 10 mois | U20: =IF(DATEDIF(R20,W20,"md")=0,"",IF(DATEDIF(R20,W20,"md")=1,DATEDIF(R20,W20,"md")&" jour",DATEDIF(R20,W20,"md")&" jours")) -> 8 jours | V20: =TRIM(S20&" "&T20&" "&U20) -> 7 ans 10 mois 8 jours | W20: =TODAY() -> 42890 | X20: =SUM('RELEVE KILOMETRAGE '!AC20) -> 1570 | Z20: =SUM('COUT MAINTENANCE'!P20) -> 539.2 | AA20: =SUM('COUT CARBURANT'!AB19) -> 148.67 | AB20: =SUM('COUTE LAVAGE'!P20) -> 0 | AC20: =SUM('COUT PEAGE'!P20) -> 0 | AD20: 0
A21: 15 | E21: RENAULT KANGOO | F21: X | G21: 5 | I21: 744 DKW 95 | J21: 43211 | K21: =IF(DATE(YEAR(J21),MONTH(J21)-1,DAY(J21))<=TODAY(),"ALERTE",IF(DATE(YEAR(J21),MONTH(J21)-3,DAY(J21))<=TODAY(),"ATTENTION",IF(DATE(YEAR(J21),MONTH(J21)-48,DAY(J21))<=TODAY(),"OK"))) -> OK | L21: 42418 | M21: 43150 | N21: =IF(DATE(YEAR(M21),MONTH(M21)-1,DAY(M21))<=TODAY(),"ALERTE",IF(DATE(YEAR(M21),MONTH(M21)-3,DAY(M21))<=TODAY(),"ATTENTION",IF(DATE(YEAR(M21),MONTH(M21)-48,DAY(M21))<=TODAY(),"OK"))) -> OK | O21: 76 | P21: 1503 | Q21: 2003 | R21: 37767 | S21: =IF(DATEDIF(R21,W21,"y")=0,"",IF(DATEDIF(R21,W21,"y")=1,DATEDIF(R21,W21,"y")&" an",DATEDIF(R21,W21,"y")&" ans")) -> 14 ans | T21: =IF(DATEDIF(R21,W21,"ym")=0,"",DATEDIF(R21,W21,"ym")&" mois") | U21: =IF(DATEDIF(R21,W21,"md")=0,"",IF(DATEDIF(R21,W21,"md")=1,DATEDIF(R21,W21,"md")&" jour",DATEDIF(R21,W21,"md")&" jours")) -> 9 jours | V21: =TRIM(S21&" "&T21&" "&U21) -> 14 ans 9 jours | W21: =TODAY() -> 42890 | X21: =SUM('RELEVE KILOMETRAGE '!AC21) -> 643 | Z21: =SUM('COUT MAINTENANCE'!P21) -> 400.94 | AA21: =SUM('COUT CARBURANT'!AB20) -> 89.4 | AB21: =SUM('COUTE LAVAGE'!P21) -> 0 | AC21: =SUM('COUT PEAGE'!P21) -> 0 | AD21: 0
A22: 16 | B22: POOL PRÊT TRANSPORT | C22: 1130 | D22: CH GONESSE (SERVICE TRANSPORT) | E22: RENAULT KANGOO | F22: X | G22: 5 | I22: 963 CZL 95 | J22: 42933 | K22: =IF(DATE(YEAR(J22),MONTH(J22)-1,DAY(J22))<=TODAY(),"ALERTE",IF(DATE(YEAR(J22),MONTH(J22)-3,DAY(J22))<=TODAY(),"ATTENTION",IF(DATE(YEAR(J22),MONTH(J22)-48,DAY(J22))<=TODAY(),"OK"))) -> ATTENTION | L22: 42696 | M22: 43426 | N22: =IF(DATE(YEAR(M22),MONTH(M22)-1,DAY(M22))<=TODAY(),"ALERTE",IF(DATE(YEAR(M22),MONTH(M22)-3,DAY(M22))<=TODAY(),"ATTENTION",IF(DATE(YEAR(M22),MONTH(M22)-48,DAY(M22))<=TODAY(),"OK"))) -> OK | O22: 69 | P22: 1601 | Q22: 2001 | R22: 37153 | S22: =IF(DATEDIF(R22,W22,"y")=0,"",IF(DATEDIF(R22,W22,"y")=1,DATEDIF(R22,W22,"y")&" an",DATEDIF(R22,W22,"y")&" ans")) -> 15 ans | T22: =IF(DATEDIF(R22,W22,"ym")=0,"",DATEDIF(R22,W22,"ym")&" mois") -> 8 mois | U22: =IF(DATEDIF(R22,W22,"md")=0,"",IF(DATEDIF(R22,W22,"md")=1,DATEDIF(R22,W22,"md")&" jour",DATEDIF(R22,W22,"md")&" jours")) -> 16 jours | V22: =TRIM(S22&" "&T22&" "&U22) -> 15 ans 8 mois 16 jours | W22: =TODAY() -> 42890 | X22: =SUM('RELEVE KILOMETRAGE '!AC22) -> 1825 | Z22: =SUM('COUT MAINTENANCE'!P22) -> 204.22 | AA22: =SUM('COUT CARBURANT'!AB21) -> 226.53 | AB22: =SUM('COUTE LAVAGE'!P22) -> 0 | AC22: =SUM('COUT PEAGE'!P22) -> 15 | AD22: 0
A23: 17 | B23: UMJ | D23: CH GONESSE | E23: PEUGEOT 207 | F23: FEU BLEU | G23: 5 | I23: CX-235-PV | J23: 42953 | K23: =IF(DATE(YEAR(J23),MONTH(J23)-1,DAY(J23))<=TODAY(),"ALERTE",IF(DATE(YEAR(J23),MONTH(J23)-3,DAY(J23))<=TODAY(),"ATTENTION",IF(DATE(YEAR(J23),MONTH(J23)-48,DAY(J23))<=TODAY(),"OK"))) -> ATTENTION | L23: 42657 | N23: =IF(DATE(YEAR(M23),MONTH(M23)-1,DAY(M23))<=TODAY(),"ALERTE",IF(DATE(YEAR(M23),MONTH(M23)-3,DAY(M23))<=TODAY(),"ATTENTION",IF(DATE(YEAR(M23),MONTH(M23)-48,DAY(M23))<=TODAY(),"OK"))) -> #NUM! | O23: 125 | P23: 1713 | Q23: 2013 | R23: 41492 | S23: =IF(DATEDIF(R23,W23,"y")=0,"",IF(DATEDIF(R23,W23,"y")=1,DATEDIF(R23,W23,"y")&" an",DATEDIF(R23,W23,"y")&" ans")) -> 3 ans | T23: =IF(DATEDIF(R23,W23,"ym")=0,"",DATEDIF(R23,W23,"ym")&" mois") -> 9 mois | U23: =IF(DATEDIF(R23,W23,"md")=0,"",IF(DATEDIF(R23,W23,"md")=1,DATEDIF(R23,W23,"md")&" jour",DATEDIF(R23,W23,"md")&" jours")) -> 29 jours | V23: =TRIM(S23&" "&T23&" "&U23) -> 3 ans 9 mois 29 jours | W23: =TODAY() -> 42890 | X23: =SUM('RELEVE KILOMETRAGE '!AC23) -> 5870 | Z23: =SUM('COUT MAINTENANCE'!P23) -> 220.01 | AA23: =SUM('COUT CARBURANT'!AB22) -> 468.89 | AB23: =SUM('COUTE LAVAGE'!P23) -> 65 | AC23: =SUM('COUT PEAGE'!P23) -> 0 | AD23: 0
A24: 18 | B24: POOL PRÊT TRANSPORT | C24: 1130 | D24: CH GONESSE (SERVICE TRANSPORT) | E24: RENAULT CLIO | F24: X | G24: 5 | I24: AP-554-DH | J24: 43177 | K24: =IF(DATE(YEAR(J24),MONTH(J24)-1,DAY(J24))<=TODAY(),"ALERTE",IF(DATE(YEAR(J24),MONTH(J24)-3,DAY(J24))<=TODAY(),"ATTENTION",IF(DATE(YEAR(J24),MONTH(J24)-48,DAY(J24))<=TODAY(),"OK"))) -> OK | L24: 42580 | M24: 43310 | N24: =IF(DATE(YEAR(M24),MONTH(M24)-1,DAY(M24))<=TODAY(),"ALERTE",IF(DATE(YEAR(M24),MONTH(M24)-3,DAY(M24))<=TODAY(),"ATTENTION",IF(DATE(YEAR(M24),MONTH(M24)-48,DAY(M24))<=TODAY(),"OK"))) -> OK | O24: 4 | P24: 1810 | Q24: 2010 | R24: 40262 | S24: =IF(DATEDIF(R24,W24,"y")=0,"",IF(DATEDIF(R24,W24,"y")=1,DATEDIF(R24,W24,"y")&" an",DATEDIF(R24,W24,"y")&" ans")) -> 7 ans | T24: =IF(DATEDIF(R24,W24,"ym")=0,"",DATEDIF(R24,W24,"ym")&" mois") -> 2 mois | U24: =IF(DATEDIF(R24,W24,"md")=0,"",IF(DATEDIF(R24,W24,"md")=1,DATEDIF(R24,W24,"md")&" jour",DATEDIF(R24,W24,"md")&" jours")) -> 10 jours | V24: =TRIM(S24&" "&T24&" "&U24) -> 7 ans 2 mois 10 jours | W24: =TODAY() -> 42890 | X24: =SUM('RELEVE KILOMETRAGE '!AC24) -> 2695 | Z24: =SUM('COUT MAINTENANCE'!P24) -> 137.1 | AA24: =SUM('COUT CARBURANT'!AB23) -> 318.01 | AB24: =SUM('COUTE LAVAGE'!P24) -> 0 | AC24: =SUM('COUT PEAGE'!P24) -> 8.1 | AD24: 0
A25: 19 | B25: RADIO PROTECTION | C25: 9272 | D25: CH GONESSE | E25: RENAULT CLIO | F25: X | G25: 5 | I25: 974 ELR 95 | J25: 42918 | K25: =IF(DATE(YEAR(J25),MONTH(J25)-1,DAY(J25))<=TODAY(),"ALERTE",IF(DATE(YEAR(J25),MONTH(J25)-3,DAY(J25))<=TODAY(),"ATTENTION",IF(DATE(YEAR(J25),MONTH(J25)-48,DAY(J25))<=TODAY(),"OK"))) -> ALERTE | L25: 42450 | M25: 43180 | N25: =IF(DATE(YEAR(M25),MONTH(M25)-1,DAY(M25))<=TODAY(),"ALERTE",IF(DATE(YEAR(M25),MONTH(M25)-3,DAY(M25))<=TODAY(),"ATTENTION",IF(DATE(YEAR(M25),MONTH(M25)-48,DAY(M25))<=TODAY(),"OK"))) -> OK | O25: 90 | P25: 1907 | Q25: 2007 | R25: 39274 | S25: =IF(DATEDIF(R25,W25,"y")=0,"",IF(DATEDIF(R25,W25,"y")=1,DATEDIF(R25,W25,"y")&" an",DATEDIF(R25,W25,"y")&" ans")) -> 9 ans | T25: =IF(DATEDIF(R25,W25,"ym")=0,"",DATEDIF(R25,W25,"ym")&" mois") -> 10 mois | U25: =IF(DATEDIF(R25,W25,"md")=0,"",IF(DATEDIF(R25,W25,"md")=1,DATEDIF(R25,W25,"md")&" jour",DATEDIF(R25,W25,"md")&" jours")) -> 24 jours | V25: =TRIM(S25&" "&T25&" "&U25) -> 9 ans 10 mois 24 jours | W25: =TODAY() -> 42890 | X25: =SUM('RELEVE KILOMETRAGE '!AC25) -> 5000 | Z25: =SUM('COUT MAINTENANCE'!P25) -> 206.58 | AA25: =SUM('COUT CARBURANT'!AB24) -> 372.85 | AB25: =SUM('COUTE LAVAGE'!P25) -> 0 | AC25: =SUM('COUT PEAGE'!P25) -> 66.6 | AD25: 0
A26: 20 | B26: PSY 85 | E26: RENAULT CLIO | F26: X | G26: 5 | I26: 506 EXB 95 | J26: 43538 | K26: =IF(DATE(YEAR(J26),MONTH(J26)-1,DAY(J26))<=TODAY(),"ALERTE",IF(DATE(YEAR(J26),MONTH(J26)-3,DAY(J26))<=TODAY(),"ATTENTION",IF(DATE(YEAR(J26),MONTH(J26)-48,DAY(J26))<=TODAY(),"OK"))) -> OK | L26: 42030 | M26: 42762 | N26: =IF(DATE(YEAR(M26),MONTH(M26)-1,DAY(M26))<=TODAY(),"ALERTE",IF(DATE(YEAR(M26),MONTH(M26)-3,DAY(M26))<=TODAY(),"ATTENTION",IF(DATE(YEAR(M26),MONTH(M26)-48,DAY(M26))<=TODAY(),"OK"))) -> ALERTE | O26: 99 | P26: 2009 | Q26: 2009 | R26: 39883 | S26: =IF(DATEDIF(R26,W26,"y")=0,"",IF(DATEDIF(R26,W26,"y")=1,DATEDIF(R26,W26,"y")&" an",DATEDIF(R26,W26,"y")&" ans")) -> 8 ans | T26: =IF(DATEDIF(R26,W26,"ym")=0,"",DATEDIF(R26,W26,"ym")&" mois") -> 2 mois | U26: =IF(DATEDIF(R26,W26,"md")=0,"",IF(DATEDIF(R26,W26,"md")=1,DATEDIF(R26,W26,"md")&" jour",DATEDIF(R26,W26,"md")&" jours")) -> 24 jours | V26: =TRIM(S26&" "&T26&" "&U26) -> 8 ans 2 mois 24 jours | W26: =TODAY() -> 42890 | X26: =SUM('RELEVE KILOMETRAGE '!AC26) -> 2066 | Z26: =SUM('COUT MAINTENANCE'!P26) -> 149 | AA26: =SUM('COUT CARBURANT'!AB25) -> 173.17 | AB26: =SUM('COUTE LAVAGE'!P26) -> 35 | AC26: =SUM('COUT PEAGE'!P26) -> 0 | AD26: 0
A27: 21 | B27: POOL PRÊT TRANSPORT | C27: 1130 | D27: CH GONESSE (SERVICE TRANSPORT) | E27: DACIA SANDEROS | F27: AUTOMATIQUE | G27: 5 | I27: EE 649 SB | J27: 44126 | K27: =IF(DATE(YEAR(J27),MONTH(J27)-1,DAY(J27))<=TODAY(),"ALERTE",IF(DATE(YEAR(J27),MONTH(J27)-3,DAY(J27))<=TODAY(),"ATTENTION",IF(DATE(YEAR(J27),MONTH(J27)-48,DAY(J27))<=TODAY(),"OK"))) -> OK | N27: =IF(DATE(YEAR(M27),MONTH(M27)-1,DAY(M27))<=TODAY(),"ALERTE",IF(DATE(YEAR(M27),MONTH(M27)-3,DAY(M27))<=TODAY(),"ATTENTION",IF(DATE(YEAR(M27),MONTH(M27)-48,DAY(M27))<=TODAY(),"OK"))) -> #NUM! | O27: 128 | P27: 2113 | Q27: 2016 | R27: 42665 | S27: =IF(DATEDIF(R27,W27,"y")=0,"",IF(DATEDIF(R27,W27,"y")=1,DATEDIF(R27,W27,"y")&" an",DATEDIF(R27,W27,"y")&" ans")) | T27: =IF(DATEDIF(R27,W27,"ym")=0,"",DATEDIF(R27,W27,"ym")&" mois") -> 7 mois | U27: =IF(DATEDIF(R27,W27,"md")=0,"",IF(DATEDIF(R27,W27,"md")=1,DATEDIF(R27,W27,"md")&" jour",DATEDIF(R27,W27,"md")&" jours")) -> 13 jours | V27: =TRIM(S27&" "&T27&" "&U27) -> 7 mois 13 jours | W27: =TODAY() -> 42890 | X27: =SUM('RELEVE KILOMETRAGE '!AC27) -> 4994 | Z27: =SUM('COUT MAINTENANCE'!P27) -> 0 | AA27: =SUM('COUT CARBURANT'!AB26) -> 262.18 | AB27: =SUM('COUTE LAVAGE'!P27) -> 0 | AC27: =SUM('COUT PEAGE'!P27) -> 0 | AD27: 0
A28: 23 | B28: POOL PRÊT TRANSPORT | C28: 1130 | D28: CH GONESSE (SERVICE TRANSPORT) | E28: RENAULT CLIO | F28: X | G28: 5 | I28: 669 DNS 95 | J28: 43041 | K28: =IF(DATE(YEAR(J28),MONTH(J28)-1,DAY(J28))<=TODAY(),"ALERTE",IF(DATE(YEAR(J28),MONTH(J28)-3,DAY(J28))<=TODAY(),"ATTENTION",IF(DATE(YEAR(J28),MONTH(J28)-48,DAY(J28))<=TODAY(),"OK"))) -> OK | L28: 42696 | M28: 43426 | N28: =IF(DATE(YEAR(M28),MONTH(M28)-1,DAY(M28))<=TODAY(),"ALERTE",IF(DATE(YEAR(M28),MONTH(M28)-3,DAY(M28))<=TODAY(),"ATTENTION",IF(DATE(YEAR(M28),MONTH(M28)-48,DAY(M28))<=TODAY(),"OK"))) -> OK | O28: 77 | P28: 2303 | Q28: 2003 | R28: 37951 | S28: =IF(DATEDIF(R28,W28,"y")=0,"",IF(DATEDIF(R28,W28,"y")=1,DATEDIF(R28,W28,"y")&" an",DATEDIF(R28,W28,"y")&" ans")) -> 13 ans | T28: =IF(DATEDIF(R28,W28,"ym")=0,"",DATEDIF(R28,W28,"ym")&" mois") -> 6 mois | U28: =IF(DATEDIF(R28,W28,"md")=0,"",IF(DATEDIF(R28,W28,"md")=1,DATEDIF(R28,W28,"md")&" jour",DATEDIF(R28,W28,"md")&" jours")) -> 9 jours | V28: =TRIM(S28&" "&T28&" "&U28) -> 13 ans 6 mois 9 jours | W28: =TODAY() -> 42890 | X28: =SUM('RELEVE KILOMETRAGE '!AC28) -> 646 | Z28: =SUM('COUT MAINTENANCE'!P28) -> 0 | AA28: =SUM('COUT CARBURANT'!AB27) -> 82.71 | AB28: =SUM('COUTE LAVAGE'!P28) -> 25 | AC28: =SUM('COUT PEAGE'!P28) -> 0 | AD28: 0
A29: 24 | B29: POOL PRÊT TRANSPORT | C29: 1130 | D29: CH GONESSE (SERVICE TRANSPORT) | E29: RENAULT CLIO | F29: X | G29: 5 | I29: AP-592-DH | J29: 43176 | K29: =IF(DATE(YEAR(J29),MONTH(J29)-1,DAY(J29))<=TODAY(),"ALERTE",IF(DATE(YEAR(J29),MONTH(J29)-3,DAY(J29))<=TODAY(),"ATTENTION",IF(DATE(YEAR(J29),MONTH(J29)-48,DAY(J29))<=TODAY(),"OK"))) -> OK | L29: 42514 | M29: 43244 | N29: =IF(DATE(YEAR(M29),MONTH(M29)-1,DAY(M29))<=TODAY(),"ALERTE",IF(DATE(YEAR(M29),MONTH(M29)-3,DAY(M29))<=TODAY(),"ATTENTION",IF(DATE(YEAR(M29),MONTH(M29)-48,DAY(M29))<=TODAY(),"OK"))) -> OK | O29: 5 | P29: 2410 | Q29: 2010 | R29: 40262 | S29: =IF(DATEDIF(R29,W29,"y")=0,"",IF(DATEDIF(R29,W29,"y")=1,DATEDIF(R29,W29,"y")&" an",DATEDIF(R29,W29,"y")&" ans")) -> 7 ans | T29: =IF(DATEDIF(R29,W29,"ym")=0,"",DATEDIF(R29,W29,"ym")&" mois") -> 2 mois | U29: =IF(DATEDIF(R29,W29,"md")=0,"",IF(DATEDIF(R29,W29,"md")=1,DATEDIF(R29,W29,"md")&" jour",DATEDIF(R29,W29,"md")&" jours")) -> 10 jours | V29: =TRIM(S29&" "&T29&" "&U29) -> 7 ans 2 mois 10 jours | W29: =TODAY() -> 42890 | X29: =SUM('RELEVE KILOMETRAGE '!AC29) -> 4290 | Z29: =SUM('COUT MAINTENANCE'!P29) -> 0 | AA29: =SUM('COUT CARBURANT'!AB28) -> 286.66 | AB29: =SUM('COUTE LAVAGE'!P29) -> 0 | AC29: =SUM('COUT PEAGE'!P29) -> 7.2 | AD29: 0
A30: 25 | B30: MEDECIN GARDE NEURO | D30: CH GONESSE | E30: RENAULT CLIO | F30: FEU BLEU | G30: 5 | I30: CH-570-JB | J30: 43285 | K30: =IF(DATE(YEAR(J30),MONTH(J30)-1,DAY(J30))<=TODAY(),"ALERTE",IF(DATE(YEAR(J30),MONTH(J30)-3,DAY(J30))<=TODAY(),"ATTENTION",IF(DATE(YEAR(J30),MONTH(J30)-48,DAY(J30))<=TODAY(),"OK"))) -> OK | L30: 42815 | M30: 43545 | N30: =IF(DATE(YEAR(M30),MONTH(M30)-1,DAY(M30))<=TODAY(),"ALERTE",IF(DATE(YEAR(M30),MONTH(M30)-3,DAY(M30))<=TODAY(),"ATTENTION",IF(DATE(YEAR(M30),MONTH(M30)-48,DAY(M30))<=TODAY(),"OK"))) -> OK | O30: 111 | P30: 2512 | Q30: 2012 | R30: 41095 | S30: =IF(DATEDIF(R30,W30,"y")=0,"",IF(DATEDIF(R30,W30,"y")=1,DATEDIF(R30,W30,"y")&" an",DATEDIF(R30,W30,"y")&" ans")) -> 4 ans | T30: =IF(DATEDIF(R30,W30,"ym")=0,"",DATEDIF(R30,W30,"ym")&" mois") -> 10 mois | U30: =IF(DATEDIF(R30,W30,"md")=0,"",IF(DATEDIF(R30,W30,"md")=1,DATEDIF(R30,W30,"md")&" jour",DATEDIF(R30,W30,"md")&" jours")) -> 30 jours | V30: =TRIM(S30&" "&T30&" "&U30) -> 4 ans 10 mois 30 jours | W30: =TODAY() -> 42890 | X30: =SUM('RELEVE KILOMETRAGE '!AC30) -> 2581 | Z30: =SUM('COUT MAINTENANCE'!P30) -> 723.47 | AA30: =SUM('COUT CARBURANT'!AB29) -> 197.15 | AB30: =SUM('COUTE LAVAGE'!P30) -> 0 | AC30: =SUM('COUT PEAGE'!P30) -> 0 | AD30: 0
A31: 26 | B31: EMTED | C31: 9833 | E31: RENAULT CLIO | F31: X | G31: 5 | I31: 93 DWZ 95 | J31: 43491 | K31: =IF(DATE(YEAR(J31),MONTH(J31)-1,DAY(J31))<=TODAY(),"ALERTE",IF(DATE(YEAR(J31),MONTH(J31)-3,DAY(J31))<=TODAY(),"ATTENTION",IF(DATE(YEAR(J31),MONTH(J31)-48,DAY(J31))<=TODAY(),"OK"))) -> OK | L31: 42824 | M31: 43554 | N31: =IF(DATE(YEAR(M31),MONTH(M31)-1,DAY(M31))<=TODAY(),"ALERTE",IF(DATE(YEAR(M31),MONTH(M31)-3,DAY(M31))<=TODAY(),"ATTENTION",IF(DATE(YEAR(M31),MONTH(M31)-48,DAY(M31))<=TODAY(),"OK"))) -> OK | O31: 82 | P31: 2605 | Q31: 2005 | R31: 38422 | S31: =IF(DATEDIF(R31,W31,"y")=0,"",IF(DATEDIF(R31,W31,"y")=1,DATEDIF(R31,W31,"y")&" an",DATEDIF(R31,W31,"y")&" ans")) -> 12 ans | T31: =IF(DATEDIF(R31,W31,"ym")=0,"",DATEDIF(R31,W31,"ym")&" mois") -> 2 mois | U31: =IF(DATEDIF(R31,W31,"md")=0,"",IF(DATEDIF(R31,W31,"md")=1,DATEDIF(R31,W31,"md")&" jour",DATEDIF(R31,W31,"md")&" jours")) -> 24 jours | V31: =TRIM(S31&" "&T31&" "&U31) -> 12 ans 2 mois 24 jours | W31: =TODAY() -> 42890 | X31: =SUM('RELEVE KILOMETRAGE '!AC31) -> 832 | Z31: =SUM('COUT MAINTENANCE'!P31) -> 504.02 | AA31: =SUM('COUT CARBURANT'!AB30) -> 53.53 | AB31: =SUM('COUTE LAVAGE'!P31) -> 25 | AC31: =SUM('COUT PEAGE'!P31) -> 0 | AD31: 0
A32: 27 | B32: POOL PRÊT TRANSPORT | C32: 1130 | D32: CH GONESSE (SERVICE TRANSPORT) | E32: DACIA LOGANE | F32: 7 PLACES | G32: 7 | I32: 658 ENP 95 | J32: 43020 | K32: =IF(DATE(YEAR(J32),MONTH(J32)-1,DAY(J32))<=TODAY(),"ALERTE",IF(DATE(YEAR(J32),MONTH(J32)-3,DAY(J32))<=TODAY(),"ATTENTION",IF(DATE(YEAR(J32),MONTH(J32)-48,DAY(J32))<=TODAY(),"OK"))) -> OK | L32: 42613 | N32: =IF(DATE(YEAR(M32),MONTH(M32)-1,DAY(M32))<=TODAY(),"ALERTE",IF(DATE(YEAR(M32),MONTH(M32)-3,DAY(M32))<=TODAY(),"ATTENTION",IF(DATE(YEAR(M32),MONTH(M32)-48,DAY(M32))<=TODAY(),"OK"))) -> #NUM! | O32: 91 | P32: 2707 | Q32: 2007 | R32: 39401 | S32: =IF(DATEDIF(R32,W32,"y")=0,"",IF(DATEDIF(R32,W32,"y")=1,DATEDIF(R32,W32,"y")&" an",DATEDIF(R32,W32,"y")&" ans")) -> 9 ans | T32: =IF(DATEDIF(R32,W32,"ym")=0,"",DATEDIF(R32,W32,"ym")&" mois") -> 6 mois | U32: =IF(DATEDIF(R32,W32,"md")=0,"",IF(DATEDIF(R32,W32,"md")=1,DATEDIF(R32,W32,"md")&" jour",DATEDIF(R32,W32,"md")&" jours")) -> 20 jours | V32: =TRIM(S32&" "&T32&" "&U32) -> 9 ans 6 mois 20 jours | W32: =TODAY() -> 42890 | X32: =SUM('RELEVE KILOMETRAGE '!AC32) -> 2497 | Z32: =SUM('COUT MAINTENANCE'!P32) -> 0 | AA32: =SUM('COUT CARBURANT'!AB31) -> 229.49 | AB32: =SUM('COUTE LAVAGE'!P32) -> 0 | AC32: =SUM('COUT PEAGE'!P32) -> 50.2 | AD32: 0
A33: 28 | B33: POOL PRÊT TRANSPORT | C33: 1130 | D33: CH GONESSE (SERVICE TRANSPORT) | E33: RENAULT CLIO | F33: X | G33: 5 | I33: AP-637-DH | J33: 43175 | K33: =IF(DATE(YEAR(J33),MONTH(J33)-1,DAY(J33))<=TODAY(),"ALERTE",IF(DATE(YEAR(J33),MONTH(J33)-3,DAY(J33))<=TODAY(),"ATTENTION",IF(DATE(YEAR(J33),MONTH(J33)-48,DAY(J33))<=TODAY(),"OK"))) -> OK | L33: 42782 | M33: 43512 | N33: =IF(DATE(YEAR(M33),MONTH(M33)-1,DAY(M33))<=TODAY(),"ALERTE",IF(DATE(YEAR(M33),MONTH(M33)-3,DAY(M33))<=TODAY(),"ATTENTION",IF(DATE(YEAR(M33),MONTH(M33)-48,DAY(M33))<=TODAY(),"OK"))) -> OK | O33: 3 | P33: 2810 | Q33: 2010 | R33: 40262 | S33: =IF(DATEDIF(R33,W33,"y")=0,"",IF(DATEDIF(R33,W33,"y")=1,DATEDIF(R33,W33,"y")&" an",DATEDIF(R33,W33,"y")&" ans")) -> 7 ans | T33: =IF(DATEDIF(R33,W33,"ym")=0,"",DATEDIF(R33,W33,"ym")&" mois") -> 2 mois | U33: =IF(DATEDIF(R33,W33,"md")=0,"",IF(DATEDIF(R33,W33,"md")=1,DATEDIF(R33,W33,"md")&" jour",DATEDIF(R33,W33,"md")&" jours")) -> 10 jours | V33: =TRIM(S33&" "&T33&" "&U33) -> 7 ans 2 mois 10 jours | W33: =TODAY() -> 42890 | X33: =SUM('RELEVE KILOMETRAGE '!AC33) -> 4357 | Z33: =SUM('COUT MAINTENANCE'!P33) -> 1304.85 | AA33: =SUM('COUT CARBURANT'!AB32) -> 256.31 | AB33: =SUM('COUTE LAVAGE'!P33) -> 0 | AC33: =SUM('COUT PEAGE'!P33) -> 0 | AD33: 0
A34: 29 | B34: POOL PRÊT TRANSPORT | C34: 1130 | D34: CH GONESSE (SERVICE TRANSPORT) | E34: PEUGEOT 308 | F34: X | G34: 5 | I34: AP-678-DH | J34: 43177 | K34: =IF(DATE(YEAR(J34),MONTH(J34)-1,DAY(J34))<=TODAY(),"ALERTE",IF(DATE(YEAR(J34),MONTH(J34)-3,DAY(J34))<=TODAY(),"ATTENTION",IF(DATE(YEAR(J34),MONTH(J34)-48,DAY(J34))<=TODAY(),"OK"))) -> OK | L34: 42815 | N34: =IF(DATE(YEAR(M34),MONTH(M34)-1,DAY(M34))<=TODAY(),"ALERTE",IF(DATE(YEAR(M34),MONTH(M34)-3,DAY(M34))<=TODAY(),"ATTENTION",IF(DATE(YEAR(M34),MONTH(M34)-48,DAY(M34))<=TODAY(),"OK"))) -> #NUM! | O34: 2 | P34: 2910 | Q34: 2010 | R34: 40262 | S34: =IF(DATEDIF(R34,W34,"y")=0,"",IF(DATEDIF(R34,W34,"y")=1,DATEDIF(R34,W34,"y")&" an",DATEDIF(R34,W34,"y")&" ans")) -> 7 ans | T34: =IF(DATEDIF(R34,W34,"ym")=0,"",DATEDIF(R34,W34,"ym")&" mois") -> 2 mois | U34: =IF(DATEDIF(R34,W34,"md")=0,"",IF(DATEDIF(R34,W34,"md")=1,DATEDIF(R34,W34,"md")&" jour",DATEDIF(R34,W34,"md")&" jours")) -> 10 jours | V34: =TRIM(S34&" "&T34&" "&U34) -> 7 ans 2 mois 10 jours | W34: =TODAY() -> 42890 | X34: =SUM('RELEVE KILOMETRAGE '!AC34) -> 2087 | Z34: =SUM('COUT MAINTENANCE'!P34) -> 243.56 | AA34: =SUM('COUT CARBURANT'!AB33) -> 218.14 | AB34: =SUM('COUTE LAVAGE'!P34) -> 25 | AC34: =SUM('COUT PEAGE'!P34) -> 0 | AD34: 0
A35: 30 | B35: Equipe Mobile de Psy | C35: 3863 | E35: RENAULT CLIO | F35: X | G35: 5 | I35: AP-547-LB | J35: 43177 | K35: =IF(DATE(YEAR(J35),MONTH(J35)-1,DAY(J35))<=TODAY(),"ALERTE",IF(DATE(YEAR(J35),MONTH(J35)-3,DAY(J35))<=TODAY(),"ATTENTION",IF(DATE(YEAR(J35),MONTH(J35)-48,DAY(J35))<=TODAY(),"OK"))) -> OK | L35: 42598 | M35: 43328 | N35: =IF(DATE(YEAR(M35),MONTH(M35)-1,DAY(M35))<=TODAY(),"ALERTE",IF(DATE(YEAR(M35),MONTH(M35)-3,DAY(M35))<=TODAY(),"ATTENTION",IF(DATE(YEAR(M35),MONTH(M35)-48,DAY(M35))<=TODAY(),"OK"))) -> OK | O35: 117 | P35: 3010 | Q35: 2010 | R35: 40267 | S35: =IF(DATEDIF(R35,W35,"y")=0,"",IF(DATEDIF(R35,W35,"y")=1,DATEDIF(R35,W35,"y")&" an",DATEDIF(R35,W35,"y")&" ans")) -> 7 ans | T35: =IF(DATEDIF(R35,W35,"ym")=0,"",DATEDIF(R35,W35,"ym")&" mois") -> 2 mois | U35: =IF(DATEDIF(R35,W35,"md")=0,"",IF(DATEDIF(R35,W35,"md")=1,DATEDIF(R35,W35,"md")&" jour",DATEDIF(R35,W35,"md")&" jours")) -> 5 jours | V35: =TRIM(S35&" "&T35&" "&U35) -> 7 ans 2 mois 5 jours | W35: =TODAY() -> 42890 | X35: =SUM('RELEVE KILOMETRAGE '!AC35) -> 2240 | Z35: =SUM('COUT MAINTENANCE'!P35) -> 0 | AA35: =SUM('COUT CARBURANT'!AB34) -> 189.13 | AB35: =SUM('COUTE LAVAGE'!P35) -> 7.3 | AC35: =SUM('COUT PEAGE'!P35) -> 0 | AD35: 0
A36: 31 | B36: SERVICE TRANSPORT | C36: 1131 | D36: CH GONESSE (TRANSPORT SANITAIRE) | E36: RENAULT MASTER | F36: AMBULANCE | I36: 174 EFF 95 | J36: 43169 | K36: =IF(DATE(YEAR(J36),MONTH(J36)-1,DAY(J36))<=TODAY(),"ALERTE",IF(DATE(YEAR(J36),MONTH(J36)-3,DAY(J36))<=TODAY(),"ATTENTION",IF(DATE(YEAR(J36),MONTH(J36)-48,DAY(J36))<=TODAY(),"OK"))) -> OK | L36: 42643 | M36: 43374 | N36: =IF(DATE(YEAR(M36),MONTH(M36)-1,DAY(M36))<=TODAY(),"ALERTE",IF(DATE(YEAR(M36),MONTH(M36)-3,DAY(M36))<=TODAY(),"ATTENTION",IF(DATE(YEAR(M36),MONTH(M36)-48,DAY(M36))<=TODAY(),"OK"))) -> OK | O36: 86 | P36: 3106 | Q36: 2006 | R36: 38911 | S36: =IF(DATEDIF(R36,W36,"y")=0,"",IF(DATEDIF(R36,W36,"y")=1,DATEDIF(R36,W36,"y")&" an",DATEDIF(R36,W36,"y")&" ans")) -> 10 ans | T36: =IF(DATEDIF(R36,W36,"ym")=0,"",DATEDIF(R36,W36,"ym")&" mois") -> 10 mois | U36: =IF(DATEDIF(R36,W36,"md")=0,"",IF(DATEDIF(R36,W36,"md")=1,DATEDIF(R36,W36,"md")&" jour",DATEDIF(R36,W36,"md")&" jours")) -> 22 jours | V36: =TRIM(S36&" "&T36&" "&U36) -> 10 ans 10 mois 22 jours | W36: =TODAY() -> 42890 | X36: =SUM('RELEVE KILOMETRAGE '!AC36) -> 4888 | Z36: =SUM('COUT MAINTENANCE'!P36) -> 0 | AA36: =SUM('COUT CARBURANT'!AB35) -> 568.87 | AB36: =SUM('COUTE LAVAGE'!P36) -> 0 | AC36: =SUM('COUT PEAGE'!P36) -> 0 | AD36: 0
A37: 32 | B37: SERVICE TRANSPORT | C37: 1131 | D37: CH GONESSE (TRANSPORT SANITAIRE) | E37: TOYOTA Auris | F37: VSL | G37: 5 | I37: BR-966-DP | J37: 42907 | K37: =IF(DATE(YEAR(J37),MONTH(J37)-1,DAY(J37))<=TODAY(),"ALERTE",IF(DATE(YEAR(J37),MONTH(J37)-3,DAY(J37))<=TODAY(),"ATTENTION",IF(DATE(YEAR(J37),MONTH(J37)-48,DAY(J37))<=TODAY(),"OK"))) -> ALERTE | L37: 42789 | M37: 43519 | N37: =IF(DATE(YEAR(M37),MONTH(M37)-1,DAY(M37))<=TODAY(),"ALERTE",IF(DATE(YEAR(M37),MONTH(M37)-3,DAY(M37))<=TODAY(),"ATTENTION",IF(DATE(YEAR(M37),MONTH(M37)-48,DAY(M37))<=TODAY(),"OK"))) -> OK | O37: 106 | P37: 3211 | Q37: 2011 | R37: 40731 | S37: =IF(DATEDIF(R37,W37,"y")=0,"",IF(DATEDIF(R37,W37,"y")=1,DATEDIF(R37,W37,"y")&" an",DATEDIF(R37,W37,"y")&" ans")) -> 5 ans | T37: =IF(DATEDIF(R37,W37,"ym")=0,"",DATEDIF(R37,W37,"ym")&" mois") -> 10 mois | U37: =IF(DATEDIF(R37,W37,"md")=0,"",IF(DATEDIF(R37,W37,"md")=1,DATEDIF(R37,W37,"md")&" jour",DATEDIF(R37,W37,"md")&" jours")) -> 28 jours | V37: =TRIM(S37&" "&T37&" "&U37) -> 5 ans 10 mois 28 jours | W37: =TODAY() -> 42890 | X37: =SUM('RELEVE KILOMETRAGE '!AC37) -> 929 | Z37: =SUM('COUT MAINTENANCE'!P37) -> 911.34 | AA37: =SUM('COUT CARBURANT'!AB36) -> 54.71 | AB37: =SUM('COUTE LAVAGE'!P37) -> 0 | AC37: =SUM('COUT PEAGE'!P37) -> 0 | AD37: 0
A38: 33 | B38: SERVICE TRANSPORT | C38: 1131 | D38: CH GONESSE (TRANSPORT SANITAIRE) | E38: RENAULT MASTER | F38: AMBULANCE | I38: 824CNV95 | J38: 43075 | K38: =IF(DATE(YEAR(J38),MONTH(J38)-1,DAY(J38))<=TODAY(),"ALERTE",IF(DATE(YEAR(J38),MONTH(J38)-3,DAY(J38))<=TODAY(),"ATTENTION",IF(DATE(YEAR(J38),MONTH(J38)-48,DAY(J38))<=TODAY(),"OK"))) -> OK | L38: 42412 | M38: 43143 | N38: =IF(DATE(YEAR(M38),MONTH(M38)-1,DAY(M38))<=TODAY(),"ALERTE",IF(DATE(YEAR(M38),MONTH(M38)-3,DAY(M38))<=TODAY(),"ATTENTION",IF(DATE(YEAR(M38),MONTH(M38)-48,DAY(M38))<=TODAY(),"OK"))) -> OK | O38: 118 | P38: 3300 | Q38: 2000 | R38: 36612 | S38: =IF(DATEDIF(R38,W38,"y")=0,"",IF(DATEDIF(R38,W38,"y")=1,DATEDIF(R38,W38,"y")&" an",DATEDIF(R38,W38,"y")&" ans")) -> 17 ans | T38: =IF(DATEDIF(R38,W38,"ym")=0,"",DATEDIF(R38,W38,"ym")&" mois") -> 2 mois | U38: =IF(DATEDIF(R38,W38,"md")=0,"",IF(DATEDIF(R38,W38,"md")=1,DATEDIF(R38,W38,"md")&" jour",DATEDIF(R38,W38,"md")&" jours")) -> 8 jours | V38: =TRIM(S38&" "&T38&" "&U38) -> 17 ans 2 mois 8 jours | W38: =TODAY() -> 42890 | X38: =SUM('RELEVE KILOMETRAGE '!AC38) -> 325 | Z38: =SUM('COUT MAINTENANCE'!P38) -> 0 | AA38: =SUM('COUT CARBURANT'!AB37) -> 91.31 | AB38: =SUM('COUTE LAVAGE'!P38) -> 0 | AC38: =SUM('COUT PEAGE'!P38) -> 0 | AD38: 0
A39: 34 | B39: SERVICE TRANSPORT | C39: 1131 | D39: CH GONESSE (TRANSPORT SANITAIRE) | E39: OPEL MOVANO | F39: AMBULANCE | I39: 541 DDN 95 | J39: 43076 | K39: =IF(DATE(YEAR(J39),MONTH(J39)-1,DAY(J39))<=TODAY(),"ALERTE",IF(DATE(YEAR(J39),MONTH(J39)-3,DAY(J39))<=TODAY(),"ATTENTION",IF(DATE(YEAR(J39),MONTH(J39)-48,DAY(J39))<=TODAY(),"OK"))) -> OK | L39: 42766 | M39: 43496 | N39: =IF(DATE(YEAR(M39),MONTH(M39)-1,DAY(M39))<=TODAY(),"ALERTE",IF(DATE(YEAR(M39),MONTH(M39)-3,DAY(M39))<=TODAY(),"ATTENTION",IF(DATE(YEAR(M39),MONTH(M39)-48,DAY(M39))<=TODAY(),"OK"))) -> OK | O39: 72 | P39: 3402 | Q39: 2002 | R39: 37375 | S39: =IF(DATEDIF(R39,W39,"y")=0,"",IF(DATEDIF(R39,W39,"y")=1,DATEDIF(R39,W39,"y")&" an",DATEDIF(R39,W39,"y")&" ans")) -> 15 ans | T39: =IF(DATEDIF(R39,W39,"ym")=0,"",DATEDIF(R39,W39,"ym")&" mois") -> 1 mois | U39: =IF(DATEDIF(R39,W39,"md")=0,"",IF(DATEDIF(R39,W39,"md")=1,DATEDIF(R39,W39,"md")&" jour",DATEDIF(R39,W39,"md")&" jours")) -> 6 jours | V39: =TRIM(S39&" "&T39&" "&U39) -> 15 ans 1 mois 6 jours | W39: =TODAY() -> 42890 | X39: =SUM('RELEVE KILOMETRAGE '!AC39) -> 1138 | Z39: =SUM('COUT MAINTENANCE'!P39) -> 1079.74 | AA39: =SUM('COUT CARBURANT'!AB38) -> 179.28 | AB39: =SUM('COUTE LAVAGE'!P39) -> 0 | AC39: =SUM('COUT PEAGE'!P39) -> 0 | AD39: 0
A40: 35 | B40: SERVICE TRANSPORT | C40: 1131 | D40: CH GONESSE (TRANSPORT SANITAIRE) | E40: TOYOTA Auris | F40: VSL | G40: 5 | I40: BR 935 DP | J40: 42907 | K40: =IF(DATE(YEAR(J40),MONTH(J40)-1,DAY(J40))<=TODAY(),"ALERTE",IF(DATE(YEAR(J40),MONTH(J40)-3,DAY(J40))<=TODAY(),"ATTENTION",IF(DATE(YEAR(J40),MONTH(J40)-48,DAY(J40))<=TODAY(),"OK"))) -> ALERTE | L40: 42783 | M40: 43513 | N40: =IF(DATE(YEAR(M40),MONTH(M40)-1,DAY(M40))<=TODAY(),"ALERTE",IF(DATE(YEAR(M40),MONTH(M40)-3,DAY(M40))<=TODAY(),"ATTENTION",IF(DATE(YEAR(M40),MONTH(M40)-48,DAY(M40))<=TODAY(),"OK"))) -> OK | O40: 107 | P40: 3511 | Q40: 2011 | R40: 40731 | S40: =IF(DATEDIF(R40,W40,"y")=0,"",IF(DATEDIF(R40,W40,"y")=1,DATEDIF(R40,W40,"y")&" an",DATEDIF(R40,W40,"y")&" ans")) -> 5 ans | T40: =IF(DATEDIF(R40,W40,"ym")=0,"",DATEDIF(R40,W40,"ym")&" mois") -> 10 mois | U40: =IF(DATEDIF(R40,W40,"md")=0,"",IF(DATEDIF(R40,W40,"md")=1,DATEDIF(R40,W40,"md")&" jour",DATEDIF(R40,W40,"md")&" jours")) -> 28 jours | V40: =TRIM(S40&" "&T40&" "&U40) -> 5 ans 10 mois 28 jours | W40: =TODAY() -> 42890 | X40: =SUM('RELEVE KILOMETRAGE '!AC40) -> 1262 | Z40: =SUM('COUT MAINTENANCE'!P40) -> 188.82 | AA40: =SUM('COUT CARBURANT'!AB39) -> 104.48 | AB40: =SUM('COUTE LAVAGE'!P40) -> 0 | AC40: =SUM('COUT PEAGE'!P40) -> 6.8 | AD40: 0
A41: 36 | B41: SERVICE TRANSPORT | C41: 1131 | D41: CH GONESSE (TRANSPORT SANITAIRE) | E41: CITROEN XSARA | F41: VSL | G41: 5 | I41: 400 DKZ 95 | J41: 42907 | K41: =IF(DATE(YEAR(J41),MONTH(J41)-1,DAY(J41))<=TODAY(),"ALERTE",IF(DATE(YEAR(J41),MONTH(J41)-3,DAY(J41))<=TODAY(),"ATTENTION",IF(DATE(YEAR(J41),MONTH(J41)-48,DAY(J41))<=TODAY(),"OK"))) -> ALERTE | L41: 42247 | M41: 42979 | N41: =IF(DATE(YEAR(M41),MONTH(M41)-1,DAY(M41))<=TODAY(),"ALERTE",IF(DATE(YEAR(M41),MONTH(M41)-3,DAY(M41))<=TODAY(),"ATTENTION",IF(DATE(YEAR(M41),MONTH(M41)-48,DAY(M41))<=TODAY(),"OK"))) -> ATTENTION | O41: 120 | P41: 3603 | Q41: 2003 | R41: 37775 | S41: =IF(DATEDIF(R41,W41,"y")=0,"",IF(DATEDIF(R41,W41,"y")=1,DATEDIF(R41,W41,"y")&" an",DATEDIF(R41,W41,"y")&" ans")) -> 14 ans | T41: =IF(DATEDIF(R41,W41,"ym")=0,"",DATEDIF(R41,W41,"ym")&" mois") | U41: =IF(DATEDIF(R41,W41,"md")=0,"",IF(DATEDIF(R41,W41,"md")=1,DATEDIF(R41,W41,"md")&" jour",DATEDIF(R41,W41,"md")&" jours")) -> 1 jour | V41: =TRIM(S41&" "&T41&" "&U41) -> 14 ans 1 jour | W41: =TODAY() -> 42890 | X41: =SUM('RELEVE KILOMETRAGE '!AC41) -> 319 | Z41: =SUM('COUT MAINTENANCE'!P41) -> 23.88 | AA41: =SUM('COUT CARBURANT'!AB40) -> 41.26 | AB41: =SUM('COUTE LAVAGE'!P41) -> 0 | AC41: =SUM('COUT PEAGE'!P41) -> 0 | AD41: 0
A42: 37 | B42: SERVICE TRANSPORT | C42: 1131 | D42: CH GONESSE (TRANSPORT SANITAIRE) | E42: RENAULT KANGOO | F42: TPMR | I42: CK 657 WV | J42: 43399 | K42: =IF(DATE(YEAR(J42),MONTH(J42)-1,DAY(J42))<=TODAY(),"ALERTE",IF(DATE(YEAR(J42),MONTH(J42)-3,DAY(J42))<=TODAY(),"ATTENTION",IF(DATE(YEAR(J42),MONTH(J42)-48,DAY(J42))<=TODAY(),"OK"))) -> OK | L42: 42551 | M42: 43282 | N42: =IF(DATE(YEAR(M42),MONTH(M42)-1,DAY(M42))<=TODAY(),"ALERTE",IF(DATE(YEAR(M42),MONTH(M42)-3,DAY(M42))<=TODAY(),"ATTENTION",IF(DATE(YEAR(M42),MONTH(M42)-48,DAY(M42))<=TODAY(),"OK"))) -> OK | O42: 113 | P42: 3712 | Q42: 2012 | R42: 41171 | S42: =IF(DATEDIF(R42,W42,"y")=0,"",IF(DATEDIF(R42,W42,"y")=1,DATEDIF(R42,W42,"y")&" an",DATEDIF(R42,W42,"y")&" ans")) -> 4 ans | T42: =IF(DATEDIF(R42,W42,"ym")=0,"",DATEDIF(R42,W42,"ym")&" mois") -> 8 mois | U42: =IF(DATEDIF(R42,W42,"md")=0,"",IF(DATEDIF(R42,W42,"md")=1,DATEDIF(R42,W42,"md")&" jour",DATEDIF(R42,W42,"md")&" jours")) -> 16 jours | V42: =TRIM(S42&" "&T42&" "&U42) -> 4 ans 8 mois 16 jours | W42: =TODAY() -> 42890 | X42: =SUM('RELEVE KILOMETRAGE '!AC42) -> 677 | Z42: =SUM('COUT MAINTENANCE'!P42) -> 0 | AA42: =SUM('COUT CARBURANT'!AB41) -> 127.29 | AB42: =SUM('COUTE LAVAGE'!P42) -> 0 | AC42: =SUM('COUT PEAGE'!P42) -> 0 | AD42: 0
A43: 38 | B43: ECONOMAT | C43: 170 | D43: CH GONESSE (VAGUEMESTRE) | E43: RENAULT ZOE | F43: ELECTRIQUE | G43: 5 | I43: CY 576 ZX | J43: 43005 | K43: =IF(DATE(YEAR(J43),MONTH(J43)-1,DAY(J43))<=TODAY(),"ALERTE",IF(DATE(YEAR(J43),MONTH(J43)-3,DAY(J43))<=TODAY(),"ATTENTION",IF(DATE(YEAR(J43),MONTH(J43)-48,DAY(J43))<=TODAY(),"OK"))) -> OK | L43: 41943 | N43: =IF(DATE(YEAR(M43),MONTH(M43)-1,DAY(M43))<=TODAY(),"ALERTE",IF(DATE(YEAR(M43),MONTH(M43)-3,DAY(M43))<=TODAY(),"ATTENTION",IF(DATE(YEAR(M43),MONTH(M43)-48,DAY(M43))<=TODAY(),"OK"))) -> #NUM! | O43: VHL ELECTRIQUE | P43: VHL ELECTRIQUE | Q43: 2013 | R43: 41544 | S43: =IF(DATEDIF(R43,W43,"y")=0,"",IF(DATEDIF(R43,W43,"y")=1,DATEDIF(R43,W43,"y")&" an",DATEDIF(R43,W43,"y")&" ans")) -> 3 ans | T43: =IF(DATEDIF(R43,W43,"ym")=0,"",DATEDIF(R43,W43,"ym")&" mois") -> 8 mois | U43: =IF(DATEDIF(R43,W43,"md")=0,"",IF(DATEDIF(R43,W43,"md")=1,DATEDIF(R43,W43,"md")&" jour",DATEDIF(R43,W43,"md")&" jours")) -> 8 jours | V43: =TRIM(S43&" "&T43&" "&U43) -> 3 ans 8 mois 8 jours | W43: =TODAY() -> 42890 | X43: =SUM('RELEVE KILOMETRAGE '!AC43) -> 2213 | Z43: =SUM('COUT MAINTENANCE'!P43) -> 250 | AA43: =SUM('COUT CARBURANT'!AB42) -> 0 | AB43: =SUM('COUTE LAVAGE'!P43) -> 0 | AC43: =SUM('COUT PEAGE'!P43) -> 0 | AD43: 0
A44: 39 | B44: POOL PRÊT TRANSPORT | C44: 1130 | D44: CH GONESSE (SERVICE TRANSPORT) | E44: RENAULT ZOE | F44: ELECTRIQUE | G44: 5 | I44: DA 025 BN | J44: 43039 | K44: =IF(DATE(YEAR(J44),MONTH(J44)-1,DAY(J44))<=TODAY(),"ALERTE",IF(DATE(YEAR(J44),MONTH(J44)-3,DAY(J44))<=TODAY(),"ATTENTION",IF(DATE(YEAR(J44),MONTH(J44)-48,DAY(J44))<=TODAY(),"OK"))) -> OK | L44: 42514 | N44: =IF(DATE(YEAR(M44),MONTH(M44)-1,DAY(M44))<=TODAY(),"ALERTE",IF(DATE(YEAR(M44),MONTH(M44)-3,DAY(M44))<=TODAY(),"ATTENTION",IF(DATE(YEAR(M44),MONTH(M44)-48,DAY(M44))<=TODAY(),"OK"))) -> #NUM! | O44: VHL ELECTRIQUE | P44: VHL ELECTRIQUE | Q44: 2013 | R44: 41578 | S44: =IF(DATEDIF(R44,W44,"y")=0,"",IF(DATEDIF(R44,W44,"y")=1,DATEDIF(R44,W44,"y")&" an",DATEDIF(R44,W44,"y")&" ans")) -> 3 ans | T44: =IF(DATEDIF(R44,W44,"ym")=0,"",DATEDIF(R44,W44,"ym")&" mois") -> 7 mois | U44: =IF(DATEDIF(R44,W44,"md")=0,"",IF(DATEDIF(R44,W44,"md")=1,DATEDIF(R44,W44,"md")&" jour",DATEDIF(R44,W44,"md")&" jours")) -> 4 jours | V44: =TRIM(S44&" "&T44&" "&U44) -> 3 ans 7 mois 4 jours | W44: =TODAY() -> 42890 | X44: =SUM('RELEVE KILOMETRAGE '!AC44) -> 768 | Z44: =SUM('COUT MAINTENANCE'!P44) -> 0 | AA44: =SUM('COUT CARBURANT'!AB43) -> 0 | AB44: =SUM('COUTE LAVAGE'!P44) -> 0 | AC44: =SUM('COUT PEAGE'!P44) -> 0 | AD44: 0
A45: 40 | B45: SERVICE TRANSPORT | C45: 1131 | E45: RENAULT MASTER | F45: TPMR | I45: 903 DRP 95 | J45: 43190 | K45: =IF(DATE(YEAR(J45),MONTH(J45)-1,DAY(J45))<=TODAY(),"ALERTE",IF(DATE(YEAR(J45),MONTH(J45)-3,DAY(J45))<=TODAY(),"ATTENTION",IF(DATE(YEAR(J45),MONTH(J45)-48,DAY(J45))<=TODAY(),"OK"))) -> OK | L45: 42453 | N45: =IF(DATE(YEAR(M45),MONTH(M45)-1,DAY(M45))<=TODAY(),"ALERTE",IF(DATE(YEAR(M45),MONTH(M45)-3,DAY(M45))<=TODAY(),"ATTENTION",IF(DATE(YEAR(M45),MONTH(M45)-48,DAY(M45))<=TODAY(),"OK"))) -> #NUM! | O45: 119 | P45: 4004 | Q45: 2004 | R45: 38129 | S45: =IF(DATEDIF(R45,W45,"y")=0,"",IF(DATEDIF(R45,W45,"y")=1,DATEDIF(R45,W45,"y")&" an",DATEDIF(R45,W45,"y")&" ans")) -> 13 ans | T45: =IF(DATEDIF(R45,W45,"ym")=0,"",DATEDIF(R45,W45,"ym")&" mois") | U45: =IF(DATEDIF(R45,W45,"md")=0,"",IF(DATEDIF(R45,W45,"md")=1,DATEDIF(R45,W45,"md")&" jour",DATEDIF(R45,W45,"md")&" jours")) -> 13 jours | V45: =TRIM(S45&" "&T45&" "&U45) -> 13 ans 13 jours | W45: =TODAY() -> 42890 | X45: =SUM('RELEVE KILOMETRAGE '!AC45) -> 67 | Z45: =SUM('COUT MAINTENANCE'!P45) -> 14.32 | AA45: =SUM('COUT CARBURANT'!AB44) -> 0 | AB45: =SUM('COUTE LAVAGE'!P45) -> 0 | AC45: =SUM('COUT PEAGE'!P45) -> 0 | AD45: 0
A46: 41 | B46: POOL PRÊT TRANSPORT | C46: 1130 | D46: CH GONESSE (SERVICE TRANSPORT) | E46: RENAULT KANGOO | F46: 7 PLACES | G46: 7 | I46: CY-806-MV | J46: 42990 | K46: =IF(DATE(YEAR(J46),MONTH(J46)-1,DAY(J46))<=TODAY(),"ALERTE",IF(DATE(YEAR(J46),MONTH(J46)-3,DAY(J46))<=TODAY(),"ATTENTION",IF(DATE(YEAR(J46),MONTH(J46)-48,DAY(J46))<=TODAY(),"OK"))) -> OK | L46: 42551 | N46: =IF(DATE(YEAR(M46),MONTH(M46)-1,DAY(M46))<=TODAY(),"ALERTE",IF(DATE(YEAR(M46),MONTH(M46)-3,DAY(M46))<=TODAY(),"ATTENTION",IF(DATE(YEAR(M46),MONTH(M46)-48,DAY(M46))<=TODAY(),"OK"))) -> #NUM! | O46: 116 | P46: 4113 | Q46: 2013 | R46: 41529 | S46: =IF(DATEDIF(R46,W46,"y")=0,"",IF(DATEDIF(R46,W46,"y")=1,DATEDIF(R46,W46,"y")&" an",DATEDIF(R46,W46,"y")&" ans")) -> 3 ans | T46: =IF(DATEDIF(R46,W46,"ym")=0,"",DATEDIF(R46,W46,"ym")&" mois") -> 8 mois | U46: =IF(DATEDIF(R46,W46,"md")=0,"",IF(DATEDIF(R46,W46,"md")=1,DATEDIF(R46,W46,"md")&" jour",DATEDIF(R46,W46,"md")&" jours")) -> 23 jours | V46: =TRIM(S46&" "&T46&" "&U46) -> 3 ans 8 mois 23 jours | W46: =TODAY() -> 42890 | X46: =SUM('RELEVE KILOMETRAGE '!AC46) -> 2063 | Z46: =SUM('COUT MAINTENANCE'!P46) -> 0 | AA46: =SUM('COUT CARBURANT'!AB45) -> 229.19 | AB46: =SUM('COUTE LAVAGE'!P46) -> 0 | AC46: =SUM('COUT PEAGE'!P46) -> 11.3 | AD46: 0
A47: 42 | B47: SERVICE TRANSPORT | C47: 1130 | D47: CH GONESSE (TRANSPORT LOGISTIQUE) | E47: RENAULT TRAFFIC | F47: FRIGO | G47: 2 | I47: CJ- 080-XX | J47: 42603 | K47: =IF(DATE(YEAR(J47),MONTH(J47)-1,DAY(J47))<=TODAY(),"ALERTE",IF(DATE(YEAR(J47),MONTH(J47)-3,DAY(J47))<=TODAY(),"ATTENTION",IF(DATE(YEAR(J47),MONTH(J47)-48,DAY(J47))<=TODAY(),"OK"))) -> ALERTE | L47: 42473 | M47: 43203 | N47: =IF(DATE(YEAR(M47),MONTH(M47)-1,DAY(M47))<=TODAY(),"ALERTE",IF(DATE(YEAR(M47),MONTH(M47)-3,DAY(M47))<=TODAY(),"ATTENTION",IF(DATE(YEAR(M47),MONTH(M47)-48,DAY(M47))<=TODAY(),"OK"))) -> OK | O47: 112 | P47: 4212 | Q47: 2012 | R47: 41142 | S47: =IF(DATEDIF(R47,W47,"y")=0,"",IF(DATEDIF(R47,W47,"y")=1,DATEDIF(R47,W47,"y")&" an",DATEDIF(R47,W47,"y")&" ans")) -> 4 ans | T47: =IF(DATEDIF(R47,W47,"ym")=0,"",DATEDIF(R47,W47,"ym")&" mois") -> 9 mois | U47: =IF(DATEDIF(R47,W47,"md")=0,"",IF(DATEDIF(R47,W47,"md")=1,DATEDIF(R47,W47,"md")&" jour",DATEDIF(R47,W47,"md")&" jours")) -> 14 jours | V47: =TRIM(S47&" "&T47&" "&U47) -> 4 ans 9 mois 14 jours | W47: =TODAY() -> 42890 | X47: =SUM('RELEVE KILOMETRAGE '!AC47) -> 2109 | Z47: =SUM('COUT MAINTENANCE'!P47) -> 760.88 | AA47: =SUM('COUT CARBURANT'!AB46) -> 347.94 | AB47: =SUM('COUTE LAVAGE'!P47) -> 0 | AC47: =SUM('COUT PEAGE'!P47) -> 0 | AD47: 0
A48: 43 | B48: SERVICE TRANSPORT | C48: 1130 | D48: CH GONESSE (TRANSPORT LOGISTIQUE) | E48: RENAULT MASTER | F48: HAYON | G48: 2 | I48: DL-576-MS | J48: 43408 | K48: =IF(DATE(YEAR(J48),MONTH(J48)-1,DAY(J48))<=TODAY(),"ALERTE",IF(DATE(YEAR(J48),MONTH(J48)-3,DAY(J48))<=TODAY(),"ATTENTION",IF(DATE(YEAR(J48),MONTH(J48)-48,DAY(J48))<=TODAY(),"OK"))) -> OK | L48: 42689 | N48: =IF(DATE(YEAR(M48),MONTH(M48)-1,DAY(M48))<=TODAY(),"ALERTE",IF(DATE(YEAR(M48),MONTH(M48)-3,DAY(M48))<=TODAY(),"ATTENTION",IF(DATE(YEAR(M48),MONTH(M48)-48,DAY(M48))<=TODAY(),"OK"))) -> #NUM! | O48: 121 | P48: 4314 | Q48: 2014 | R48: 41947 | S48: =IF(DATEDIF(R48,W48,"y")=0,"",IF(DATEDIF(R48,W48,"y")=1,DATEDIF(R48,W48,"y")&" an",DATEDIF(R48,W48,"y")&" ans")) -> 2 ans | T48: =IF(DATEDIF(R48,W48,"ym")=0,"",DATEDIF(R48,W48,"ym")&" mois") -> 7 mois | U48: =IF(DATEDIF(R48,W48,"md")=0,"",IF(DATEDIF(R48,W48,"md")=1,DATEDIF(R48,W48,"md")&" jour",DATEDIF(R48,W48,"md")&" jours")) | V48: =TRIM(S48&" "&T48&" "&U48) -> 2 ans 7 mois | W48: =TODAY() -> 42890 | X48: =SUM('RELEVE KILOMETRAGE '!AC48) -> 1841 | Z48: =SUM('COUT MAINTENANCE'!P48) -> 1410.75 | AA48: =SUM('COUT CARBURANT'!AB47) -> 571.3 | AB48: =SUM('COUTE LAVAGE'!P48) -> 0 | AC48: =SUM('COUT PEAGE'!P48) -> 0 | AD48: 0
A49: 44 | B49: SERVICE TRANSPORT | C49: 1130 | D49: CH GONESSE (TRANSPORT LOGISTIQUE) | E49: RENAULT MASTER | F49: HAYON | G49: 2 | I49: DL-769-ZE | J49: 43425 | K49: =IF(DATE(YEAR(J49),MONTH(J49)-1,DAY(J49))<=TODAY(),"ALERTE",IF(DATE(YEAR(J49),MONTH(J49)-3,DAY(J49))<=TODAY(),"ATTENTION",IF(DATE(YEAR(J49),MONTH(J49)-48,DAY(J49))<=TODAY(),"OK"))) -> OK | L49: 42689 | N49: =IF(DATE(YEAR(M49),MONTH(M49)-1,DAY(M49))<=TODAY(),"ALERTE",IF(DATE(YEAR(M49),MONTH(M49)-3,DAY(M49))<=TODAY(),"ATTENTION",IF(DATE(YEAR(M49),MONTH(M49)-48,DAY(M49))<=TODAY(),"OK"))) -> #NUM! | O49: 122 | P49: 4414 | Q49: 2014 | R49: 41967 | S49: =IF(DATEDIF(R49,W49,"y")=0,"",IF(DATEDIF(R49,W49,"y")=1,DATEDIF(R49,W49,"y")&" an",DATEDIF(R49,W49,"y")&" ans")) -> 2 ans | T49: =IF(DATEDIF(R49,W49,"ym")=0,"",DATEDIF(R49,W49,"ym")&" mois") -> 6 mois | U49: =IF(DATEDIF(R49,W49,"md")=0,"",IF(DATEDIF(R49,W49,"md")=1,DATEDIF(R49,W49,"md")&" jour",DATEDIF(R49,W49,"md")&" jours")) -> 11 jours | V49: =TRIM(S49&" "&T49&" "&U49) -> 2 ans 6 mois 11 jours | W49: =TODAY() -> 42890 | X49: =SUM('RELEVE KILOMETRAGE '!AC49) -> 1165 | Z49: =SUM('COUT MAINTENANCE'!P49) -> 835.21 | AA49: =SUM('COUT CARBURANT'!AB48) -> 503.52 | AB49: =SUM('COUTE LAVAGE'!P49) -> 0 | AC49: =SUM('COUT PEAGE'!P49) -> 0 | AD49: 0
A50: 46 | B50: POOL PRÊT TRANSPORT | C50: 1130 | D50: CH GONESSE (SERVICE TRANSPORT) | E50: CITROEN NEMO | F50: FOURGONETTE | G50: 2 | I50: BT-099-XV | J50: 42988 | K50: =IF(DATE(YEAR(J50),MONTH(J50)-1,DAY(J50))<=TODAY(),"ALERTE",IF(DATE(YEAR(J50),MONTH(J50)-3,DAY(J50))<=TODAY(),"ATTENTION",IF(DATE(YEAR(J50),MONTH(J50)-48,DAY(J50))<=TODAY(),"OK"))) -> OK | L50: 42815 | M50: 43545 | N50: =IF(DATE(YEAR(M50),MONTH(M50)-1,DAY(M50))<=TODAY(),"ALERTE",IF(DATE(YEAR(M50),MONTH(M50)-3,DAY(M50))<=TODAY(),"ATTENTION",IF(DATE(YEAR(M50),MONTH(M50)-48,DAY(M50))<=TODAY(),"OK"))) -> OK | O50: 108 | P50: 4611 | Q50: 2011 | R50: 40799 | S50: =IF(DATEDIF(R50,W50,"y")=0,"",IF(DATEDIF(R50,W50,"y")=1,DATEDIF(R50,W50,"y")&" an",DATEDIF(R50,W50,"y")&" ans")) -> 5 ans | T50: =IF(DATEDIF(R50,W50,"ym")=0,"",DATEDIF(R50,W50,"ym")&" mois") -> 8 mois | U50: =IF(DATEDIF(R50,W50,"md")=0,"",IF(DATEDIF(R50,W50,"md")=1,DATEDIF(R50,W50,"md")&" jour",DATEDIF(R50,W50,"md")&" jours")) -> 22 jours | V50: =TRIM(S50&" "&T50&" "&U50) -> 5 ans 8 mois 22 jours | W50: =TODAY() -> 42890 | X50: =SUM('RELEVE KILOMETRAGE '!AC50) -> 1166 | Z50: =SUM('COUT MAINTENANCE'!P50) -> 1195.98 | AA50: =SUM('COUT CARBURANT'!AB49) -> 93.27 | AB50: =SUM('COUTE LAVAGE'!P50) -> 0 | AC50: =SUM('COUT PEAGE'!P50) -> 0 | AD50: 0
A51: 47 | B51: SERVICE TRANSPORT | C51: 1130 | D51: CH GONESSE (TRANSPORT LOGISTIQUE) | E51: RENAULT MASTER | F51: HAYON | G51: 2 | I51: 205 ELH 95 | J51: 42968 | K51: =IF(DATE(YEAR(J51),MONTH(J51)-1,DAY(J51))<=TODAY(),"ALERTE",IF(DATE(YEAR(J51),MONTH(J51)-3,DAY(J51))<=TODAY(),"ATTENTION",IF(DATE(YEAR(J51),MONTH(J51)-48,DAY(J51))<=TODAY(),"OK"))) -> ATTENTION | L51: 42460 | N51: =IF(DATE(YEAR(M51),MONTH(M51)-1,DAY(M51))<=TODAY(),"ALERTE",IF(DATE(YEAR(M51),MONTH(M51)-3,DAY(M51))<=TODAY(),"ATTENTION",IF(DATE(YEAR(M51),MONTH(M51)-48,DAY(M51))<=TODAY(),"OK"))) -> #NUM! | O51: 89 | P51: 4707 | Q51: 2007 | R51: 39254 | S51: =IF(DATEDIF(R51,W51,"y")=0,"",IF(DATEDIF(R51,W51,"y")=1,DATEDIF(R51,W51,"y")&" an",DATEDIF(R51,W51,"y")&" ans")) -> 9 ans | T51: =IF(DATEDIF(R51,W51,"ym")=0,"",DATEDIF(R51,W51,"ym")&" mois") -> 11 mois | U51: =IF(DATEDIF(R51,W51,"md")=0,"",IF(DATEDIF(R51,W51,"md")=1,DATEDIF(R51,W51,"md")&" jour",DATEDIF(R51,W51,"md")&" jours")) -> 14 jours | V51: =TRIM(S51&" "&T51&" "&U51) -> 9 ans 11 mois 14 jours | W51: =TODAY() -> 42890 | X51: =SUM('RELEVE KILOMETRAGE '!AC51) -> 860 | Z51: =SUM('COUT MAINTENANCE'!P51) -> 53.22 | AA51: =SUM('COUT CARBURANT'!AB50) -> 30.32 | AB51: =SUM('COUTE LAVAGE'!P51) -> 0 | AC51: =SUM('COUT PEAGE'!P51) -> 0 | AD51: 0
A52: 49 | B52: POOL PRÊT TRANSPORT | C52: 1130 | D52: CH GONESSE (SERVICE TRANSPORT) | E52: RENAULT TRAFIC | F52: MINIBUS | G52: 9 | I52: 85 DWZ 95 | J52: 43490 | K52: =IF(DATE(YEAR(J52),MONTH(J52)-1,DAY(J52))<=TODAY(),"ALERTE",IF(DATE(YEAR(J52),MONTH(J52)-3,DAY(J52))<=TODAY(),"ATTENTION",IF(DATE(YEAR(J52),MONTH(J52)-48,DAY(J52))<=TODAY(),"OK"))) -> OK | L52: 41880 | N52: =IF(DATE(YEAR(M52),MONTH(M52)-1,DAY(M52))<=TODAY(),"ALERTE",IF(DATE(YEAR(M52),MONTH(M52)-3,DAY(M52))<=TODAY(),"ATTENTION",IF(DATE(YEAR(M52),MONTH(M52)-48,DAY(M52))<=TODAY(),"OK"))) -> #NUM! | O52: 83 | P52: 4905 | Q52: 2005 | R52: 38422 | S52: =IF(DATEDIF(R52,W52,"y")=0,"",IF(DATEDIF(R52,W52,"y")=1,DATEDIF(R52,W52,"y")&" an",DATEDIF(R52,W52,"y")&" ans")) -> 12 ans | T52: =IF(DATEDIF(R52,W52,"ym")=0,"",DATEDIF(R52,W52,"ym")&" mois") -> 2 mois | U52: =IF(DATEDIF(R52,W52,"md")=0,"",IF(DATEDIF(R52,W52,"md")=1,DATEDIF(R52,W52,"md")&" jour",DATEDIF(R52,W52,"md")&" jours")) -> 24 jours | V52: =TRIM(S52&" "&T52&" "&U52) -> 12 ans 2 mois 24 jours | W52: =TODAY() -> 42890 | X52: =SUM('RELEVE KILOMETRAGE '!AC52) -> 943 | Z52: =SUM('COUT MAINTENANCE'!P53) -> 46.44 | AA52: =SUM('COUT CARBURANT'!AB52) -> 86.69 | AB52: =SUM('COUTE LAVAGE'!P53) -> 0 | AC52: =SUM('COUT PEAGE'!P53) -> 0 | AD52: 0
A53: 50 | B53: POOL PRÊT TRANSPORT | C53: 1130 | D53: CH GONESSE (SERVICE TRANSPORT) | E53: OPEL MOVANO | F53: FOURGON | G53: 3 | I53: 171 DBV 95 | J53: 43082 | K53: =IF(DATE(YEAR(J53),MONTH(J53)-1,DAY(J53))<=TODAY(),"ALERTE",IF(DATE(YEAR(J53),MONTH(J53)-3,DAY(J53))<=TODAY(),"ATTENTION",IF(DATE(YEAR(J53),MONTH(J53)-48,DAY(J53))<=TODAY(),"OK"))) -> OK | L53: 42450 | N53: =IF(DATE(YEAR(M53),MONTH(M53)-1,DAY(M53))<=TODAY(),"ALERTE",IF(DATE(YEAR(M53),MONTH(M53)-3,DAY(M53))<=TODAY(),"ATTENTION",IF(DATE(YEAR(M53),MONTH(M53)-48,DAY(M53))<=TODAY(),"OK"))) -> #NUM! | O53: 70 | P53: 5002 | Q53: 2002 | R53: 37287 | S53: =IF(DATEDIF(R53,W53,"y")=0,"",IF(DATEDIF(R53,W53,"y")=1,DATEDIF(R53,W53,"y")&" an",DATEDIF(R53,W53,"y")&" ans")) -> 15 ans | T53: =IF(DATEDIF(R53,W53,"ym")=0,"",DATEDIF(R53,W53,"ym")&" mois") -> 4 mois | U53: =IF(DATEDIF(R53,W53,"md")=0,"",IF(DATEDIF(R53,W53,"md")=1,DATEDIF(R53,W53,"md")&" jour",DATEDIF(R53,W53,"md")&" jours")) -> 4 jours | V53: =TRIM(S53&" "&T53&" "&U53) -> 15 ans 4 mois 4 jours | W53: =TODAY() -> 42890 | X53: =SUM('RELEVE KILOMETRAGE '!AC53) -> 945 | Z53: =SUM('COUT MAINTENANCE'!P54) -> 0 | AA53: =SUM('COUT CARBURANT'!AB53) -> 175.67 | AB53: =SUM('COUTE LAVAGE'!P54) -> 0 | AC53: =SUM('COUT PEAGE'!P54) -> 0 | AD53: 0
A54: 52 | B54: CHAMBRE MORTUAIRE | D54: CH GONESSE (CHAMBRE MORTUAIRE) | E54: CITROEN JUMPY | F54: TRANSPORT DE CORPS | G54: 2 | I54: 400 EJV 95 | J54: 42932 | K54: =IF(DATE(YEAR(J54),MONTH(J54)-1,DAY(J54))<=TODAY(),"ALERTE",IF(DATE(YEAR(J54),MONTH(J54)-3,DAY(J54))<=TODAY(),"ATTENTION",IF(DATE(YEAR(J54),MONTH(J54)-48,DAY(J54))<=TODAY(),"OK"))) -> ATTENTION | L54: 42689 | N54: =IF(DATE(YEAR(M54),MONTH(M54)-1,DAY(M54))<=TODAY(),"ALERTE",IF(DATE(YEAR(M54),MONTH(M54)-3,DAY(M54))<=TODAY(),"ATTENTION",IF(DATE(YEAR(M54),MONTH(M54)-48,DAY(M54))<=TODAY(),"OK"))) -> #NUM! | O54: 88 | P54: 8297 | Q54: 1997 | R54: 35703 | S54: =IF(DATEDIF(R54,W54,"y")=0,"",IF(DATEDIF(R54,W54,"y")=1,DATEDIF(R54,W54,"y")&" an",DATEDIF(R54,W54,"y")&" ans")) -> 19 ans | T54: =IF(DATEDIF(R54,W54,"ym")=0,"",DATEDIF(R54,W54,"ym")&" mois") -> 8 mois | U54: =IF(DATEDIF(R54,W54,"md")=0,"",IF(DATEDIF(R54,W54,"md")=1,DATEDIF(R54,W54,"md")&" jour",DATEDIF(R54,W54,"md")&" jours")) -> 5 jours | V54: =TRIM(S54&" "&T54&" "&U54) -> 19 ans 8 mois 5 jours | W54: =TODAY() -> 42890 | X54: =SUM('RELEVE KILOMETRAGE '!AC54) -> 529 | Z54: =SUM('COUT MAINTENANCE'!P55) -> 0 | AA54: =SUM('COUT CARBURANT'!AB54) -> 97.61 | AB54: =SUM('COUTE LAVAGE'!P55) -> 0 | AC54: =SUM('COUT PEAGE'!P55) -> 0 | AD54: 0
A55: 53 | B55: DCP | D55: SERVICE TECHNIQUE | E55: RENAULT KANGOO | F55: FOURGONETTE BACHE | G55: 2 | I55: 431 ESJ 95 | J55: 43253 | K55: =IF(DATE(YEAR(J55),MONTH(J55)-1,DAY(J55))<=TODAY(),"ALERTE",IF(DATE(YEAR(J55),MONTH(J55)-3,DAY(J55))<=TODAY(),"ATTENTION",IF(DATE(YEAR(J55),MONTH(J55)-48,DAY(J55))<=TODAY(),"OK"))) -> OK | L55: 42450 | N55: =IF(DATE(YEAR(M55),MONTH(M55)-1,DAY(M55))<=TODAY(),"ALERTE",IF(DATE(YEAR(M55),MONTH(M55)-3,DAY(M55))<=TODAY(),"ATTENTION",IF(DATE(YEAR(M55),MONTH(M55)-48,DAY(M55))<=TODAY(),"OK"))) -> #NUM! | O55: 98 | P55: 5308 | Q55: 2008 | R55: 39629 | S55: =IF(DATEDIF(R55,W55,"y")=0,"",IF(DATEDIF(R55,W55,"y")=1,DATEDIF(R55,W55,"y")&" an",DATEDIF(R55,W55,"y")&" ans")) -> 8 ans | T55: =IF(DATEDIF(R55,W55,"ym")=0,"",DATEDIF(R55,W55,"ym")&" mois") -> 11 mois | U55: =IF(DATEDIF(R55,W55,"md")=0,"",IF(DATEDIF(R55,W55,"md")=1,DATEDIF(R55,W55,"md")&" jour",DATEDIF(R55,W55,"md")&" jours")) -> 5 jours | V55: =TRIM(S55&" "&T55&" "&U55) -> 8 ans 11 mois 5 jours | W55: =TODAY() -> 42890 | X55: =SUM('RELEVE KILOMETRAGE '!AC55) -> 1578 | Z55: =SUM('COUT MAINTENANCE'!P56) -> 45.02 | AA55: =SUM('COUT CARBURANT'!AB55) -> 158.51 | AB55: =SUM('COUTE LAVAGE'!P56) -> 0 | AC55: =SUM('COUT PEAGE'!P56) -> 0 | AD55: 0
A56: 54 | B56: DCP | D56: SERVICE TECHNIQUE | E56: RENAULT KANGOO | F56: FOURGONETTE BACHE | G56: 2 | I56: AA-002-MX | J56: 42867 | K56: =IF(DATE(YEAR(J56),MONTH(J56)-1,DAY(J56))<=TODAY(),"ALERTE",IF(DATE(YEAR(J56),MONTH(J56)-3,DAY(J56))<=TODAY(),"ATTENTION",IF(DATE(YEAR(J56),MONTH(J56)-48,DAY(J56))<=TODAY(),"OK"))) -> ALERTE | L56: 42678 | N56: =IF(DATE(YEAR(M56),MONTH(M56)-1,DAY(M56))<=TODAY(),"ALERTE",IF(DATE(YEAR(M56),MONTH(M56)-3,DAY(M56))<=TODAY(),"ATTENTION",IF(DATE(YEAR(M56),MONTH(M56)-48,DAY(M56))<=TODAY(),"OK"))) -> #NUM! | O56: 102 | P56: 5409 | Q56: 2009 | R56: 39945 | S56: =IF(DATEDIF(R56,W56,"y")=0,"",IF(DATEDIF(R56,W56,"y")=1,DATEDIF(R56,W56,"y")&" an",DATEDIF(R56,W56,"y")&" ans")) -> 8 ans | T56: =IF(DATEDIF(R56,W56,"ym")=0,"",DATEDIF(R56,W56,"ym")&" mois") | U56: =IF(DATEDIF(R56,W56,"md")=0,"",IF(DATEDIF(R56,W56,"md")=1,DATEDIF(R56,W56,"md")&" jour",DATEDIF(R56,W56,"md")&" jours")) -> 23 jours | V56: =TRIM(S56&" "&T56&" "&U56) -> 8 ans 23 jours | W56: =TODAY() -> 42890 | X56: =SUM('RELEVE KILOMETRAGE '!AC56) -> 999 | Z56: =SUM('COUT MAINTENANCE'!P57) -> 0 | AA56: =SUM('COUT CARBURANT'!AB56) -> 135.05 | AB56: =SUM('COUTE LAVAGE'!P57) -> 0 | AC56: =SUM('COUT PEAGE'!P57) -> 0 | AD56: 0
A57: 55 | B57: DCP | D57: SERVICE TECHNIQUE | E57: RENAULT MASTER | F57: BENNE | G57: 3 | I57: AA-190-FK | J57: 43215 | K57: =IF(DATE(YEAR(J57),MONTH(J57)-1,DAY(J57))<=TODAY(),"ALERTE",IF(DATE(YEAR(J57),MONTH(J57)-3,DAY(J57))<=TODAY(),"ATTENTION",IF(DATE(YEAR(J57),MONTH(J57)-48,DAY(J57))<=TODAY(),"OK"))) -> OK | L57: 42450 | N57: =IF(DATE(YEAR(M57),MONTH(M57)-1,DAY(M57))<=TODAY(),"ALERTE",IF(DATE(YEAR(M57),MONTH(M57)-3,DAY(M57))<=TODAY(),"ATTENTION",IF(DATE(YEAR(M57),MONTH(M57)-48,DAY(M57))<=TODAY(),"OK"))) -> #NUM! | O57: 101 | P57: 5509 | Q57: 2009 | R57: 39931 | S57: =IF(DATEDIF(R57,W57,"y")=0,"",IF(DATEDIF(R57,W57,"y")=1,DATEDIF(R57,W57,"y")&" an",DATEDIF(R57,W57,"y")&" ans")) -> 8 ans | T57: =IF(DATEDIF(R57,W57,"ym")=0,"",DATEDIF(R57,W57,"ym")&" mois") -> 1 mois | U57: =IF(DATEDIF(R57,W57,"md")=0,"",IF(DATEDIF(R57,W57,"md")=1,DATEDIF(R57,W57,"md")&" jour",DATEDIF(R57,W57,"md")&" jours")) -> 7 jours | V57: =TRIM(S57&" "&T57&" "&U57) -> 8 ans 1 mois 7 jours | W57: =TODAY() -> 42890 | X57: =SUM('RELEVE KILOMETRAGE '!AC57) -> 382 | Z57: =SUM('COUT MAINTENANCE'!P58) -> 0 | AA57: =SUM('COUT CARBURANT'!AB57) -> 115.52 | AB57: =SUM('COUTE LAVAGE'!P58) -> 0 | AC57: =SUM('COUT PEAGE'!P58) -> 48.1 | AD57: 0
A58: 56 | B58: POOL PRÊT TRANSPORT | C58: 1130 | D58: CH GONESSE (SERVICE TRANSPORT) | E58: RENAULT TRAFIC | F58: MINIBUS | G58: 9 | I58: AR-770-HB | J58: 43190 | K58: =IF(DATE(YEAR(J58),MONTH(J58)-1,DAY(J58))<=TODAY(),"ALERTE",IF(DATE(YEAR(J58),MONTH(J58)-3,DAY(J58))<=TODAY(),"ATTENTION",IF(DATE(YEAR(J58),MONTH(J58)-48,DAY(J58))<=TODAY(),"OK"))) -> OK | L58: 42412 | M58: 43143 | N58: =IF(DATE(YEAR(M58),MONTH(M58)-1,DAY(M58))<=TODAY(),"ALERTE",IF(DATE(YEAR(M58),MONTH(M58)-3,DAY(M58))<=TODAY(),"ATTENTION",IF(DATE(YEAR(M58),MONTH(M58)-48,DAY(M58))<=TODAY(),"OK"))) -> OK | O58: 104 | P58: 5610 | Q58: 2010 | R58: 40297 | S58: =IF(DATEDIF(R58,W58,"y")=0,"",IF(DATEDIF(R58,W58,"y")=1,DATEDIF(R58,W58,"y")&" an",DATEDIF(R58,W58,"y")&" ans")) -> 7 ans | T58: =IF(DATEDIF(R58,W58,"ym")=0,"",DATEDIF(R58,W58,"ym")&" mois") -> 1 mois | U58: =IF(DATEDIF(R58,W58,"md")=0,"",IF(DATEDIF(R58,W58,"md")=1,DATEDIF(R58,W58,"md")&" jour",DATEDIF(R58,W58,"md")&" jours")) -> 6 jours | V58: =TRIM(S58&" "&T58&" "&U58) -> 7 ans 1 mois 6 jours | W58: =TODAY() -> 42890 | X58: =SUM('RELEVE KILOMETRAGE '!AC58) -> 1591 | Z58: =SUM('COUT MAINTENANCE'!P59) -> 347.28 | AA58: =SUM('COUT CARBURANT'!AB58) -> 323.92 | AB58: =SUM('COUTE LAVAGE'!P59) -> 0 | AC58: =SUM('COUT PEAGE'!P59) -> 33.6 | AD58: 0
A59: 57 | B59: POOL PRÊT TRANSPORT | C59: 1130 | D59: CH GONESSE (SERVICE TRANSPORT) | E59: RENAULT TRAFIC | F59: MINIBUS | G59: 9 | I59: AS-897-BN | J59: 43190 | K59: =IF(DATE(YEAR(J59),MONTH(J59)-1,DAY(J59))<=TODAY(),"ALERTE",IF(DATE(YEAR(J59),MONTH(J59)-3,DAY(J59))<=TODAY(),"ATTENTION",IF(DATE(YEAR(J59),MONTH(J59)-48,DAY(J59))<=TODAY(),"OK"))) -> OK | L59: 42807 | M59: 42807 | N59: =IF(DATE(YEAR(M59),MONTH(M59)-1,DAY(M59))<=TODAY(),"ALERTE",IF(DATE(YEAR(M59),MONTH(M59)-3,DAY(M59))<=TODAY(),"ATTENTION",IF(DATE(YEAR(M59),MONTH(M59)-48,DAY(M59))<=TODAY(),"OK"))) -> ALERTE | O59: 105 | P59: 5710 | Q59: 2010 | R59: 40310 | S59: =IF(DATEDIF(R59,W59,"y")=0,"",IF(DATEDIF(R59,W59,"y")=1,DATEDIF(R59,W59,"y")&" an",DATEDIF(R59,W59,"y")&" ans")) -> 7 ans | T59: =IF(DATEDIF(R59,W59,"ym")=0,"",DATEDIF(R59,W59,"ym")&" mois") | U59: =IF(DATEDIF(R59,W59,"md")=0,"",IF(DATEDIF(R59,W59,"md")=1,DATEDIF(R59,W59,"md")&" jour",DATEDIF(R59,W59,"md")&" jours")) -> 23 jours | V59: =TRIM(S59&" "&T59&" "&U59) -> 7 ans 23 jours | W59: =TODAY() -> 42890 | X59: =SUM('RELEVE KILOMETRAGE '!AC59) -> 1853 | Z59: =SUM('COUT MAINTENANCE'!P60) -> 355 | AA59: =SUM('COUT CARBURANT'!AB59) -> 321.83 | AB59: =SUM('COUTE LAVAGE'!P60) -> 0 | AC59: =SUM('COUT PEAGE'!P60) -> 3.6 | AD59: 0
A60: 60 | B60: POOL PRÊT TRANSPORT | C60: 1130 | D60: CH GONESSE (SERVICE TRANSPORT) | E60: RENAULT TRAFIC | F60: MINIBUS | G60: 9 | I60: 606 EXJ 95 | J60: 43541 | K60: =IF(DATE(YEAR(J60),MONTH(J60)-1,DAY(J60))<=TODAY(),"ALERTE",IF(DATE(YEAR(J60),MONTH(J60)-3,DAY(J60))<=TODAY(),"ATTENTION",IF(DATE(YEAR(J60),MONTH(J60)-48,DAY(J60))<=TODAY(),"OK"))) -> OK | L60: 42038 | N60: =IF(DATE(YEAR(M60),MONTH(M60)-1,DAY(M60))<=TODAY(),"ALERTE",IF(DATE(YEAR(M60),MONTH(M60)-3,DAY(M60))<=TODAY(),"ATTENTION",IF(DATE(YEAR(M60),MONTH(M60)-48,DAY(M60))<=TODAY(),"OK"))) -> #NUM! | O60: 100 | P60: 6009 | Q60: 2009 | R60: 39902 | S60: =IF(DATEDIF(R60,W60,"y")=0,"",IF(DATEDIF(R60,W60,"y")=1,DATEDIF(R60,W60,"y")&" an",DATEDIF(R60,W60,"y")&" ans")) -> 8 ans | T60: =IF(DATEDIF(R60,W60,"ym")=0,"",DATEDIF(R60,W60,"ym")&" mois") -> 2 mois | U60: =IF(DATEDIF(R60,W60,"md")=0,"",IF(DATEDIF(R60,W60,"md")=1,DATEDIF(R60,W60,"md")&" jour",DATEDIF(R60,W60,"md")&" jours")) -> 5 jours | V60: =TRIM(S60&" "&T60&" "&U60) -> 8 ans 2 mois 5 jours | W60: =TODAY() -> 42890 | X60: =SUM('RELEVE KILOMETRAGE '!AC60) -> 1008 | Z60: =SUM('COUT MAINTENANCE'!P61) -> 0 | AA60: =SUM('COUT CARBURANT'!AB60) -> 86.69 | AB60: =SUM('COUTE LAVAGE'!P61) -> 0 | AC60: =SUM('COUT PEAGE'!P61) -> 0 | AD60: 0
A61: 62 | B61: POOL PRÊT TRANSPORT | C61: 1130 | D61: CH GONESSE (SERVICE TRANSPORT) | E61: RENAULT TRAFIC | F61: MINIBUS | G61: 9 | I61: 652 DKA 95 | J61: 43546 | K61: =IF(DATE(YEAR(J61),MONTH(J61)-1,DAY(J61))<=TODAY(),"ALERTE",IF(DATE(YEAR(J61),MONTH(J61)-3,DAY(J61))<=TODAY(),"ATTENTION",IF(DATE(YEAR(J61),MONTH(J61)-48,DAY(J61))<=TODAY(),"OK"))) -> OK | L61: 42247 | N61: =IF(DATE(YEAR(M61),MONTH(M61)-1,DAY(M61))<=TODAY(),"ALERTE",IF(DATE(YEAR(M61),MONTH(M61)-3,DAY(M61))<=TODAY(),"ATTENTION",IF(DATE(YEAR(M61),MONTH(M61)-48,DAY(M61))<=TODAY(),"OK"))) -> #NUM! | O61: 73 | P61: 6203 | Q61: 2003 | R61: 37719 | S61: =IF(DATEDIF(R61,W61,"y")=0,"",IF(DATEDIF(R61,W61,"y")=1,DATEDIF(R61,W61,"y")&" an",DATEDIF(R61,W61,"y")&" ans")) -> 14 ans | T61: =IF(DATEDIF(R61,W61,"ym")=0,"",DATEDIF(R61,W61,"ym")&" mois") -> 1 mois | U61: =IF(DATEDIF(R61,W61,"md")=0,"",IF(DATEDIF(R61,W61,"md")=1,DATEDIF(R61,W61,"md")&" jour",DATEDIF(R61,W61,"md")&" jours")) -> 27 jours | V61: =TRIM(S61&" "&T61&" "&U61) -> 14 ans 1 mois 27 jours | W61: =TODAY() -> 42890 | X61: =SUM('RELEVE KILOMETRAGE '!AC61) -> 808 | Z61: =SUM('COUT MAINTENANCE'!P62) -> 0 | AA61: =SUM('COUT CARBURANT'!AB61) -> 74.03 | AB61: =SUM('COUTE LAVAGE'!P62) -> 0 | AC61: =SUM('COUT PEAGE'!P62) -> 0 | AD61: 0
A62: 63 | E62: RENAULT CLIO | F62: X | G62: 5 | I62: 672 ERR 95 | J62: 43196 | K62: =IF(DATE(YEAR(J62),MONTH(J62)-1,DAY(J62))<=TODAY(),"ALERTE",IF(DATE(YEAR(J62),MONTH(J62)-3,DAY(J62))<=TODAY(),"ATTENTION",IF(DATE(YEAR(J62),MONTH(J62)-48,DAY(J62))<=TODAY(),"OK"))) -> OK | L62: 41967 | N62: =IF(DATE(YEAR(M62),MONTH(M62)-1,DAY(M62))<=TODAY(),"ALERTE",IF(DATE(YEAR(M62),MONTH(M62)-3,DAY(M62))<=TODAY(),"ATTENTION",IF(DATE(YEAR(M62),MONTH(M62)-48,DAY(M62))<=TODAY(),"OK"))) -> #NUM! | O62: 94 | P62: 6308 | Q62: 2008 | R62: 39591 | S62: =IF(DATEDIF(R62,W62,"y")=0,"",IF(DATEDIF(R62,W62,"y")=1,DATEDIF(R62,W62,"y")&" an",DATEDIF(R62,W62,"y")&" ans")) -> 9 ans | T62: =IF(DATEDIF(R62,W62,"ym")=0,"",DATEDIF(R62,W62,"ym")&" mois") | U62: =IF(DATEDIF(R62,W62,"md")=0,"",IF(DATEDIF(R62,W62,"md")=1,DATEDIF(R62,W62,"md")&" jour",DATEDIF(R62,W62,"md")&" jours")) -> 12 jours | V62: =TRIM(S62&" "&T62&" "&U62) -> 9 ans 12 jours | W62: =TODAY() -> 42890 | X62: =SUM('RELEVE KILOMETRAGE '!AC62) -> 1060 | Z62: =SUM('COUT MAINTENANCE'!P63) -> 0 | AA62: =SUM('COUT CARBURANT'!AB62) -> 100.77 | AB62: =SUM('COUTE LAVAGE'!P63) -> 0 | AC62: =SUM('COUT PEAGE'!P63) -> 0 | AD62: 0
A63: 65 | E63: RENAULT CLIO | F63: X | G63: 5 | I63: 678 ERR 95 | J63: 43205 | K63: =IF(DATE(YEAR(J63),MONTH(J63)-1,DAY(J63))<=TODAY(),"ALERTE",IF(DATE(YEAR(J63),MONTH(J63)-3,DAY(J63))<=TODAY(),"ATTENTION",IF(DATE(YEAR(J63),MONTH(J63)-48,DAY(J63))<=TODAY(),"OK"))) -> OK | L63: 42468 | M63: 42468 | N63: =IF(DATE(YEAR(M63),MONTH(M63)-1,DAY(M63))<=TODAY(),"ALERTE",IF(DATE(YEAR(M63),MONTH(M63)-3,DAY(M63))<=TODAY(),"ATTENTION",IF(DATE(YEAR(M63),MONTH(M63)-48,DAY(M63))<=TODAY(),"OK"))) -> ALERTE | O63: 96 | P63: 6508 | Q63: 2008 | R63: 39591 | S63: =IF(DATEDIF(R63,W63,"y")=0,"",IF(DATEDIF(R63,W63,"y")=1,DATEDIF(R63,W63,"y")&" an",DATEDIF(R63,W63,"y")&" ans")) -> 9 ans | T63: =IF(DATEDIF(R63,W63,"ym")=0,"",DATEDIF(R63,W63,"ym")&" mois") | U63: =IF(DATEDIF(R63,W63,"md")=0,"",IF(DATEDIF(R63,W63,"md")=1,DATEDIF(R63,W63,"md")&" jour",DATEDIF(R63,W63,"md")&" jours")) -> 12 jours | V63: =TRIM(S63&" "&T63&" "&U63) -> 9 ans 12 jours | W63: =TODAY() -> 42890 | X63: =SUM('RELEVE KILOMETRAGE '!AC63) -> 923 | Z63: =SUM('COUT MAINTENANCE'!P64) -> 1153.05 | AA63: =SUM('COUT CARBURANT'!AB63) -> 112.26 | AB63: =SUM('COUTE LAVAGE'!P64) -> 0 | AC63: =SUM('COUT PEAGE'!P64) -> 0 | AD63: 0
A64: 66 | B64: Equipe Mobile Ado | C64: 3833 | E64: RENAULT CLIO | F64: X | G64: 5 | I64: 681 ERR 95 | J64: 43211 | K64: =IF(DATE(YEAR(J64),MONTH(J64)-1,DAY(J64))<=TODAY(),"ALERTE",IF(DATE(YEAR(J64),MONTH(J64)-3,DAY(J64))<=TODAY(),"ATTENTION",IF(DATE(YEAR(J64),MONTH(J64)-48,DAY(J64))<=TODAY(),"OK"))) -> OK | L64: 42202 | N64: =IF(DATE(YEAR(M64),MONTH(M64)-1,DAY(M64))<=TODAY(),"ALERTE",IF(DATE(YEAR(M64),MONTH(M64)-3,DAY(M64))<=TODAY(),"ATTENTION",IF(DATE(YEAR(M64),MONTH(M64)-48,DAY(M64))<=TODAY(),"OK"))) -> #NUM! | O64: 97 | P64: 6608 | Q64: 2008 | R64: 39591 | S64: =IF(DATEDIF(R64,W64,"y")=0,"",IF(DATEDIF(R64,W64,"y")=1,DATEDIF(R64,W64,"y")&" an",DATEDIF(R64,W64,"y")&" ans")) -> 9 ans | T64: =IF(DATEDIF(R64,W64,"ym")=0,"",DATEDIF(R64,W64,"ym")&" mois") | U64: =IF(DATEDIF(R64,W64,"md")=0,"",IF(DATEDIF(R64,W64,"md")=1,DATEDIF(R64,W64,"md")&" jour",DATEDIF(R64,W64,"md")&" jours")) -> 12 jours | V64: =TRIM(S64&" "&T64&" "&U64) -> 9 ans 12 jours | W64: =TODAY() -> 42890 | X64: =SUM('RELEVE KILOMETRAGE '!AC64) -> 2493 | Z64: =SUM('COUT MAINTENANCE'!P65) -> 0 | AA64: =SUM('COUT CARBURANT'!AB64) -> 231.45 | AB64: =SUM('COUTE LAVAGE'!P65) -> 0 | AC64: =SUM('COUT PEAGE'!P65) -> 0 | AD64: 0
A65: 67 | B65: SERVICE TRANSPORT | C65: 1130 | D65: CH GONESSE (TRANSPORT LOGISTIQUE) | E65: IVECO | F65: FRIGORIFIQUE | G65: 3 | I65: Dj-901-LF | K65: =IF(DATE(YEAR(J65),MONTH(J65)-1,DAY(J65))<=TODAY(),"ALERTE",IF(DATE(YEAR(J65),MONTH(J65)-3,DAY(J65))<=TODAY(),"ATTENTION",IF(DATE(YEAR(J65),MONTH(J65)-48,DAY(J65))<=TODAY(),"OK"))) -> #NUM! | N65: =IF(DATE(YEAR(M65),MONTH(M65)-1,DAY(M65))<=TODAY(),"ALERTE",IF(DATE(YEAR(M65),MONTH(M65)-3,DAY(M65))<=TODAY(),"ATTENTION",IF(DATE(YEAR(M65),MONTH(M65)-48,DAY(M65))<=TODAY(),"OK"))) -> #NUM! | O65: 84 | P65: 2580 | W65: =TODAY() -> 42890 | X65: =SUM('RELEVE KILOMETRAGE '!AC65) -> 2924 | Z65: =SUM('COUT MAINTENANCE'!P66) -> 0 | AA65: =SUM('COUT CARBURANT'!AB65) -> 896.8 | AB65: =SUM('COUTE LAVAGE'!P66) -> 0 | AC65: =SUM('COUT PEAGE'!P66) -> 0 | AD65: 0

Sheet ANALYSE

Sheet REFORME
A5: N° voiture | B5: Formation comptable | C5: UF | D5: LIEU | E5: Désignation du bien (marque désignation commerciale) | F5: Equipements spéciaux | G5: Nb places assises y compris le conducteur | H5: N° d'identification (série-chassis) | I5: Immatriculation | J5: DERNIER CONTRÔLE TECHNIQUE | K5: PROCHAIN CONTRÔLE TECHNIQUE | L5: DERNIERE REVISION | M5: PROCHAINE REVISON | N5: NUMERO CARTE TOTAL | O5: CODE CARBURANT | P5: Année | Q5: Date de 1ère mise en service | R5: Année | S5: Mois | T5: Jour | U5: Age Réel du VHL | W5: KILOMETRAGE EN COURS 2017 | X5: COMPTEUR VOITURE | Y5: COUT MAINTENANCE 2017 (Réparation,contrôle technique) | Z5: COUT CARBURANT 2017 | AA5: COUT LAVAGE 2017 | AB5: COUT PEAGE | AC5: ASSURANCES
A6: 48 | B6: SERVICE TRANSPORT | C6: 1130 | D6: CH GONESSE (TRANSPORT LOGISTIQUE) | E6: RENAULT MASTER | F6: HAYON | G6: 2 | I6: 167 EFF 95 | J6: VENDU LE 21 MAI 2017 A SIMONE DEMENAGEMENT | N6: 87 | O6: 4806 | P6: 2006 | Q6: 38931 | R6: =IF(DATEDIF(Q6,V6,"y")=0,"",IF(DATEDIF(Q6,V6,"y")=1,DATEDIF(Q6,V6,"y")&" an",DATEDIF(Q6,V6,"y")&" ans")) -> 10 ans | S6: =IF(DATEDIF(Q6,V6,"ym")=0,"",DATEDIF(Q6,V6,"ym")&" mois") -> 11 mois | T6: =IF(DATEDIF(Q6,V6,"md")=0,"",IF(DATEDIF(Q6,V6,"md")=1,DATEDIF(Q6,V6,"md")&" jour",DATEDIF(Q6,V6,"md")&" jours")) -> 14 jours | U6: =TRIM(R6&" "&S6&" "&T6) -> 10 ans 11 mois 14 jours | V6: 42932 | W6: =SUM('RELEVE KILOMETRAGE '!AC6) -> 0 | Y6: =SUM('COUT MAINTENANCE'!P6) -> 0 | Z6: =SUM('COUT CARBURANT'!AB5) -> 0 | AA6: =SUM('COUTE LAVAGE'!P6) -> 0 | AB6: =SUM('COUT PEAGE'!P6) -> 0 | AC6: 0

Sheet COUT MAINTENANCE
A5: N° VOITURE | B5: MARQUE | C5: IMMATRICULATION | D5: JANVIER | E5: FEVRIER | F5: MARS | G5: AVRIL | H5: MAI | I5: JUIN | J5: JUILLET | K5: AOUT | L5: SEPTEMBRE | M5: OCTOBRE | N5: NOVEMBRE | O5: DECEMBRE | P5: TOTAL
A6: N° VOITURE | B6: MARQUE | C6: IMMATRICULATION
A7: 1 | B7: CITROEN C2 | C7: AF 559 VP | D7: 0 | E7: 0 | F7: 0 | G7: 0 | H7: 0 | I7: 0 | J7: 0 | K7: 0 | L7: 0 | M7: 0 | N7: 0 | O7: 0 | P7: =SUM(D7:O7) -> 0
A8: 2 | B8: LOGANE DACIA | C8: CH 696 XR | D8: 0 | E8: 0 | F8: 0 | G8: 614.31 | H8: 0 | I8: 0 | J8: 0 | K8: 0 | L8: 0 | M8: 0 | N8: 0 | O8: 0 | P8: =SUM(D8:O8) -> 614.31
A9: 3 | B9: RENAULT TWINGO | C9: 26 CZK 95 | D9: 0 | E9: 0 | F9: 0 | G9: 0 | H9: 0 | I9: 0 | J9: 0 | K9: 0 | L9: 0 | M9: 0 | N9: 0 | O9: 0 | P9: =SUM(D9:O9) -> 0
A10: 4 | B10: CITROEN NEMO | C10: BV-109-QP | D10: 258.55 | E10: 0 | F10: 0 | G10: 0 | H10: 0 | I10: 0 | J10: 0 | K10: 0 | L10: 0 | M10: 0 | N10: 0 | O10: 0 | P10: =SUM(D10:O10) -> 258.55
A11: 5 | B11: CITROEN NEMO | C11: BV-863-QN | D11: 0 | E11: 0 | F11: 0 | G11: 0 | H11: 0 | I11: 0 | J11: 0 | K11: 0 | L11: 0 | M11: 0 | N11: 0 | O11: 0 | P11: =SUM(D11:O11) -> 0
A12: 6 | B12: PEUGEOT 207 | C12: CX-219-PV | D12: 0 | E12: 0 | F12: 0 | G12: 0 | H12: 0 | I12: 0 | J12: 0 | K12: 0 | L12: 0 | M12: 0 | N12: 0 | O12: 0 | P12: =SUM(D12:O12) -> 0
A13: 7 | B13: RENAULT CLIO | C13: DZ-583-TB | D13: 0 | E13: 237.72 | F13: 0 | G13: 0 | H13: 0 | I13: 0 | J13: 0 | K13: 0 | L13: 0 | M13: 0 | N13: 0 | O13: 0 | P13: =SUM(D13:O13) -> 237.72
A14: 8 | B14: RENAULT CLIO | C14: 665 ERR 95 | D14: 0 | E14: 0 | F14: 0 | G14: 0 | H14: 0 | I14: 0 | J14: 0 | K14: 0 | L14: 0 | M14: 0 | N14: 0 | O14: 0 | P14: =SUM(D14:O14) -> 0
A15: 9 | B15: RENAULT CLIO | C15: 668 ERR 95 | D15: 0 | E15: 0 | F15: 0 | G15: 0 | H15: 0 | I15: 0 | J15: 0 | K15: 0 | L15: 0 | M15: 0 | N15: 0 | O15: 0 | P15: =SUM(D15:O15) -> 0
A16: 10 | B16: PEUGEOT 307 | C16: 902 DWG 95 | D16: 320.9 | E16: 0 | F16: 0 | G16: 0 | H16: 0 | I16: 0 | J16: 0 | K16: 0 | L16: 0 | M16: 0 | N16: 0 | O16: 0 | P16: =SUM(D16:O16) -> 320.9
A17: 11 | B17: RENAULT CLIO | C17: 519 DCS 95 | D17: 253.87 | E17: 0 | F17: 0 | G17: 0 | H17: 0 | I17: 0 | J17: 0 | K17: 0 | L17: 0 | M17: 0 | N17: 0 | O17: 0 | P17: =SUM(D17:O17) -> 253.87
A18: 12 | B18: RENAULT CLIO | C18: EG 461 JS | D18: 152.3 | E18: 0 | F18: 465.9 | G18: 0 | H18: 0 | I18: 0 | J18: 0 | K18: 0 | L18: 0 | M18: 0 | N18: 0 | O18: 0 | P18: =SUM(D18:O18) -> 618.2
... A21: 15 | B21: RENAULT KANGOO | C21: 744 DKW 95 | D21: 0 | E21: 0 | F21: 400.94 | G21: 0 | H21: 0 | I21: 0 | J21: 0 | K21: 0 | L21: 0 | M21: 0 | N21: 0 | O21: 0 | P21: =SUM(D21:O21) -> 400.94
A22: 16 | B22: RENAULT KANGOO | C22: 963 CZL 95 | D22: 0 | E22: 45.6 | F22: 158.62 | H22: 0 | I22: 0 | J22: 0 | K22: 0 | L22: 0 | M22: 0 | N22: 0 | O22: 0 | P22: =SUM(D22:O22) -> 204.22
A23: 17 | B23: PEUGEOT 207 | C23: CX-235-PV | D23: 0 | E23: 0 | F23: 220.01 | G23: 0 | H23: 0 | I23: 0 | J23: 0 | K23: 0 | L23: 0 | M23: 0 | N23: 0 | O23: 0 | P23: =SUM(D23:O23) -> 220.01
A24: 18 | B24: RENAULT CLIO | C24: AP-554-DH | D24: 137.1 | E24: 0 | F24: 0 | G24: 0 | H24: 0 | I24: 0 | J24: 0 | K24: 0 | L24: 0 | M24: 0 | N24: 0 | O24: 0 | P24: =SUM(D24:O24) -> 137.1
A25: 19 | B25: RENAULT CLIO | C25: 974 ELR 95 | D25: 0 | E25: 0 | F25: 0 | G25: 206.58 | H25: 0 | I25: 0 | J25: 0 | K25: 0 | L25: 0 | M25: 0 | N25: 0 | O25: 0 | P25: =SUM(D25:O25) -> 206.58
A26: 20 | B26: RENAULT CLIO | C26: 506 EXB 95 | D26: 0 | E26: 0 | F26: 41.52 | G26: 107.48 | I26: 0 | J26: 0 | K26: 0 | L26: 0 | M26: 0 | N26: 0 | O26: 0 | P26: =SUM(D26:O26) -> 149
A27: 21 | B27: DACIA SANDEROS | C27: EE 649 SB | D27: 0 | E27: 0 | F27: 0 | G27: 0 | H27: 0 | I27: 0 | J27: 0 | K27: 0 | L27: 0 | M27: 0 | N27: 0 | O27: 0 | P27: =SUM(D27:O27) -> 0
A28: 23 | B28: RENAULT CLIO | C28: 669 DNS 95 | D28: 0 | E28: 0 | F28: 0 | G28: 0 | H28: 0 | I28: 0 | J28: 0 | K28: 0 | L28: 0 | M28: 0 | N28: 0 | O28: 0 | P28: =SUM(D28:O28) -> 0
A29: 24 | B29: RENAULT CLIO | C29: AP-592-DH | D29: 0 | E29: 0 | F29: 0 | G29: 0 | H29: 0 | I29: 0 | J29: 0 | K29: 0 | L29: 0 | M29: 0 | N29: 0 | O29: 0 | P29: =SUM(D29:O29) -> 0
A30: 25 | B30: RENAULT CLIO | C30: CH-570-JB | D30: 0 | E30: 0 | F30: 723.47 | G30: 0 | H30: 0 | I30: 0 | J30: 0 | K30: 0 | L30: 0 | M30: 0 | N30: 0 | O30: 0 | P30: =SUM(D30:O30) -> 723.47
A31: 26 | B31: RENAULT CLIO | C31: 93 DWZ 95 | D31: 61.7 | E31: 0 | F31: 442.32 | G31: 0 | H31: 0 | I31: 0 | J31: 0 | K31: 0 | L31: 0 | M31: 0 | N31: 0 | O31: 0 | P31: =SUM(D31:O31) -> 504.02
A32: 27 | B32: DACIA LOGANE | C32: 658 ENP 95 | D32: 0 | E32: 0 | F32: 0 | G32: 0 | H32: 0 | I32: 0 | J32: 0 | K32: 0 | L32: 0 | M32: 0 | N32: 0 | O32: 0 | P32: =SUM(D32:O32) -> 0
A33: 28 | B33: RENAULT CLIO | C33: AP-637-DH | D33: 216.95 | E33: 521.45 | F33: 566.45 | G33: 0 | H33: 0 | I33: 0 | J33: 0 | K33: 0 | L33: 0 | M33: 0 | N33: 0 | O33: 0 | P33: =SUM(D33:O33) -> 1304.85
A34: 29 | B34: PEUGEOT 308 | C34: AP-678-DH | D34: 0 | E34: 0 | F34: 243.56 | G34: 0 | H34: 0 | I34: 0 | J34: 0 | K34: 0 | L34: 0 | M34: 0 | N34: 0 | O34: 0 | P34: =SUM(D34:O34) -> 243.56
A35: 30 | B35: RENAULT CLIO | C35: AP-547-LB | D35: 0 | E35: 0 | F35: 0 | G35: 0 | H35: 0 | I35: 0 | J35: 0 | K35: 0 | L35: 0 | M35: 0 | N35: 0 | O35: 0 | P35: =SUM(D35:O35) -> 0
A36: 31 | B36: RENAULT MASTER | C36: 174 EFF 95 | D36: 0 | E36: 0 | F36: 0 | G36: 0 | H36: 0 | I36: 0 | J36: 0 | K36: 0 | L36: 0 | M36: 0 | N36: 0 | O36: 0 | P36: =SUM(D36:O36) -> 0
A37: 32 | B37: TOYOTA Auris | C37: BR-966-DP | D37: 0 | E37: 185.53 | F37: 0 | G37: 0 | H37: 725.81 | I37: 0 | J37: 0 | K37: 0 | L37: 0 | M37: 0 | N37: 0 | O37: 0 | P37: =SUM(D37:O37) -> 911.34
A38: 33 | B38: RENAULT MASTER | C38: 824CNV95 | D38: 0 | E38: 0 | F38: 0 | G38: 0 | H38: 0 | I38: 0 | J38: 0 | K38: 0 | L38: 0 | M38: 0 | N38: 0 | O38: 0 | P38: =SUM(D38:O38) -> 0
... A65: 67 | B65: IVECO | C65: Dj-901-LF | D65: 0 | E65: 0 | F65: 0 | G65: 0 | H65: 0 | I65: 0 | J65: 0 | K65: 0 | L65: 0 | M65: 0 | N65: 0 | O65: 0 | P65: =SUM(D65:O65) -> 0
D67: JANVIER | E67: FEVRIER | F67: MARS | G67: AVRIL | H67: MAI | I67: JUIN | J67: JUILLET | K67: AOUT | L67: SEPTEMBRE | M67: OCTOBRE | N67: NOVEMBRE | O67: DECEMBRE | P67: TOTAL
C69: TOTAL MOIS | D69: =SUM(D7:D65) -> 2505.02 | E69: =SUM(E7:E65) -> 4315.95 | F69: =SUM(F7:F65) -> 4873.34 | G69: =SUM(G7:G65) -> 3238.13 | H69: =SUM(H7:H65) -> 725.81 | I69: =SUM(I7:I65) -> 0 | J69: =SUM(J7:J65) -> 0 | K69: =SUM(K7:K65) -> 0 | ... P69: =SUM(P7:P65) -> 15658.25

Sheet COUT CARBURANT
D4: COUT | E4: LITRE | F4: COUT | G4: LITRE | H4: COUT | I4: LITRE | J4: COUT | K4: LITRE | L4: COUT | M4: LITRE | N4: COUT | O4: LITRE | P4: COUT | Q4: LITRE | R4: COUT | S4: LITRE | T4: COUT | U4: LITRE | V4: COUT | W4: LITRE | X4: COUT | Y4: LITRE | Z4: COUT | AA4: LITRE | AB4: TOTAL | AC4: TOTAL
A5: N° VOITURE | B5: MARQUE | C5: IMMATRICULATION | D5: JANVIER | E5: JANVIER | F5: FÉVRIER | G5: FEVRIER | H5: MARS | I5: MARS | J5: AVRIL | K5: AVRIL | L5: MAI | M5: MAI | N5: JUIN | O5: JUIN | P5: JUILLET | Q5: JUILLET | R5: AOUT | S5: AOUT | T5: SEPTEMBRE | U5: SEPTEMBRE | V5: OCTOBRE | W5: OCTOBRE | X5: NOVEMBRE | Y5: NOVEMBRE | Z5: DECEMBRE | AA5: DECEMBRE | AB5: COUT | AC5: LITRE CARB
A6: 1 | B6: CITROEN C2 | C6: AF 559 VP | D6: 41.51 | E6: 30.54 | F6: 0 | G6: 0 | H6: 40.38 | I6: 28.31 | J6: 0 | K6: 0 | L6: 0 | N6: 0 | P6: 0 | R6: 0 | T6: 0 | V6: 0 | X6: 0 | Z6: 0 | AB6: =SUM(D6,F6,H6,J6,L6,N6,P6,R6,T6,V6,X6,Z6) -> 81.89 | AC6: =SUM(E6,G6,I6,K6,M6,O6,Q6,U6,W6,Y6,AA6) -> 58.85
A7: 2 | B7: LOGANE DACIA | C7: CH 696 XR | D7: 234.1 | E7: 165.81 | F7: 264 | G7: 180.14 | H7: 272.84 | I7: 201.65 | J7: 230.58 | K7: 168.87 | L7: 0 | N7: 0 | P7: 0 | R7: 0 | T7: 0 | V7: 0 | X7: 0 | Z7: 0 | AB7: =SUM(D7,F7,H7,J7,L7,N7,P7,R7,T7,V7,X7,Z7) -> 1001.52 | AC7: =SUM(E7,G7,I7,K7,M7,O7,Q7,U7,W7,Y7,AA7) -> 716.47
A8: 3 | B8: RENAULT TWINGO | C8: 26 CZK 95 | D8: 0 | E8: 0 | F8: 0 | G8: 0 | H8: 0 | I8: 0 | J8: 55.06 | K8: 37.58 | L8: 0 | N8: 0 | P8: 0 | R8: 0 | T8: 0 | V8: 0 | X8: 0 | Z8: 0 | AB8: =SUM(D8,F8,H8,J8,L8,N8,P8,R8,T8,V8,X8,Z8) -> 55.06 | AC8: =SUM(E8,G8,I8,K8,M8,O8,Q8,U8,W8,Y8,AA8) -> 37.58
A9: 4 | B9: CITROEN NEMO | C9: BV-109-QP | D9: 44.57 | E9: 35.04 | F9: 39.04 | G9: 28.39 | H9: 40.09 | I9: 30 | J9: 67.39 | K9: 51.31 | L9: 0 | N9: 0 | P9: 0 | R9: 0 | T9: 0 | V9: 0 | X9: 0 | Z9: 0 | AB9: =SUM(D9,F9,H9,J9,L9,N9,P9,R9,T9,V9,X9,Z9) -> 191.09 | AC9: =SUM(E9,G9,I9,K9,M9,O9,Q9,U9,W9,Y9,AA9) -> 144.74
A10: 5 | B10: CITROEN NEMO | C10: BV-863-QN | D10: 0 | E10: 0 | F10: 41.76 | G10: 33.09 | H10: 89.46 | I10: 66.6 | J10: 40.48 | K10: 30.16 | L10: 0 | N10: 0 | P10: 0 | R10: 0 | T10: 0 | V10: 0 | X10: 0 | Z10: 0 | AB10: =SUM(D10,F10,H10,J10,L10,N10,P10,R10,T10,V10,X10,Z10) -> 171.7 | AC10: =SUM(E10,G10,I10,K10,M10,O10,Q10,U10,W10,Y10,AA10) -> 129.85
A11: 6 | B11: PEUGEOT 207 | C11: CX-219-PV | D11: 54.5 | E11: 38.59 | F11: 94.12 | G11: 70 | H11: 90.5 | I11: 70.69 | J11: 52.36 | K11: 40 | L11: 0 | N11: 0 | P11: 0 | R11: 0 | T11: 0 | V11: 0 | X11: 0 | Z11: 0 | AB11: =SUM(D11,F11,H11,J11,L11,N11,P11,R11,T11,V11,X11,Z11) -> 291.48 | AC11: =SUM(E11,G11,I11,K11,M11,O11,Q11,U11,W11,Y11,AA11) -> 219.28
A12: 7 | B12: RENAULT CLIO | C12: DZ-583-TB | D12: 55.01 | E12: 37.7 | F12: 123.63 | G12: 78.85 | H12: 88.11 | I12: 60.18 | J12: 134.99 | K12: 95.67 | L12: 0 | N12: 0 | P12: 0 | R12: 0 | T12: 0 | V12: 0 | X12: 0 | Z12: 0 | AB12: =SUM(D12,F12,H12,J12,L12,N12,P12,R12,T12,V12,X12,Z12) -> 401.74 | AC12: =SUM(E12,G12,I12,K12,M12,O12,Q12,U12,W12,Y12,AA12) -> 272.4
A13: 8 | B13: RENAULT CLIO | C13: 665 ERR 95 | D13: 0 | E13: 0 | F13: 53.29 | G13: 42.06 | H13: 0 | I13: 0 | J13: 0 | K13: 0 | L13: 0 | N13: 0 | P13: 0 | R13: 0 | T13: 0 | V13: 0 | X13: 0 | Z13: 0 | AB13: =SUM(D13,F13,H13,J13,L13,N13,P13,R13,T13,V13,X13,Z13) -> 53.29 | AC13: =SUM(E13,G13,I13,K13,M13,O13,Q13,U13,W13,Y13,AA13) -> 42.06
A14: 9 | B14: RENAULT CLIO | C14: 668 ERR 95 | D14: 0 | E14: 0 | F14: 44.62 | G14: 33.62 | H14: 0 | I14: 0 | J14: 0 | K14: 0 | L14: 0 | N14: 0 | P14: 0 | R14: 0 | T14: 0 | V14: 0 | X14: 0 | Z14: 0 | AB14: =SUM(D14,F14,H14,J14,L14,N14,P14,R14,T14,V14,X14,Z14) -> 44.62 | AC14: =SUM(E14,G14,I14,K14,M14,O14,Q14,U14,W14,Y14,AA14) -> 33.62
A15: 10 | B15: PEUGEOT 307 | C15: 902 DWG 95 | D15: 71 | E15: 56.26 | F15: 0 | G15: 0 | H15: 60.41 | I15: 49.35 | J15: 0 | K15: 0 | L15: 0 | N15: 0 | P15: 0 | R15: 0 | T15: 0 | V15: 0 | X15: 0 | Z15: 0 | AB15: =SUM(D15,F15,H15,J15,L15,N15,P15,R15,T15,V15,X15,Z15) -> 131.41 | AC15: =SUM(E15,G15,I15,K15,M15,O15,Q15,U15,W15,Y15,AA15) -> 105.61
A16: 11 | B16: RENAULT CLIO | C16: 519 DCS 95 | D16: 9.67 | E16: 6.65 | F16: 54.5 | G16: 39.52 | H16: 53 | I16: 40.06 | J16: 47.76 | K16: 34.89 | L16: 0 | N16: 0 | P16: 0 | R16: 0 | T16: 0 | V16: 0 | X16: 0 | Z16: 0 | AB16: =SUM(D16,F16,H16,J16,L16,N16,P16,R16,T16,V16,X16,Z16) -> 164.93 | AC16: =SUM(E16,G16,I16,K16,M16,O16,Q16,U16,W16,Y16,AA16) -> 121.12
A17: 12 | B17: RENAULT CLIO | C17: EG 461 JS | D17: 57.97 | E17: 42.69 | F17: 99.08 | G17: 74.32 | H17: 0 | I17: 0 | J17: 50.46 | K17: 41.23 | L17: 0 | N17: 0 | P17: 0 | R17: 0 | T17: 0 | V17: 0 | X17: 0 | Z17: 0 | AB17: =SUM(D17,F17,H17,J17,L17,N17,P17,R17,T17,V17,X17,Z17) -> 207.51 | AC17: =SUM(E17,G17,I17,K17,M17,O17,Q17,U17,W17,Y17,AA17) -> 158.24
... A19: 14 | B19: RENAULT CLIO | C19: AC-951-DF | D19: 46.56 | E19: 36.79 | F19: 48.79 | G19: 38.51 | H19: 53.32 | I19: 40 | J19: 0 | K19: 0 | L19: 0 | N19: 0 | P19: 0 | R19: 0 | T19: 0 | V19: 0 | X19: 0 | Z19: 0 | AB19: =SUM(D19,F19,H19,J19,L19,N19,P19,R19,T19,V19,X19,Z19) -> 148.67 | AC19: =SUM(E19,G19,I19,K19,M19,O19,Q19,U19,W19,Y19,AA19) -> 115.3
A20: 15 | B20: RENAULT KANGOO | C20: 744 DKW 95 | D20: 0 | F20: 47.26 | G20: 32.23 | H20: 42.14 | I20: 29.55 | J20: 0 | K20: 0 | L20: 0 | N20: 0 | P20: 0 | R20: 0 | T20: 0 | V20: 0 | X20: 0 | Z20: 0 | AB20: =SUM(D20,F20,H20,J20,L20,N20,P20,R20,T20,V20,X20,Z20) -> 89.4 | AC20: =SUM(E20,G20,I20,K20,M20,O20,Q20,U20,W20,Y20,AA20) -> 61.78
A21: 16 | B21: RENAULT KANGOO | C21: 963 CZL 95 | D21: 37.66 | E21: 25.93 | F21: 48.7 | G21: 35.65 | H21: 92.59 | I21: 66.42 | J21: 47.58 | K21: 34.4 | L21: 0 | N21: 0 | P21: 0 | R21: 0 | T21: 0 | V21: 0 | X21: 0 | Z21: 0 | AB21: =SUM(D21,F21,H21,J21,L21,N21,P21,R21,T21,V21,X21,Z21) -> 226.53 | AC21: =SUM(E21,G21,I21,K21,M21,O21,Q21,U21,W21,Y21,AA21) -> 162.4
A22: 17 | B22: PEUGEOT 207 | C22: CX-235-PV | D22: 136.63 | E22: 102.1 | F22: 132.86 | G22: 97.79 | H22: 102.7 | I22: 77.06 | J22: 96.7 | K22: 73.62 | L22: 0 | N22: 0 | P22: 0 | R22: 0 | T22: 0 | V22: 0 | X22: 0 | Z22: 0 | AB22: =SUM(D22,F22,H22,J22,L22,N22,P22,R22,T22,V22,X22,Z22) -> 468.89 | AC22: =SUM(E22,G22,I22,K22,M22,O22,Q22,U22,W22,Y22,AA22) -> 350.57
A23: 18 | B23: RENAULT CLIO | C23: AP-554-DH | D23: 107.31 | E23: 84.71 | F23: 89.89 | G23: 71.2 | H23: 67.7 | I23: 53.04 | J23: 53.11 | K23: 42.69 | L23: 0 | N23: 0 | P23: 0 | R23: 0 | T23: 0 | V23: 0 | X23: 0 | Z23: 0 | AB23: =SUM(D23,F23,H23,J23,L23,N23,P23,R23,T23,V23,X23,Z23) -> 318.01 | AC23: =SUM(E23,G23,I23,K23,M23,O23,Q23,U23,W23,Y23,AA23) -> 251.64
A24: 19 | B24: RENAULT CLIO | C24: 974 ELR 95 | D24: 88.28 | E24: 67.28 | F24: 50.68 | G24: 40 | H24: 112.94 | I24: 85 | J24: 120.95 | K24: 90 | L24: 0 | N24: 0 | P24: 0 | R24: 0 | T24: 0 | V24: 0 | X24: 0 | Z24: 0 | AB24: =SUM(D24,F24,H24,J24,L24,N24,P24,R24,T24,V24,X24,Z24) -> 372.85 | AC24: =SUM(E24,G24,I24,K24,M24,O24,Q24,U24,W24,Y24,AA24) -> 282.28
A25: 20 | B25: RENAULT CLIO | C25: 506 EXB 95 | D25: 55.51 | E25: 43.99 | F25: 0 | G25: 0 | H25: 0 | I25: 0 | J25: 117.66 | K25: 88.62 | L25: 0 | N25: 0 | P25: 0 | R25: 0 | T25: 0 | V25: 0 | X25: 0 | Z25: 0 | AB25: =SUM(D25,F25,H25,J25,L25,N25,P25,R25,T25,V25,X25,Z25) -> 173.17 | AC25: =SUM(E25,G25,I25,K25,M25,O25,Q25,U25,W25,Y25,AA25) -> 132.61
A26: 21 | B26: DACIA SANDEROS | C26: EE 649 SB | D26: 58.96 | E26: 43.61 | F26: 0 | G26: 0 | H26: 203.22 | I26: 152.36 | J26: 0 | K26: 0 | L26: 0 | N26: 0 | P26: 0 | R26: 0 | T26: 0 | V26: 0 | X26: 0 | Z26: 0 | AB26: =SUM(D26,F26,H26,J26,L26,N26,P26,R26,T26,V26,X26,Z26) -> 262.18 | AC26: =SUM(E26,G26,I26,K26,M26,O26,Q26,U26,W26,Y26,AA26) -> 195.97
A27: 23 | B27: RENAULT CLIO | C27: 669 DNS 95 | D27: 19.97 | E27: 13.62 | F27: 0 | G27: 0 | H27: 62.74 | I27: 46.06 | J27: 0 | K27: 0 | L27: 0 | N27: 0 | P27: 0 | R27: 0 | T27: 0 | V27: 0 | X27: 0 | Z27: 0 | AB27: =SUM(D27,F27,H27,J27,L27,N27,P27,R27,T27,V27,X27,Z27) -> 82.71 | AC27: =SUM(E27,G27,I27,K27,M27,O27,Q27,U27,W27,Y27,AA27) -> 59.68
A28: 24 | B28: RENAULT CLIO | C28: AP-592-DH | D28: 53.84 | E28: 40.73 | F28: 104.1 | G28: 77.24 | H28: 88.84 | I28: 69.97 | J28: 39.88 | K28: 30 | L28: 0 | N28: 0 | P28: 0 | R28: 0 | T28: 0 | V28: 0 | X28: 0 | Z28: 0 | AB28: =SUM(D28,F28,H28,J28,L28,N28,P28,R28,T28,V28,X28,Z28) -> 286.66 | AC28: =SUM(E28,G28,I28,K28,M28,O28,Q28,U28,W28,Y28,AA28) -> 217.94
A29: 25 | B29: RENAULT CLIO | C29: CH-570-JB | D29: 68.06 | E29: 53.93 | F29: 67.96 | G29: 53.76 | H29: 61.13 | I29: 50.02 | J29: 0 | K29: 0 | L29: 0 | N29: 0 | P29: 0 | R29: 0 | T29: 0 | V29: 0 | X29: 0 | Z29: 0 | AB29: =SUM(D29,F29,H29,J29,L29,N29,P29,R29,T29,V29,X29,Z29) -> 197.15 | AC29: =SUM(E29,G29,I29,K29,M29,O29,Q29,U29,W29,Y29,AA29) -> 157.71
A30: 26 | B30: RENAULT CLIO | C30: 93 DWZ 95 | D30: 0 | E30: 0 | F30: 53.53 | G30: 42.42 | H30: 0 | I30: 0 | J30: 0 | K30: 0 | L30: 0 | N30: 0 | P30: 0 | R30: 0 | T30: 0 | V30: 0 | X30: 0 | Z30: 0 | AB30: =SUM(D30,F30,H30,J30,L30,N30,P30,R30,T30,V30,X30,Z30) -> 53.53 | AC30: =SUM(E30,G30,I30,K30,M30,O30,Q30,U30,W30,Y30,AA30) -> 42.42
A31: 27 | B31: DACIA LOGANE | C31: 658 ENP 95 | D31: 64.49 | E31: 51.1 | F31: 111.29 | G31: 85.13 | H31: 0 | I31: 0 | J31: 53.71 | K31: 38.05 | L31: 0 | N31: 0 | P31: 0 | R31: 0 | T31: 0 | V31: 0 | X31: 0 | Z31: 0 | AB31: =SUM(D31,F31,H31,J31,L31,N31,P31,R31,T31,V31,X31,Z31) -> 229.49 | AC31: =SUM(E31,G31,I31,K31,M31,O31,Q31,U31,W31,Y31,AA31) -> 174.28
A32: 28 | B32: RENAULT CLIO | C32: AP-637-DH | D32: 134.1 | E32: 101.61 | F32: 19.01 | G32: 15 | H32: 58.2 | I32: 41.38 | J32: 45 | K32: 36.2 | L32: 0 | N32: 0 | P32: 0 | R32: 0 | T32: 0 | V32: 0 | X32: 0 | Z32: 0 | AB32: =SUM(D32,F32,H32,J32,L32,N32,P32,R32,T32,V32,X32,Z32) -> 256.31 | AC32: =SUM(E32,G32,I32,K32,M32,O32,Q32,U32,W32,Y32,AA32) -> 194.19
... A61: 62 | B61: RENAULT TRAFIC | C61: 652 DKA 95 | D61: 74.03 | E61: 58.66 | F61: 0 | G61: 0 | H61: 0 | I61: 0 | J61: 0 | K61: 0 | L61: 0 | N61: 0 | P61: 0 | R61: 0 | T61: 0 | V61: 0 | X61: 0 | Z61: 0 | AB61: =SUM(D61,F61,H61,J61,L61,N61,P61,R61,T61,V61,X61,Z61) -> 74.03 | AC61: =SUM(E61,G61,I61,K61,M61,O61,Q61,U61,W61,Y61,AA61) -> 58.66
A62: 63 | B62: RENAULT CLIO | C62: 672 ERR 95 | D62: 0 | F62: 59.78 | G62: 42.35 | H62: 0 | J62: 40.99 | K62: 29.25 | L62: 0 | N62: 0 | P62: 0 | R62: 0 | T62: 0 | V62: 0 | X62: 0 | Z62: 0 | AB62: =SUM(D62,F62,H62,J62,L62,N62,P62,R62,T62,V62,X62,Z62) -> 100.77 | AC62: =SUM(E62,G62,I62,K62,M62,O62,Q62,U62,W62,Y62,AA62) -> 71.6
A63: 65 | B63: RENAULT CLIO | C63: 678 ERR 95 | D63: 0 | E63: 0 | F63: 65.63 | G63: 47.68 | H63: 0 | I63: 0 | J63: 46.63 | K63: 33.32 | L63: 0 | N63: 0 | P63: 0 | R63: 0 | T63: 0 | V63: 0 | X63: 0 | Z63: 0 | AB63: =SUM(D63,F63,H63,J63,L63,N63,P63,R63,T63,V63,X63,Z63) -> 112.26 | AC63: =SUM(E63,G63,I63,K63,M63,O63,Q63,U63,W63,Y63,AA63) -> 81
A64: 66 | B64: RENAULT CLIO | C64: 681 ERR 95 | D64: 53.72 | E64: 42.57 | F64: 58.73 | G64: 46.35 | H64: 55.98 | I64: 44.82 | J64: 63.02 | K64: 49.78 | L64: 0 | N64: 0 | P64: 0 | R64: 0 | T64: 0 | V64: 0 | X64: 0 | Z64: 0 | AB64: =SUM(D64,F64,H64,J64,L64,N64,P64,R64,T64,V64,X64,Z64) -> 231.45 | AC64: =SUM(E64,G64,I64,K64,M64,O64,Q64,U64,W64,Y64,AA64) -> 183.52
A65: 67 | B65: IVECO | C65: Dj-901-LF | D65: 224.46 | E65: 167.99 | F65: 226.55 | G65: 163.58 | H65: 232.82 | I65: 174.41 | J65: 212.97 | K65: 169.87 | L65: 0 | N65: 0 | P65: 0 | R65: 0 | T65: 0 | V65: 0 | X65: 0 | Z65: 0 | AB65: =SUM(D65,F65,H65,J65,L65,N65,P65,R65,T65,V65,X65,Z65) -> 896.8 | AC65: =SUM(E65,G65,I65,K65,M65,O65,Q65,U65,W65,Y65,AA65) -> 675.85
D67: JANVIER | E67: QA CARB | F67: FEVRIER | G67: QA CARB | H67: MARS | I67: QA CARB | J67: AVRIL | K67: QA CARB | L67: MAI | M67: QA CARB | N67: JUIN | O67: QA CARB | P67: JUILLET | Q67: QA CARB | R67: AOUT | S67: QA CARB | T67: SEPTEMBRE | U67: QA CARB | V67: OCTOBRE | W67: QA CARB | X67: NOVEMBRE | Y67: QA CARB | Z67: DECEMBRE | AA67: QA CARB | AB67: TOTAL | AC67: TOTAL
C69: TOTAL MOIS | D69: =SUM(D6:D65) -> 3153.71 | E69: =SUM(E6:E65) -> 2386.18 | F69: =SUM(F6:F65) -> 2950.71 | G69: =SUM(G6:G65) -> 2186.63 | H69: =SUM(H6:H65) -> 3582.68 | I69: =SUM(I6:I65) -> 2724.64 | J69: =SUM(J6:J65) -> 2788.91 | K69: =SUM(K6:K65) -> 2113.44 | L69: =SUM(L6:L65) -> 0 | N69: =SUM(N6:N65) -> 0 | P69: =SUM(P6:P65) -> 0 | R69: =SUM(R6:R65) -> 0 | T69: =SUM(T6:T65) -> 0 | V69: =SUM(V6:V65) -> 0 | X69: =SUM(X6:X65) -> 0 | Z69: =SUM(Z6:Z65) -> 0 | AB69: =SUM(D69,F69,H69,J69,L69,N69,P69,R69,T69,V69,X69,Z69) -> 12476.01 | AC69: =SUM(E69,G69,I69,K69,M69,O69,Q69,S69,S69,U69,W69,Y69,AA69) -> 9410.89

Sheet COUT PEAGE
D5: JANVIER | E5: FEVRIER | F5: MARS | G5: AVRIL | H5: MAI | I5: JUIN | J5: JUILLET | K5: AOUT | L5: SEPTEMBRE | M5: OCTOBRE | N5: NOVEMBRE | O5: DECEMBRE | P5: TOTAL
A6: N° VOITURE | B6: MARQUE | C6: IMMATRICULATION
A7: 1 | B7: CITROEN C2 | C7: AF 559 VP | D7: 0 | E7: 0 | F7: 0 | G7: 0 | H7: 0 | I7: 0 | J7: 0 | K7: 0 | L7: 0 | M7: 0 | N7: 0 | O7: 0 | P7: =SUM(D7:O7) -> 0
A8: 2 | B8: LOGANE DACIA | C8: CH 696 XR | D8: 0 | E8: 0 | F8: 0 | G8: 0 | H8: 0 | I8: 0 | J8: 0 | K8: 0 | L8: 0 | M8: 0 | N8: 0 | O8: 0 | P8: =SUM(D8:O8) -> 0
A9: 3 | B9: RENAULT TWINGO | C9: 26 CZK 95 | D9: 0 | E9: 0 | F9: 0 | G9: 0 | H9: 0 | I9: 0 | J9: 0 | K9: 0 | L9: 0 | M9: 0 | N9: 0 | O9: 0 | P9: =SUM(D9:O9) -> 0
A10: 4 | B10: CITROEN NEMO | C10: BV-109-QP | D10: 0 | E10: 0 | F10: 0 | G10: 0 | H10: 0 | I10: 0 | J10: 0 | K10: 0 | L10: 0 | M10: 0 | N10: 0 | O10: 0 | P10: =SUM(D10:O10) -> 0
A11: 5 | B11: CITROEN NEMO | C11: BV-863-QN | D11: 0 | E11: 0 | F11: 0 | G11: 0 | H11: 0 | I11: 0 | J11: 0 | K11: 0 | L11: 0 | M11: 0 | N11: 0 | O11: 0 | P11: =SUM(D11:O11) -> 0
A12: 6 | B12: PEUGEOT 207 | C12: CX-219-PV | D12: 0 | E12: 0 | F12: 30.7 | G12: 0 | H12: 0 | I12: 0 | J12: 0 | K12: 0 | L12: 0 | M12: 0 | N12: 0 | O12: 0 | P12: =SUM(D12:O12) -> 30.7
A13: 7 | B13: RENAULT CLIO | C13: DZ-583-TB | D13: 0 | E13: 0 | F13: 0 | G13: 0 | H13: 0 | I13: 0 | J13: 0 | K13: 0 | L13: 0 | M13: 0 | N13: 0 | O13: 0 | P13: =SUM(D13:O13) -> 0
A14: 8 | B14: RENAULT CLIO | C14: 665 ERR 95 | D14: 0 | E14: 0 | F14: 0 | G14: 0 | H14: 0 | I14: 0 | J14: 0 | K14: 0 | L14: 0 | M14: 0 | N14: 0 | O14: 0 | P14: =SUM(D14:O14) -> 0
A15: 9 | B15: RENAULT CLIO | C15: 668 ERR 95 | D15: 0 | E15: 0 | F15: 0 | G15: 0 | H15: 0 | I15: 0 | J15: 0 | K15: 0 | L15: 0 | M15: 0 | N15: 0 | O15: 0 | P15: =SUM(D15:O15) -> 0
A16: 10 | B16: PEUGEOT 307 | C16: 902 DWG 95 | D16: 0 | E16: 0 | F16: 0 | G16: 0 | H16: 0 | I16: 0 | J16: 0 | K16: 0 | L16: 0 | M16: 0 | N16: 0 | O16: 0 | P16: =SUM(D16:O16) -> 0
A17: 11 | B17: RENAULT CLIO | C17: 519 DCS 95 | D17: 0 | E17: 0 | F17: 0 | G17: 0 | H17: 0 | I17: 0 | J17: 0 | K17: 0 | L17: 0 | M17: 0 | N17: 0 | O17: 0 | P17: =SUM(D17:O17) -> 0
A18: 12 | B18: RENAULT CLIO | C18: EG 461 JS | D18: 0 | E18: 0 | F18: 0 | G18: 0 | H18: 0 | I18: 0 | J18: 0 | K18: 0 | L18: 0 | M18: 0 | N18: 0 | O18: 0 | P18: =SUM(D18:O18) -> 0
... A65: 67 | B65: IVECO | C65: Dj-901-LF | D65: 0 | E65: 0 | F65: 0 | G65: 0 | H65: 0 | I65: 0 | J65: 0 | K65: 0 | L65: 0 | M65: 0 | N65: 0 | O65: 0 | P65: =SUM(D65:O65) -> 0
D67: JANVIER | E67: FEVRIER | F67: MARS | G67: AVRIL | H67: MAI | I67: JUIN | J67: JUILLET | K67: AOUT | L67: SEPTEMBRE | M67: OCTOBRE | N67: NOVEMBRE | O67: DECEMBRE | P67: TOTAL
C69: TOTAL MOIS | D69: =SUM(D7:D65) -> 0 | E69: =SUM(E7:E65) -> 16.7 | F69: =SUM(F7:F65) -> 149.3 | G69: =SUM(G7:G65) -> 115.2 | H69: =SUM(H7:H65) -> 0 | I69: =SUM(I7:I65) -> 0 | J69: =SUM(J7:J65) -> 0 | K69: =SUM(K7:K65) -> 0 | ... P69: =SUM(P7:P65) -> 281.2

Sheet COUTE LAVAGE
D5: JANVIER | E5: FEVRIER | F5: MARS | G5: AVRIL | H5: MAI | I5: JUIN | J5: JUILLET | K5: AOUT | L5: SEPTEMBRE | M5: OCTOBRE | N5: NOVEMBRE | O5: DECEMBRE | P5: TOTAL
A6: N° VOITURE | B6: MARQUE | C6: IMMATRICULATION
A7: 1 | B7: CITROEN C2 | C7: AF 559 VP | D7: 0 | E7: 25 | F7: 0 | G7: 0 | H7: 0 | I7: 0 | J7: 0 | K7: 0 | L7: 0 | M7: 0 | N7: 0 | O7: 0 | P7: =SUM(D7:O7) -> 25
A8: 2 | B8: LOGANE DACIA | C8: CH 696 XR | D8: 0 | E8: 0 | F8: 0 | G8: 0 | H8: 0 | I8: 0 | J8: 0 | K8: 0 | L8: 0 | M8: 0 | N8: 0 | O8: 0 | P8: =SUM(D8:O8) -> 0
A9: 3 | B9: RENAULT TWINGO | C9: 26 CZK 95 | D9: 0 | E9: 0 | F9: 0 | G9: 0 | H9: 0 | I9: 0 | J9: 0 | K9: 0 | L9: 0 | M9: 0 | N9: 0 | O9: 0 | P9: =SUM(D9:O9) -> 0
A10: 4 | B10: CITROEN NEMO | C10: BV-109-QP | D10: 0 | E10: 0 | F10: 0 | G10: 0 | H10: 0 | I10: 0 | J10: 0 | K10: 0 | L10: 0 | M10: 0 | N10: 0 | O10: 0 | P10: =SUM(D10:O10) -> 0
A11: 5 | B11: CITROEN NEMO | C11: BV-863-QN | D11: 0 | E11: 0 | F11: 0 | G11: 0 | H11: 0 | I11: 0 | J11: 0 | K11: 0 | L11: 0 | M11: 0 | N11: 0 | O11: 0 | P11: =SUM(D11:O11) -> 0
A12: 6 | B12: PEUGEOT 207 | C12: CX-219-PV | D12: 0 | E12: 0 | F12: 0 | G12: 0 | H12: 0 | I12: 0 | J12: 0 | K12: 0 | L12: 0 | M12: 0 | N12: 0 | O12: 0 | P12: =SUM(D12:O12) -> 0
A13: 7 | B13: RENAULT CLIO | C13: DZ-583-TB | D13: 0 | E13: 0 | F13: 0 | G13: 0 | H13: 0 | I13: 0 | J13: 0 | K13: 0 | L13: 0 | M13: 0 | N13: 0 | O13: 0 | P13: =SUM(D13:O13) -> 0
A14: 8 | B14: RENAULT CLIO | C14: 665 ERR 95 | D14: 0 | E14: 0 | F14: 0 | G14: 0 | H14: 0 | I14: 0 | J14: 0 | K14: 0 | L14: 0 | M14: 0 | N14: 0 | O14: 0 | P14: =SUM(D14:O14) -> 0
A15: 9 | B15: RENAULT CLIO | C15: 668 ERR 95 | D15: 0 | E15: 0 | F15: 0 | G15: 0 | H15: 0 | I15: 0 | J15: 0 | K15: 0 | L15: 0 | M15: 0 | N15: 0 | O15: 0 | P15: =SUM(D15:O15) -> 0
A16: 10 | B16: PEUGEOT 307 | C16: 902 DWG 95 | D16: 0 | E16: 0 | F16: 0 | G16: 0 | H16: 0 | I16: 0 | J16: 0 | K16: 0 | L16: 0 | M16: 0 | N16: 0 | O16: 0 | P16: =SUM(D16:O16) -> 0
A17: 11 | B17: RENAULT CLIO | C17: 519 DCS 95 | D17: 0 | E17: 0 | F17: 0 | G17: 0 | H17: 0 | I17: 0 | J17: 0 | K17: 0 | L17: 0 | M17: 0 | N17: 0 | O17: 0 | P17: =SUM(D17:O17) -> 0
A18: 12 | B18: RENAULT CLIO | C18: EG 461 JS | D18: 0 | E18: 0 | F18: 0 | G18: 0 | H18: 0 | I18: 0 | J18: 0 | K18: 0 | L18: 0 | M18: 0 | N18: 0 | O18: 0 | P18: =SUM(D18:O18) -> 0
... A65: 67 | B65: IVECO | C65: Dj-901-LF | D65: 0 | E65: 0 | F65: 0 | G65: 0 | H65: 0 | I65: 0 | J65: 0 | K65: 0 | L65: 0 | M65: 0 | N65: 0 | O65: 0 | P65: =SUM(D65:O65) -> 0
D67: JANVIER | E67: FEVRIER | F67: MARS | G67: AVRIL | H67: MAI | I67: JUIN | J67: JUILLET | K67: AOUT | L67: SEPTEMBRE | M67: OCTOBRE | N67: NOVEMBRE | O67: DECEMBRE | P67: TOTAL
C69: TOTAL MOIS | D69: =SUM(D7:D65) -> 0 | E69: =SUM(E7:E65) -> 122.3 | F69: =SUM(F7:F65) -> 60 | G69: =SUM(G7:G65) -> 25 | H69: =SUM(H7:H65) -> 0 | I69: =SUM(I7:I65) -> 0 | J69: =SUM(J7:J65) -> 0 | K69: =SUM(K7:K65) -> 0 | ... P69: =SUM(P7:P65) -> 207.3

Sheet SUIVI DES DEPENSE 2017
A5: Compte: 61552 | D5: BUDJET: | E5: 35000
D6: RESTE: | E6: =E5-D93 -> 19646.375
A7: DATE | B7: N° VHL | C7: FOURNISSEUR | D7: DEPENSE | E7: TRAVAUX
A8: 42733 | B8: N°12 | C8: Garage de la grande ceinture | D8: 152.3 | E8: Révision des 150000 kms
A9: 42709 | B9: N°44 | C9: Garage de la grande ceinture | D9: 784.39 | E9: RP CALCULATEUR
A10: 42724 | B10: N°10 | C10: Garage de la grande ceinture | D10: 320.9 | E10: CHANGEMENT ROULEMENR AR
A11: 42724 | B11: N°50 | C11: Garage de la grande ceinture | D11: 46.44 | E11: ESSUIE GLACE
A12: 42746 | B12: N°10 | C12: Garage de la grande ceinture | D12: 320.9 | E12: COMMANDE BATTERIE
A13: 42746 | B13: N°57 | C13: Garage de la grande ceinture | D13: 20.76 | E13: COMMANDE ESSUIE GLACE
A14: 42747 | B14: N°42 | C14: Garage de la grande ceinture | D14: 27 | E14: COMMANDE ESSUIE GLACE
A15: 42758 | B15: N°11 | C15: Garage de la grande ceinture | D15: 253.87 | E15: Remorquage et erreur de carburant
A16: 42758 | B16: N°18 | C16: Garage de la grande ceinture | D16: 45.6 | E16: ventilation à vérifier liquide de refroidissement
A17: 42759 | B17: N°34 | C17: Garage de la grande ceinture | D17: 225.06 | E17: Révision des deux ans
A18: 42766 | B18: N°04 | C18: Garage de la grande ceinture | D18: 258.55 | E18: Révision des 30 000 kms
A19: 42766 | B19: N°18 | C19: Garage de la grande ceinture | D19: 91.5 | E19: Pas d'affichage d'indication vitesses
A20: 42767 | B20: N°37 | C20: Garage de la grande ceinture | E20: Réparation d'un pneu
A21: 42769 | B21: N°16 | C21: Garage de la grande ceinture | D21: 45.6 | E21: Changement attache ceinture côté conducteur
A22: 42769 | B22: N°49 | C22: Garage de la grande ceinture | E22: Voyant pré-chauffage allumé?
A23: 42772 | B23: N°14 | C23: Garage de la grande ceinture | E23: Pneu à changer, embrayage, retro
A24: 42774 | B24: N°66 | C24: Garage de la grande ceinture | D24: 820.64 | E24: Pare choc, retroviseur, accélerateur
A25: 42775 | B25: N°44 | C25: Bertrand Pneus | D25: 50.82 | E25: Remise en état d'un pneu
A26: 42776 | B26: N°14 | C26: Garage de la grande ceinture | D26: 463.4 | E26: Vérification attache des ceintures à l'arrière
A27: 42776 | B27: N°24 | C27: Garage de la grande ceinture | E27: Pose d'une poignée côté conducteur pour relever le siège
A28: 42779 | B28: N°28 | C28: Garage de la grande ceinture | D28: 161.95 | E28: Révision du véhicule
A29: 42781 | B29: N°32 | C29: Garage de la grande ceinture | D29: 185.53 | E29: Révision du véhicule
A30: 42781 | B30: N°35 | C30: Garage de la grande ceinture | D30: 188.82 | E30: Révision du véhicule
A31: 42781 | B31: N°42 | C31: Garage de la grande ceinture | D31: 188.84 | E31: Retroviseur côté passager
A32: 42781 | B32: N°52 | C32: Bertrand Pneus | E32: Remise en état d'un pneu
A33: 42781 | B33: N°14 | C33: Garage de la grande ceinture | D33: 75.8 | E33: Manque support pour mettre ceinture de sécurité
A34: 42787 | B34: N°47 | C34: Dhollandia | D34: pas de facture | E34: Révision
A35: 42787 | B35: N°48 | C35: Dhollandia | D35: pas de facture | E35: Révision
A36: 42787 | B36: N°43 | C36: Dhollandia | D36: pas de facture | E36: Révision
A37: 42788 | B37: N°43 | C37: Garage de la grande ceinture | D37: 1127.82 | E37: remplacement pare choc
A38: 42787 | B38: N°44 | C38: Dhollandia | D38: pas de facture | E38: Révision
A39: 42788 | B39: N°07 | C39: Garage de la grande ceinture | D39: 237.72 | E39: Révision du véhicule
A40: 42789 | B40: N°66 | C40: Garage de la grande ceinture | D40: 332.41 | E40: Problème train avant
A41: 42789 | B41: N°28 | C41: Garage de la grande ceinture | D41: 55 | E41: Fourniture bouchon carburant
A42: 42789 | B42: N°48 | C42: Garage de la grande ceinture | D42: 53.22 | E42: Changement des essuies glaces
A43: 42794 | B43: N°36 | C43: Garage de la grande ceinture | D43: 23.88 | E43: Fourniture d'essuie glace
A44: 42800 | B44: N°28 | C44: Garage de la grande ceinture | D44: 45.6 | E44: Réparation diverses
A45: 42801 | B45: N°28 | C45: Garage de la grande ceinture | D45: 521.45 | E45: REVISION 20000 KM
A46: 42801 | B46: N°15 | C46: Garage de la grande ceinture | D46: 400.94 | E46: Véhicule ne démarrant plus
A47: 42802 | B47: N°12 | C47: Garage de la grande ceinture | D47: 257.2 | E47: Véhicule ne démarrant plus
A48: 42803 | B48: N°12 | C48: Garage de la grande ceinture | D48: 208.7 | E48: PB VITRE+ VITRE
A49: 42802 | B49: N°57 | C49: Garage de la grande ceinture | D49: 326.52 | E49: Révision du véhicule
A50: 42803 | B50: N°54 | C50: Bertrand Pneus | D50: 45.02 | E50: Remise en état d'un pneu
... A55: 42809 | B55: N°29 | C55: Garage de la grande ceinture | D55: 243.56 | E55: Révision du véhicule
A56: 42811 | B56: n°50 | C56: Garage de la grande ceinture | E56: Révision du véhicule + PB Bruit avant interieur
A57: 42816 | B57: N°42 | C57: ECP LE CARROSSIER DU FROID | D57: 545.04 | E57: Problème de variation de température
A58: 42816 | B58: N°20 | C58: Garage de la grande ceinture | D58: 41.52 | E58: poset et création plaque
A59: 42816 | B59: N°25 | C59: Garage de la grande ceinture | D59: 438.79 | E59: Attention retour de réparation
A60: 42817 | B60: N°60 | C60: Garage de la grande ceinture | D60: 355 | E60: travaux suite a CT
A61: 42818 | B61: N°26 | C61: Garage de la grande ceinture | D61: 442.32 | E61: Révision du véhicule
A62: 42820 | B62: N°16 | C62: Garage de la grande ceinture | D62: 158.62 | E62: ROUE DE SECOURS
A63: 42824 | B63: N°17 | C63: Garage de la grande ceinture | D63: 220.01 | E63: Impossible d'ouvrir le coffre
A64: 42828 | B64: N°02 | C64: Bertrand Pneus | D64: 33.39 | E64: REPARATION PNEU
A65: 42835 | B65: N°19 | C65: Garage de la grande ceinture | D65: 206.58 | E65: Révision du véhicule
A66: 42836 | B66: N°20 | C66: Garage de la grande ceinture | D66: 46.06 | E66: Révision du véhicule
A67: 42836 | B67: N°38 | C67: Garage de l'Aéroport | D67: 250 | E67: Fourniture dun cable
A68: 42837 | B68: N°02 | C68: Garage de la grande ceinture | D68: 290.46 | E68: REVISION 20000 KM
... A72: 42853 | B72: N°49 | C72: Bertrand Pneus | D72: 50.82 | E72: Remise en état d'un pneu
B73: N°20 | C73: Bertrand Pneus | D73: 61.42
A74: 42858 | B74: N°32 | C74: Garage de la grande ceinture | D74: 725.81 | E74: Pare choc AR HS
A75: 42864 | B75: N°02 | C75: Bertrand Pneus | D75: 123.745 | E75: changement pneumatique AVANT
A76: 42865 | B76: N°20 | C76: Garage de la grande ceinture | E76: PROBLEME VITRE AV
A77: 42872 | B77: N°02 | C77: Bertrand Pneus | D77: 123.74 | E77: Remise en état d'un pneu AR
A78: 42877 | B78: N°25 | C78: Garage de la grande ceinture | E78: PROBLEME DE DIRECTION
A93: TOTAL | C93: =COUNT(C8:D91) -> 59 | D93: =SUM(D8:D91) -> 15353.625
A97: DEPENSE CONTRÔLE TECHNIQUE 2017 | D97: BUDJET:
A98: Compte: | D98: RESTE:
A99: DATE | B99: N° VEHI | C99: FOURNISSEUR | D99: DEPENSE | E99: TRAVAUX
A100: 42759 | B100: N°12 | C100: AUTOSUR | D100: 61.7 | E100: CONTRÔLE TECHNIQUE
A101: 42760 | B101: N°49 | C101: AUTOSUR | D101: 61.7 | E101: CONTRÔLE TECHNIQUE
A102: 42761 | B102: N°26 | C102: AUTOSUR | D102: 61 | E102: CONTRÔLE TECHNIQUE
A103: 42804 | B103: N°31 | C103: AUTOSUR | D103: 59.32 | E103: CONTRÔLE TECHNIQUE
A104: 42808 | B104: N°20 | C104: AUTOSUR | D104: 61.7 | E104: CONTRÔLE TECHNIQUE
A105: 42811 | B105: N°60 | C105: AUTOSUR | D105: 61.7 | E105: CONTRÔLE TECHNIQUE
A106: 42816 | B106: N°62 | C106: AUTOSUR | D106: 59.32 | E106: CONTRÔLE TECHNIQUE
A107: 42815 | B107: N°15 | C107: AUTOSUR | D107: 59.32 | E107: CONTRÔLE TECHNIQUE
A108: 42850 | B108: N°55 | C108: AUTOSUR | D108: 61.7 | E108: CONTRÔLE TECHNIQUE
A134: TOTAL | C134: =COUNT(D100:D120) -> 9 | D134: =SUM(D100:D131) -> 547.46
E136: Page 1 sur 1

Sheet RELEVE KILOMETRAGE 
D5: JANVIER | F5: FEVRIER | H5: MARS | J5: AVRIL | L5: MAI | N5: JUIN | P5: JUILLET | R5: AOUT | T5: SEPTEMBRE | V5: OCTOBRE | X5: NOVEMBRE | Z5: DECEMBRE
A6: N° VEHI | B6: DECEMBRE | C6: JANVIER | D6: KMS | E6: FEVRIER | F6: KMS | G6: MARS | H6: KMS | I6: AVRIL | J6: KMS | K6: MAI | L6: KMS | M6: JUIN | N6: KMS | O6: JUILLET | P6: KMS | Q6: AOUT | R6: KMS | S6: SEPTEMBRE | T6: KMS | U6: OCTOBRE | V6: KMS | W6: NOVEMBRE | X6: KMS | Y6: DECEMBRE | Z6: KMS | AA6: TOTAL 2017 | AC6: TOTAL KM
A7: 1 | B7: 68789 | C7: 68885 | D7: =C7-B7 -> 96 | E7: 69036 | F7: =E7-C7 -> 151 | G7: 69129 | H7: =G7-E7 -> 93 | I7: 69201 | J7: =I7-G7 -> 72 | L7: =K7-I7 -> -69201 | N7: =M7-K7 -> 0 | P7: =O7-M7 -> 0 | R7: =Q7-O7 -> 0 | T7: =S7-Q7 -> 0 | V7: =U7-S7 -> 0 | X7: =W7-U7 -> 0 | Z7: =Y7-W7 -> 0 | AA7: =SUM(D7,F7,H7,J7,L7,N7,P7,R7,T7,V7,X7,Z7) -> -68789 | AC7: =SUM(D7,F7,H7,J7,,,,,,,,Y7) -> 412
A8: 2 | B8: 17022 | C8: 18552 | D8: =C8-B8 -> 1530 | E8: 19866 | F8: =E8-C8 -> 1314 | G8: 21075 | H8: =G8-E8 -> 1209 | I8: 22706 | J8: =I8-G8 -> 1631 | L8: =K8-I8 -> -22706 | N8: =M8-K8 -> 0 | P8: =O8-M8 -> 0 | R8: =Q8-O8 -> 0 | T8: =S8-Q8 -> 0 | V8: =U8-S8 -> 0 | X8: =W8-U8 -> 0 | Z8: =Y8-W8 -> 0 | AA8: =SUM(D8,F8,H8,J8,L8,N8,P8,R8,T8,V8,X8,Z8) -> -17022 | AC8: =SUM(D8,F8,H8,J8,,,,,,,,Y8) -> 5684
A9: 3 | B9: 64300 | C9: 64448 | D9: =C9-B9 -> 148 | E9: 64577 | F9: =E9-C9 -> 129 | G9: 64723 | H9: =G9-E9 -> 146 | I9: 64874 | J9: =I9-G9 -> 151 | L9: =K9-I9 -> -64874 | N9: =M9-K9 -> 0 | P9: =O9-M9 -> 0 | R9: =Q9-O9 -> 0 | T9: =S9-Q9 -> 0 | V9: =U9-S9 -> 0 | X9: =W9-U9 -> 0 | Z9: =Y9-W9 -> 0 | AA9: =SUM(D9,F9,H9,J9,L9,N9,P9,R9,T9,V9,X9,Z9) -> -64300 | AC9: =SUM(D9,F9,H9,J9,,,,,,,,Y9) -> 574
A10: 4 | B10: 29704 | C10: 30227 | D10: =C10-B10 -> 523 | E10: 30849 | F10: =E10-C10 -> 622 | G10: 31218 | H10: =G10-E10 -> 369 | I10: 31909 | J10: =I10-G10 -> 691 | L10: =K10-I10 -> -31909 | N10: =M10-K10 -> 0 | P10: =O10-M10 -> 0 | R10: =Q10-O10 -> 0 | T10: =S10-Q10 -> 0 | V10: =U10-S10 -> 0 | X10: =W10-U10 -> 0 | Z10: =Y10-W10 -> 0 | AA10: =SUM(D10,F10,H10,J10,L10,N10,P10,R10,T10,V10,X10,Z10) -> -29704 | AC10: =SUM(D10,F10,H10,J10,,,,,,,,Y10) -> 2205
A11: 5 | B11: 34147 | C11: 34547 | D11: =C11-B11 -> 400 | E11: 35293 | F11: =E11-C11 -> 746 | G11: 35513 | H11: =G11-E11 -> 220 | I11: 35800 | J11: =I11-G11 -> 287 | L11: =K11-I11 -> -35800 | N11: =M11-K11 -> 0 | P11: =O11-M11 -> 0 | R11: =Q11-O11 -> 0 | T11: =S11-Q11 -> 0 | V11: =U11-S11 -> 0 | X11: =W11-U11 -> 0 | Z11: =Y11-W11 -> 0 | AA11: =SUM(D11,F11,H11,J11,L11,N11,P11,R11,T11,V11,X11,Z11) -> -34147 | AC11: =SUM(D11,F11,H11,J11,,,,,,,,Y11) -> 1653
A12: 6 | B12: 39722 | C12: 40610 | D12: =C12-B12 -> 888 | E12: 41412 | F12: =E12-C12 -> 802 | G12: 42450 | H12: =G12-E12 -> 1038 | I12: 43464 | J12: =I12-G12 -> 1014 | L12: =K12-I12 -> -43464 | N12: =M12-K12 -> 0 | P12: =O12-M12 -> 0 | R12: =Q12-O12 -> 0 | T12: =S12-Q12 -> 0 | V12: =U12-S12 -> 0 | X12: =W12-U12 -> 0 | Z12: =Y12-W12 -> 0 | AA12: =SUM(D12,F12,H12,J12,L12,N12,P12,R12,T12,V12,X12,Z12) -> -39722 | AC12: =SUM(D12,F12,H12,J12,,,,,,,,Y12) -> 3742
A13: 7 | B13: 6257 | C13: 7247 | D13: =C13-B13 -> 990 | E13: 7902 | F13: =E13-C13 -> 655 | G13: 8202 | H13: =G13-E13 -> 300 | I13: 8202 | J13: =I13-G13 -> 0 | L13: =K13-I13 -> -8202 | N13: =M13-K13 -> 0 | P13: =O13-M13 -> 0 | R13: =Q13-O13 -> 0 | T13: =S13-Q13 -> 0 | V13: =U13-S13 -> 0 | X13: =W13-U13 -> 0 | Z13: =Y13-W13 -> 0 | AA13: =SUM(D13,F13,H13,J13,L13,N13,P13,R13,T13,V13,X13,Z13) -> -6257 | AC13: =SUM(D13,F13,H13,J13,,,,,,,,Y13) -> 1945
A14: 8 | B14: 66530 | C14: 66744 | D14: =C14-B14 -> 214 | E14: 66963 | F14: =E14-C14 -> 219 | G14: 67139 | H14: =G14-E14 -> 176 | I14: 67255 | J14: =I14-G14 -> 116 | L14: =K14-I14 -> -67255 | N14: =M14-K14 -> 0 | P14: =O14-M14 -> 0 | R14: =Q14-O14 -> 0 | T14: =S14-Q14 -> 0 | V14: =U14-S14 -> 0 | X14: =W14-U14 -> 0 | Z14: =Y14-W14 -> 0 | AA14: =SUM(D14,F14,H14,J14,L14,N14,P14,R14,T14,V14,X14,Z14) -> -66530 | AC14: =SUM(D14,F14,H14,J14,,,,,,,,Y14) -> 725
A15: 9 | B15: 47288 | C15: 47488 | D15: =C15-B15 -> 200 | E15: 47688 | F15: =E15-C15 -> 200 | G15: 48054 | H15: =G15-E15 -> 366 | I15: 48400 | J15: =I15-G15 -> 346 | L15: =K15-I15 -> -48400 | N15: =M15-K15 -> 0 | P15: =O15-M15 -> 0 | R15: =Q15-O15 -> 0 | T15: =S15-Q15 -> 0 | V15: =U15-S15 -> 0 | X15: =W15-U15 -> 0 | Z15: =Y15-W15 -> 0 | AA15: =SUM(D15,F15,H15,J15,L15,N15,P15,R15,T15,V15,X15,Z15) -> -47288 | AC15: =SUM(D15,F15,H15,J15,,,,,,,,Y15) -> 1112
A16: 10 | B16: 212240 | C16: 212566 | D16: =C16-B16 -> 326 | E16: 212825 | F16: =E16-C16 -> 259 | G16: 212972 | H16: =G16-E16 -> 147 | I16: 213054 | J16: =I16-G16 -> 82 | L16: =K16-I16 -> -213054 | N16: =M16-K16 -> 0 | P16: =O16-M16 -> 0 | R16: =Q16-O16 -> 0 | T16: =S16-Q16 -> 0 | V16: =U16-S16 -> 0 | X16: =W16-U16 -> 0 | Z16: =Y16-W16 -> 0 | AA16: =SUM(D16,F16,H16,J16,L16,N16,P16,R16,T16,V16,X16,Z16) -> -212240 | AC16: =SUM(D16,F16,H16,J16,,,,,,,,Y16) -> 814
A17: 11 | B17: 71456 | C17: 72050 | D17: =C17-B17 -> 594 | E17: 72449 | F17: =E17-C17 -> 399 | G17: 72906 | H17: =G17-E17 -> 457 | I17: 73227 | J17: =I17-G17 -> 321 | L17: =K17-I17 -> -73227 | N17: =M17-K17 -> 0 | P17: =O17-M17 -> 0 | R17: =Q17-O17 -> 0 | T17: =S17-Q17 -> 0 | V17: =U17-S17 -> 0 | X17: =W17-U17 -> 0 | Z17: =Y17-W17 -> 0 | AA17: =SUM(D17,F17,H17,J17,L17,N17,P17,R17,T17,V17,X17,Z17) -> -71456 | AC17: =SUM(D17,F17,H17,J17,,,,,,,,Y17) -> 1771
A18: 12 | B18: 149701 | C18: 151077 | D18: =C18-B18 -> 1376 | E18: 152255 | F18: =E18-C18 -> 1178 | G18: 152355 | H18: =G18-E18 -> 100 | I18: 153575 | J18: =I18-G18 -> 1220 | L18: =K18-I18 -> -153575 | N18: =M18-K18 -> 0 | P18: =O18-M18 -> 0 | R18: =Q18-O18 -> 0 | T18: =S18-Q18 -> 0 | V18: =U18-S18 -> 0 | X18: =W18-U18 -> 0 | Z18: =Y18-W18 -> 0 | AA18: =SUM(D18,F18,H18,J18,L18,N18,P18,R18,T18,V18,X18,Z18) -> -149701 | AC18: =SUM(D18,F18,H18,J18,,,,,,,,Y18) -> 3874
A19: 13 | B19: 3096 | C19: 4026 | D19: =C19-B19 -> 930 | E19: 4178 | F19: =E19-C19 -> 152 | G19: 4958 | H19: =G19-E19 -> 780 | I19: 5413 | J19: =I19-G19 -> 455 | L19: =K19-I19 -> -5413 | N19: =M19-K19 -> 0 | P19: 0 | R19: =Q19-O19 -> 0 | T19: =S19-Q19 -> 0 | V19: =U19-S19 -> 0 | X19: =W19-U19 -> 0 | Z19: =Y19-W19 -> 0 | AA19: =SUM(D19,F19,H19,J19,L19,N19,P19,R19,T19,V19,X19,Z19) -> -3096 | AC19: =SUM(D19,F19,H19,J19,,,,,,,,Y19) -> 2317
A20: 14 | B20: 18700 | C20: 18980 | D20: =C20-B20 -> 280 | E20: 19412 | F20: =E20-C20 -> 432 | G20: 20270 | H20: =G20-E20 -> 858 | I20: 20270 | J20: =I20-G20 -> 0 | L20: =K20-I20 -> -20270 | N20: =M20-K20 -> 0 | P20: =O20-M20 -> 0 | R20: =Q20-O20 -> 0 | T20: =S20-Q20 -> 0 | V20: =U20-S20 -> 0 | X20: =W20-U20 -> 0 | Z20: =Y20-W20 -> 0 | AA20: =SUM(D20,F20,H20,J20,L20,N20,P20,R20,T20,V20,X20,Z20) -> -18700 | AC20: =SUM(D20,F20,H20,J20,,,,,,,,Y20) -> 1570
A21: 15 | B21: 71044 | C21: 71313 | D21: =C21-B21 -> 269 | E21: 71513 | F21: =E21-C21 -> 200 | G21: 71687 | H21: =G21-E21 -> 174 | I21: 71687 | J21: =I21-G21 -> 0 | L21: =K21-I21 -> -71687 | N21: =M21-K21 -> 0 | P21: =O21-M21 -> 0 | R21: =Q21-O21 -> 0 | T21: =S21-Q21 -> 0 | V21: =U21-S21 -> 0 | X21: =W21-U21 -> 0 | Z21: =Y21-W21 -> 0 | AA21: =SUM(D21,F21,H21,J21,L21,N21,P21,R21,T21,V21,X21,Z21) -> -71044 | AC21: =SUM(D21,F21,H21,J21,,,,,,,,Y21) -> 643
A22: 16 | B22: 119139 | C22: 119389 | D22: =C22-B22 -> 250 | E22: 119589 | F22: =E22-C22 -> 200 | G22: 119789 | H22: =G22-E22 -> 200 | I22: 120964 | J22: =I22-G22 -> 1175 | L22: =K22-I22 -> -120964 | N22: =M22-K22 -> 0 | P22: =O22-M22 -> 0 | R22: =Q22-O22 -> 0 | T22: =S22-Q22 -> 0 | V22: =U22-S22 -> 0 | X22: =W22-U22 -> 0 | Z22: =Y22-W22 -> 0 | AA22: =SUM(D22,F22,H22,J22,L22,N22,P22,R22,T22,V22,X22,Z22) -> -119139 | AC22: =SUM(D22,F22,H22,J22,,,,,,,,Y22) -> 1825
A23: 17 | B23: 37086 | C23: 38954 | D23: =C23-B23 -> 1868 | E23: 40619 | F23: =E23-C23 -> 1665 | G23: 41535 | H23: =G23-E23 -> 916 | I23: 42956 | J23: =I23-G23 -> 1421 | L23: =K23-I23 -> -42956 | N23: =M23-K23 -> 0 | P23: =O23-M23 -> 0 | R23: =Q23-O23 -> 0 | T23: =S23-Q23 -> 0 | V23: =U23-S23 -> 0 | X23: =W23-U23 -> 0 | Z23: =Y23-W23 -> 0 | AA23: =SUM(D23,F23,H23,J23,L23,N23,P23,R23,T23,V23,X23,Z23) -> -37086 | AC23: =SUM(D23,F23,H23,J23,,,,,,,,Y23) -> 5870
A24: 18 | B24: 127570 | C24: 127863 | D24: =C24-B24 -> 293 | E24: 128469 | F24: =E24-C24 -> 606 | G24: 128569 | H24: =G24-E24 -> 100 | I24: 130265 | J24: =I24-G24 -> 1696 | L24: =K24-I24 -> -130265 | N24: =M24-K24 -> 0 | P24: =O24-M24 -> 0 | R24: =Q24-O24 -> 0 | T24: =S24-Q24 -> 0 | V24: =U24-S24 -> 0 | X24: =W24-U24 -> 0 | Z24: =Y24-W24 -> 0 | AA24: =SUM(D24,F24,H24,J24,L24,N24,P24,R24,T24,V24,X24,Z24) -> -127570 | AC24: =SUM(D24,F24,H24,J24,,,,,,,,Y24) -> 2695
A25: 19 | B25: 133378 | C25: 134311 | D25: =C25-B25 -> 933 | E25: 135111 | F25: =E25-C25 -> 800 | G25: 137222 | H25: =G25-E25 -> 2111 | I25: 138378 | J25: =I25-G25 -> 1156 | L25: =K25-I25 -> -138378 | N25: =M25-K25 -> 0 | P25: =O25-M25 -> 0 | R25: =Q25-O25 -> 0 | T25: =S25-Q25 -> 0 | V25: =U25-S25 -> 0 | X25: =W25-U25 -> 0 | Z25: =Y25-W25 -> 0 | AA25: =SUM(D25,F25,H25,J25,L25,N25,P25,R25,T25,V25,X25,Z25) -> -133378 | AC25: =SUM(D25,F25,H25,J25,,,,,,,,Y25) -> 5000
A26: 20 | B26: 66549 | C26: 66970 | D26: =C26-B26 -> 421 | E26: 67132 | F26: =E26-C26 -> 162 | G26: 67232 | H26: =G26-E26 -> 100 | I26: 68615 | J26: =I26-G26 -> 1383 | L26: =K26-I26 -> -68615 | N26: =M26-K26 -> 0 | P26: =O26-M26 -> 0 | R26: =Q26-O26 -> 0 | T26: =S26-Q26 -> 0 | V26: =U26-S26 -> 0 | X26: =W26-U26 -> 0 | Z26: =Y26-W26 -> 0 | AA26: =SUM(D26,F26,H26,J26,L26,N26,P26,R26,T26,V26,X26,Z26) -> -66549 | AC26: =SUM(D26,F26,H26,J26,,,,,,,,Y26) -> 2066
A27: 21 | B27: 1137 | C27: 1529 | D27: =C27-B27 -> 392 | E27: 2901 | F27: =E27-C27 -> 1372 | G27: 4176 | H27: =G27-E27 -> 1275 | I27: 6131 | J27: =I27-G27 -> 1955 | L27: =K27-I27 -> -6131 | N27: =M27-K27 -> 0 | P27: =O27-M27 -> 0 | R27: =Q27-O27 -> 0 | T27: =S27-Q27 -> 0 | V27: =U27-S27 -> 0 | X27: =W27-U27 -> 0 | Z27: =Y27-W27 -> 0 | AA27: =SUM(D27,F27,H27,J27,L27,N27,P27,R27,T27,V27,X27,Z27) -> -1137 | AC27: =SUM(D27,F27,H27,J27,,,,,,,,Y27) -> 4994
A28: 23 | B28: 163599 | C28: 163726 | D28: =C28-B28 -> 127 | E28: 163779 | F28: =E28-C28 -> 53 | G28: 164066 | H28: =G28-E28 -> 287 | I28: 164245 | J28: =I28-G28 -> 179 | L28: =K28-I28 -> -164245 | N28: =M28-K28 -> 0 | P28: =O28-M28 -> 0 | R28: =Q28-O28 -> 0 | T28: =S28-Q28 -> 0 | V28: =U28-S28 -> 0 | X28: =W28-U28 -> 0 | Z28: =Y28-W28 -> 0 | AA28: =SUM(D28,F28,H28,J28,L28,N28,P28,R28,T28,V28,X28,Z28) -> -163599 | AC28: =SUM(D28,F28,H28,J28,,,,,,,,Y28) -> 646
A29: 24 | B29: 76455 | C29: 77623 | D29: =C29-B29 -> 1168 | E29: 78575 | F29: =E29-C29 -> 952 | G29: 79432 | H29: =G29-E29 -> 857 | I29: 80745 | J29: =I29-G29 -> 1313 | L29: =K29-I29 -> -80745 | N29: =M29-K29 -> 0 | P29: =O29-M29 -> 0 | R29: =Q29-O29 -> 0 | T29: =S29-Q29 -> 0 | V29: =U29-S29 -> 0 | X29: =W29-U29 -> 0 | Z29: =Y29-W29 -> 0 | AA29: =SUM(D29,F29,H29,J29,L29,N29,P29,R29,T29,V29,X29,Z29) -> -76455 | AC29: =SUM(D29,F29,H29,J29,,,,,,,,Y29) -> 4290
A30: 25 | B30: 69763 | C30: 70453 | D30: =C30-B30 -> 690 | E30: 71053 | F30: =E30-C30 -> 600 | G30: 72344 | H30: =G30-E30 -> 1291 | I30: 72344 | J30: =I30-G30 -> 0 | L30: =K30-I30 -> -72344 | N30: =M30-K30 -> 0 | P30: =O30-M30 -> 0 | R30: =Q30-O30 -> 0 | T30: =S30-Q30 -> 0 | V30: =U30-S30 -> 0 | X30: =W30-U30 -> 0 | Z30: =Y30-W30 -> 0 | AA30: =SUM(D30,F30,H30,J30,L30,N30,P30,R30,T30,V30,X30,Z30) -> -69763 | AC30: =SUM(D30,F30,H30,J30,,,,,,,,Y30) -> 2581
A31: 26 | B31: 151433 | C31: 151768 | D31: =C31-B31 -> 335 | E31: 152040 | F31: =E31-C31 -> 272 | G31: 152265 | H31: =G31-E31 -> 225 | I31: 152265 | J31: =I31-G31 -> 0 | L31: =K31-I31 -> -152265 | N31: =M31-K31 -> 0 | P31: =O31-M31 -> 0 | R31: =Q31-O31 -> 0 | T31: =S31-Q31 -> 0 | V31: =U31-S31 -> 0 | X31: =W31-U31 -> 0 | Z31: =Y31-W31 -> 0 | AA31: =SUM(D31,F31,H31,J31,L31,N31,P31,R31,T31,V31,X31,Z31) -> -151433 | AC31: =SUM(D31,F31,H31,J31,,,,,,,,Y31) -> 832
... A37: 32 | B37: 22861 | C37: 23152 | D37: =C37-B37 -> 291 | E37: 23281 | F37: =E37-C37 -> 129 | G37: 23565 | H37: =G37-E37 -> 284 | I37: 23790 | J37: =I37-G37 -> 225 | L37: =K37-I37 -> -23790 | N37: =M37-K37 -> 0 | P37: =O37-M37 -> 0 | R37: =Q37-O37 -> 0 | T37: =S37-Q37 -> 0 | V37: =U37-S37 -> 0 | X37: =W37-U37 -> 0 | Z37: =Y37-W37 -> 0 | AA37: =SUM(D37,F37,H37,J37,L37,N37,P37,R37,T37,V37,X37,Z37) -> -22861 | AC37: =SUM(D37,F37,H37,J37,,,,,,,,Y37) -> 929
A38: 33 | B38: 78683 | C38: 78702 | D38: =C38-B38 -> 19 | E38: 78709 | F38: =E38-C38 -> 7 | G38: 78709 | H38: =G38-E38 -> 0 | I38: 79008 | J38: =I38-G38 -> 299 | L38: =K38-I38 -> -79008 | N38: =M38-K38 -> 0 | P38: 0 | R38: =Q38-O38 -> 0 | T38: =S38-Q38 -> 0 | V38: =U38-S38 -> 0 | X38: =W38-U38 -> 0 | Z38: =Y38-W38 -> 0 | AA38: =SUM(D38,F38,H38,J38,L38,N38,P38,R38,T38,V38,X38,Z38) -> -78683 | AC38: =SUM(D38,F38,H38,J38,,,,,,,,Y38) -> 325
A39: 34 | B39: 85631 | C39: 85802 | D39: =C39-B39 -> 171 | E39: 85980 | F39: =E39-C39 -> 178 | G39: 86472 | H39: =G39-E39 -> 492 | I39: 86769 | J39: =I39-G39 -> 297 | L39: =K39-I39 -> -86769 | N39: =M39-K39 -> 0 | P39: =O39-M39 -> 0 | R39: =Q39-O39 -> 0 | T39: =S39-Q39 -> 0 | V39: =U39-S39 -> 0 | X39: =W39-U39 -> 0 | Z39: =Y39-W39 -> 0 | AA39: =SUM(D39,F39,H39,J39,L39,N39,P39,R39,T39,V39,X39,Z39) -> -85631 | AC39: =SUM(D39,F39,H39,J39,,,,,,,,Y39) -> 1138
A40: 35 | B40: 22275 | C40: 22595 | D40: =C40-B40 -> 320 | E40: 22803 | F40: =E40-C40 -> 208 | G40: 22990 | H40: =G40-E40 -> 187 | I40: 23537 | J40: =I40-G40 -> 547 | L40: =K40-I40 -> -23537 | N40: =M40-K40 -> 0 | P40: =O40-M40 -> 0 | R40: =Q40-O40 -> 0 | T40: =S40-Q40 -> 0 | V40: =U40-S40 -> 0 | X40: =W40-U40 -> 0 | Z40: =Y40-W40 -> 0 | AA40: =SUM(D40,F40,H40,J40,L40,N40,P40,R40,T40,V40,X40,Z40) -> -22275 | AC40: =SUM(D40,F40,H40,J40,,,,,,,,Y40) -> 1262
A41: 36 | B41: 57745 | C41: 57758 | D41: =C41-B41 -> 13 | E41: 57881 | F41: =E41-C41 -> 123 | G41: 57901 | H41: =G41-E41 -> 20 | I41: 58064 | J41: =I41-G41 -> 163 | L41: =K41-I41 -> -58064 | N41: =M41-K41 -> 0 | P41: =O41-M41 -> 0 | R41: =Q41-O41 -> 0 | T41: =S41-Q41 -> 0 | V41: =U41-S41 -> 0 | X41: =W41-U41 -> 0 | Z41: =Y41-W41 -> 0 | AA41: =SUM(D41,F41,H41,J41,L41,N41,P41,R41,T41,V41,X41,Z41) -> -57745 | AC41: =SUM(D41,F41,H41,J41,,,,,,,,Y41) -> 319
A42: 37 | B42: 9818 | C42: 10063 | D42: =C42-B42 -> 245 | E42: 10261 | F42: =E42-C42 -> 198 | G42: 10495 | H42: =G42-E42 -> 234 | I42: 10495 | J42: =I42-G42 -> 0 | L42: =K42-I42 -> -10495 | N42: =M42-K42 -> 0 | P42: =O42-M42 -> 0 | R42: =Q42-O42 -> 0 | T42: =S42-Q42 -> 0 | V42: =U42-S42 -> 0 | X42: =W42-U42 -> 0 | Z42: =Y42-W42 -> 0 | AA42: =SUM(D42,F42,H42,J42,L42,N42,P42,R42,T42,V42,X42,Z42) -> -9818 | AC42: =SUM(D42,F42,H42,J42,,,,,,,,Y42) -> 677
A43: 38 | B43: 18556 | C43: 19262 | D43: =C43-B43 -> 706 | E43: 19962 | F43: =E43-C43 -> 700 | G43: 20376 | H43: =G43-E43 -> 414 | I43: 20769 | J43: =I43-G43 -> 393 | L43: =K43-I43 -> -20769 | N43: =M43-K43 -> 0 | P43: =O43-M43 -> 0 | R43: =Q43-O43 -> 0 | T43: =S43-Q43 -> 0 | V43: =U43-S43 -> 0 | X43: =W43-U43 -> 0 | Z43: =Y43-W43 -> 0 | AA43: =SUM(D43,F43,H43,J43,L43,N43,P43,R43,T43,V43,X43,Z43) -> -18556 | AC43: =SUM(D43,F43,H43,J43,,,,,,,,Y43) -> 2213
A44: 39 | B44: 11659 | C44: 11937 | D44: =C44-B44 -> 278 | E44: 12043 | F44: =E44-C44 -> 106 | G44: 12427 | H44: =G44-E44 -> 384 | I44: 12427 | J44: =I44-G44 -> 0 | L44: =K44-I44 -> -12427 | N44: =M44-K44 -> 0 | P44: =O44-M44 -> 0 | R44: =Q44-O44 -> 0 | T44: =S44-Q44 -> 0 | V44: =U44-S44 -> 0 | X44: =W44-U44 -> 0 | Z44: =Y44-W44 -> 0 | AA44: =SUM(D44,F44,H44,J44,L44,N44,P44,R44,T44,V44,X44,Z44) -> -11659 | AC44: =SUM(D44,F44,H44,J44,,,,,,,,Y44) -> 768
A45: 40 | B45: 42730 | C45: 42762 | D45: =C45-B45 -> 32 | E45: 42778 | F45: =E45-C45 -> 16 | G45: 42792 | H45: =G45-E45 -> 14 | I45: 42797 | J45: =I45-G45 -> 5 | L45: =K45-I45 -> -42797 | N45: =M45-K45 -> 0 | P45: =O45-M45 -> 0 | R45: =Q45-O45 -> 0 | T45: =S45-Q45 -> 0 | V45: =U45-S45 -> 0 | X45: =W45-U45 -> 0 | Z45: =Y45-W45 -> 0 | AA45: =SUM(D45,F45,H45,J45,L45,N45,P45,R45,T45,V45,X45,Z45) -> -42730 | AC45: =SUM(D45,F45,H45,J45,,,,,,,,Y45) -> 67
A46: 41 | B46: 25715 | C46: 26117 | D46: =C46-B46 -> 402 | E46: 26416 | F46: =E46-C46 -> 299 | G46: 26566 | H46: =G46-E46 -> 150 | I46: 27778 | J46: =I46-G46 -> 1212 | L46: =K46-I46 -> -27778 | N46: =M46-K46 -> 0 | P46: =O46-M46 -> 0 | R46: =Q46-O46 -> 0 | T46: =S46-Q46 -> 0 | V46: =U46-S46 -> 0 | X46: =W46-U46 -> 0 | Z46: =Y46-W46 -> 0 | AA46: =SUM(D46,F46,H46,J46,L46,N46,P49,R46,T46,V46,X46,Z46) -> -25715 | AC46: =SUM(D46,F46,H46,J46,,,,,,,,Y46) -> 2063
A47: 42 | B47: 24641 | C47: 25160 | D47: =C47-B47 -> 519 | E47: 25688 | F47: =E47-C47 -> 528 | G47: 26336 | H47: =G47-E47 -> 648 | I47: 26750 | J47: =I47-G47 -> 414 | L47: =K47-I47 -> -26750 | N47: =M47-K47 -> 0 | P47: =O47-M47 -> 0 | R47: =Q47-O47 -> 0 | T47: =S47-Q47 -> 0 | V47: =U47-S47 -> 0 | X47: =W47-U47 -> 0 | Z47: =Y47-W47 -> 0 | AA47: =SUM(D47,F47,H47,J47,L47,N49,P47,R47,T47,V47,X47,Z47) -> -24641 | AC47: =SUM(D47,F47,H47,J47,,,,,,,,Y47) -> 2109
A48: 43 | B48: 4651 | C48: 5172 | D48: =C48-B48 -> 521 | E48: 5672 | F48: =E48-C48 -> 500 | G48: 5922 | H48: =G48-E48 -> 250 | I48: 6492 | J48: =I48-G48 -> 570 | L48: =K48-I48 -> -6492 | N48: =M48-K48 -> 0 | P48: =O48-M48 -> 0 | R48: =Q48-O48 -> 0 | T48: =S48-Q48 -> 0 | V48: =U48-S48 -> 0 | X48: =W48-U48 -> 0 | Z48: =Y48-W48 -> 0 | AA48: =SUM(D48,F48,H48,J48,L48,N48,P48,R48,T48,V48,X48,Z48) -> -4651 | AC48: =SUM(D48,F48,H48,J48,,,,,,,,Y48) -> 1841
A49: 44 | B49: 2472 | C49: 2781 | D49: =C49-B49 -> 309 | E49: 3081 | F49: =E49-C49 -> 300 | G49: 3221 | H49: =G49-E49 -> 140 | I49: 3637 | J49: =I49-G49 -> 416 | L49: =K49-I49 -> -3637 | N49: =M49-K49 -> 0 | P49: =O49-M49 -> 0 | R49: =Q49-O49 -> 0 | T49: =S49-Q49 -> 0 | V49: =U49-S49 -> 0 | X49: =W49-U49 -> 0 | Z49: =Y49-W49 -> 0 | AA49: =SUM(D49,F49,H49,J49,L49,N49,P49,R49,T49,V49,X49,Z49) -> -2472 | AC49: =SUM(D49,F49,H49,J49,,,,,,,,Y49) -> 1165
A50: 46 | B50: 15049 | C50: 15263 | D50: =C50-B50 -> 214 | E50: 15595 | F50: =E50-C50 -> 332 | G50: 15905 | H50: =G50-E50 -> 310 | I50: 16215 | J50: =I50-G50 -> 310 | L50: =K50-I50 -> -16215 | N50: =M50-K50 -> 0 | P50: =O50-M50 -> 0 | R50: =Q50-O50 -> 0 | T50: =S50-Q50 -> 0 | V50: =U50-S50 -> 0 | X50: =W50-U50 -> 0 | Z50: =Y50-W50 -> 0 | AA50: =SUM(D50,F50,H50,J50,L50,N50,P50,R50,T50,V50,X50,Z50) -> -15049 | AC50: =SUM(D50,F50,H50,J50,,,,,,,,Y50) -> 1166
A51: 47 | B51: 24074 | C51: 24175 | D51: =C51-B51 -> 101 | E51: 24915 | F51: =E51-C51 -> 740 | G51: 24934 | H51: =G51-E51 -> 19 | I51: 24934 | J51: =I51-G51 -> 0 | L51: =K51-I51 -> -24934 | N51: =M51-K51 -> 0 | P51: =O51-M51 -> 0 | R51: =Q51-O51 -> 0 | T51: =S51-Q51 -> 0 | V51: =U51-S51 -> 0 | X51: =W51-U51 -> 0 | Z51: =Y51-W51 -> 0 | AA51: =SUM(D51,F51,H51,J51,L51,N51,P51,R51,T51,V51,X51,Z51) -> -24074 | AC51: =SUM(D51,F51,H51,J51,,,,,,,,Y51) -> 860
A52: 49 | B52: 112800 | C52: 113077 | D52: =C52-B52 -> 277 | E52: 113357 | F52: =E52-C52 -> 280 | G52: 113743 | H52: =G52-E52 -> 386 | I52: 113743 | J52: =I52-G52 -> 0 | L52: =K52-I52 -> -113743 | N52: =M52-K52 -> 0 | P52: =O52-M52 -> 0 | R52: =Q52-O52 -> 0 | T52: =S52-Q52 -> 0 | V52: =U52-S52 -> 0 | X52: =W52-U52 -> 0 | Z52: =Y52-W52 -> 0 | AA52: =SUM(D52,F52,H52,J52,L52,N52,P52,R52,T52,V52,X52,Z52) -> -112800 | AC52: =SUM(D52,F52,H52,J52,,,,,,,,Y52) -> 943
A53: 50 | B53: 50250 | C53: 50441 | D53: =C53-B53 -> 191 | E53: 50627 | F53: =E53-C53 -> 186 | G53: 50805 | H53: =G53-E53 -> 178 | I53: 51195 | J53: =I53-G53 -> 390 | L53: =K53-I53 -> -51195 | N53: =M53-K53 -> 0 | P53: =O53-M53 -> 0 | R53: =Q53-O53 -> 0 | T53: =S53-Q53 -> 0 | V53: =U53-S53 -> 0 | X53: =W53-U53 -> 0 | Z53: =Y53-W53 -> 0 | AA53: =SUM(D53,F53,H53,J53,L53,N53,P53,R53,T53,V53,X53,Z53) -> -50250 | AC53: =SUM(D53,F53,H53,J53,,,,,,,,Y53) -> 945
A54: 52 | B54: 262449 | C54: 262552 | D54: =C54-B54 -> 103 | E54: 262652 | F54: =E54-C54 -> 100 | G54: 262705 | H54: =G54-E54 -> 53 | I54: 262978 | J54: =I54-G54 -> 273 | L54: =K54-I54 -> -262978 | N54: =M54-K54 -> 0 | P54: =O54-M54 -> 0 | R54: =Q54-O54 -> 0 | T54: =S54-Q54 -> 0 | V54: =U54-S54 -> 0 | X54: =W54-U54 -> 0 | Z54: =Y54-W54 -> 0 | AA54: =SUM(D54,F54,H54,J54,L54,N54,P54,R54,T54,V54,X54,Z54) -> -262449 | AC54: =SUM(D54,F54,H54,J54,,,,,,,,Y54) -> 529
A55: 53 | B55: 34217 | C55: 34552 | D55: =C55-B55 -> 335 | E55: 34752 | F55: =E55-C55 -> 200 | G55: 34952 | H55: =G55-E55 -> 200 | I55: 35795 | J55: =I55-G55 -> 843 | L55: =K55-I55 -> -35795 | N55: =M55-K55 -> 0 | P55: =O55-M55 -> 0 | R55: =Q55-O55 -> 0 | T55: =S55-Q55 -> 0 | V55: =U55-S55 -> 0 | X55: =W55-U55 -> 0 | Z55: =Y55-W55 -> 0 | AA55: =SUM(D55,F55,H55,J55,L55,N55,P55,R55,T55,V55,X55,Z55) -> -34217 | AC55: =SUM(D55,F55,H55,J55,,,,,,,,Y55) -> 1578
A56: 54 | B56: 21970 | C56: 22133 | D56: =C56-B56 -> 163 | E56: 22300 | F56: =E56-C56 -> 167 | G56: 22380 | H56: =G56-E56 -> 80 | I56: 22969 | J56: =I56-G56 -> 589 | L56: =K56-I56 -> -22969 | N56: =M56-K56 -> 0 | P56: =O56-M56 -> 0 | R56: =Q56-O56 -> 0 | T56: =S56-Q56 -> 0 | V56: =U56-S56 -> 0 | X56: =W56-U56 -> 0 | Z56: =Y56-W56 -> 0 | AA56: =SUM(D56,F56,H56,J56,L56,N56,P56,R56,T56,V56,X56,Z56) -> -21970 | AC56: =SUM(D56,F56,H56,J56,,,,,,,,Y56) -> 999
A57: 55 | B57: 20853 | C57: 20939 | D57: =C57-B57 -> 86 | E57: 21055 | F57: =E57-C57 -> 116 | G57: 21178 | H57: =G57-E57 -> 123 | I57: 21235 | J57: =I57-G57 -> 57 | L57: =K57-I57 -> -21235 | N57: =M57-K57 -> 0 | P57: =O57-M57 -> 0 | R57: =Q57-O57 -> 0 | T57: =S57-Q57 -> 0 | V57: =U57-S57 -> 0 | X57: =W57-U57 -> 0 | Z57: =Y57-W57 -> 0 | AA57: =SUM(D57,F57,H57,J57,L57,N57,P57,R57,T57,V57,X57,Z57) -> -20853 | AC57: =SUM(D57,F57,H57,J57,,,,,,,,Y57) -> 382
A58: 56 | B58: 66012 | C58: 66351 | D58: =C58-B58 -> 339 | E58: 66751 | F58: =E58-C58 -> 400 | G58: 67603 | H58: =G58-E58 -> 852 | I58: 67603 | J58: =I58-G58 -> 0 | L58: =K58-I58 -> -67603 | N58: =M58-K58 -> 0 | P58: =O58-M58 -> 0 | R58: =Q58-O58 -> 0 | T58: =S58-Q58 -> 0 | V58: =U58-S58 -> 0 | X58: =W58-U58 -> 0 | Z58: =Y58-W58 -> 0 | AA58: =SUM(D58,F58,H58,J58,L58,N58,P58,R58,T58,V58,X58,Z58) -> -66012 | AC58: =SUM(D58,F58,H58,J58,,,,,,,,Y58) -> 1591
A59: 57 | B59: 64948 | C59: 65313 | D59: =C59-B59 -> 365 | E59: 65608 | F59: =E59-C59 -> 295 | G59: 66801 | H59: =G59-E59 -> 1193 | I59: 66801 | J59: =I59-G59 -> 0 | L59: =K59-I59 -> -66801 | N59: =M59-K59 -> 0 | P59: =O59-M59 -> 0 | R59: =Q59-O59 -> 0 | T59: =S59-Q59 -> 0 | V59: =U59-S59 -> 0 | X59: =W59-U59 -> 0 | Z59: =Y59-W59 -> 0 | AA59: =SUM(D59,F59,H59,J59,L59,N59,P59,R59,T59,V59,X59,Z59) -> -64948 | AC59: =SUM(D59,F59,H59,J59,,,,,,,,Y59) -> 1853
... A65: 61358 | B65: 16982 | C65: 17726 | D65: =C65-B65 -> 744 | E65: 17926 | F65: =E65-C65 -> 200 | G65: 19120 | H65: =G65-E65 -> 1194 | I65: 19906 | J65: =I65-G65 -> 786 | L65: =K65-I65 -> -19906 | N65: =M65-K65 -> 0 | P65: =O65-M65 -> 0 | R65: =Q65-O65 -> 0 | T65: =S65-Q65 -> 0 | V65: =U65-S65 -> 0 | X65: =W65-U65 -> 0 | Z65: =Y65-W65 -> 0 | AA65: =SUM(D65,F65,H65,J65,L65,N65,P65,R65,T65,V65,X65,Z65) -> -16982 | AC65: =SUM(D65,F65,H65,J65,,,,,,,,Y65) -> 2924
A66: TOTAL | B66: =SUM(B9:B65) -> 3648287 | D66: =SUM(D9:D65) -> 27897 | F66: =SUM(F9:F65) -> 23960 | H66: =SUM(H9:H65) -> 25961 | J66: =SUM(J9:J65) -> 26933 | L66: =SUM(L9:L65) -> -3753038 | N66: ² | P66: =SUM(P9:P65) -> 0 | R66: =SUM(R9:R65) -> 0 | T66: =SUM(T9:T65) -> 0 | V66: =SUM(V9:V65) -> 0 | X66: =SUM(X9:X65) -> 0 | Z66: =SUM(Z9:Z65) -> 0 | AA66: =SUM(AA9:AA65) -> -3648287 | AC66: =SUM(D66,F66,H66,J66,,,,,,,,Y66) -> 104751
A69: VEHICULES SANITAIRES | D69: =SUM(D36:D42,N6443) -> 2537 | E69: =SUM(E36:E42,E45) -> 418891 | F69: =SUM(F36:F42,F45) -> 1981 | G69: =SUM(G36:G42,G45) -> 421424 | H69: =SUM(H36:H42,H45) -> 2533 | I69: =SUM(I36:I42,I45) -> 423946 | J69: =SUM(J36:J42,J45) -> 2522 | K69: =SUM(K36:K42,K45) -> 0 | L69: =SUM(L36:L42,L45) -> -423946 | ... AA69: =SUM(AA36:AA42,AA45) -> -414341
A70: Pool de prêt
A71: Utilitaire | D71: =D55+D53+D56+D57+D50+D65 -> 1733 | E71: =E55+E53+E56+E57+E50+E65 -> 162255 | F71: =F55+F53+F56+F57+F50+F65 -> 1201 | G71: =G55+G53+G56+G57+G50+G65 -> 164340 | H71: =H55+H53+H56+H57+H50+H65 -> 2085 | I71: =I55+I53+I56+I57+I50+I65 -> 167315 | J71: =J55+J53+J56+J57+J50+J65 -> 2975 | K71: =K55+K53+K56+K57+K50+K65 -> 0 | ... AA71: =AA55+AA53+AA56+AA57+AA50+AA65 -> -159321
A72: Véhicule léger | D72: =D63+#REF!+D34+D33+D32+D31+D30+D29+D28+D26+D23+D16+D14+D12+D13 -> #REF! | E72: =E63+#REF!+E34+E33+E32+E31+E30+E29+E28+E26+E23+E16+E14+E12 -> #REF! | F72: =F63+#REF!+F34+F33+F32+F31+F30+F29+F28+F26+F23+F16+F14+F12 -> #REF! | G72: =G63+#REF!+G34+G33+G32+G31+G30+G29+G28+G26+G23+G16+G14+G12 -> #REF! | H72: =H63+#REF!+H34+H33+H32+H31+H30+H29+H28+H26+H23+H16+H14+H12 -> #REF! | I72: =I63+#REF!+I34+I33+I32+I31+I30+I29+I28+I26+I23+I16+I14+I12 -> #REF! | J72: =J63+#REF!+J34+J33+J32+J31+J30+J29+J28+J26+J23+J16+J14+J12 -> #REF! | K72: =K63+#REF!+K34+K33+K32+K31+K30+K29+K28+K26+K23+K16+K14+K12 -> #REF! | L72: =L63+#REF!+L34+L33+L32+L31+L30+L29+L28+L26+L23+L16+L14+L12 -> #REF! | ... Z72: =Z63+#REF!+Z34+Z33+Z32+Z31+Z30+Z29+Z28+Z26+Z23+Z16+Z14+Z12 -> #REF!
A73: Minibus | D73: =D61+D52+D60+D58+D59 -> 1560 | E73: =E61+E52+E60+E58+E59 -> 438883 | F73: =F61+F52+F60+F58+F59 -> 1163 | G73: =G61+G52+G60+G58+G59 -> 441464 | H73: =H61+H52+H60+H58+H59 -> 2581 | I73: =I61+I52+I60+I58+I59 -> 442363 | J73: =J61+J52+J60+J58+J59 -> 899 | K73: =K61+K52+K60+K58+K59 -> 0 | ... AA73: =AA61+AA52+AA60+AA58+AA59 -> -436160
A74: Pôle psy adulte | D74: =D35+D26+D25+D20+D15+D62+D29 -> 4103 | E74: =E35+E26+E25+E20+E15+E62+E29 -> 431126 | F74: =F35+F26+F25+F20+F15+F62+F29 -> 3311 | G74: =G35+G26+G25+G20+G15+G62+G29 -> 436377 | H74: =H35+H26+H25+H20+H15+H62+H29 -> 5251 | I74: =I35+I26+I25+I20+I15+I62+I29 -> 441050 | J74: =J35+J26+J25+J20+J15+J62+J29 -> 4673 | K74: =K35+K26+K25+K20+K15+K62+K29 -> 0 | ... Z74: =Z35+Z26+Z25+Z20+Z15+Z62+Z29 -> 0
A75: Pôle psy infantile | D75: =D10+D11+D64 -> 1806 | E75: =E10+E11+E64 -> 137682 | F75: =F10+F11+F64 -> 2041 | G75: =G10+G11+G64 -> 139208 | H75: =H10+H11+H64 -> 1526 | I75: =I10+I11+I64 -> 140186 | J75: =J10+J11+J64 -> 978 | K75: =K10+K11+K64 -> 0 | ... Z75: =Z10+Z11+Z64 -> 0
A76: Divers | D76: =D66-D69-D71-D72-D73-D74-D75 -> #REF! | E76: =E66-E69-E71-E72-E73-E74-E75 -> #REF! | F76: =F66-F69-F71-F72-F73-F74-F75 -> #REF! | G76: =G66-G69-G71-G72-G73-G74-G75 -> #REF! | H76: =H66-H69-H71-H72-H73-H74-H75 -> #REF! | I76: =I66-I69-I71-I72-I73-I74-I75 -> #REF! | J76: =J66-J69-J71-J72-J73-J74-J75 -> #REF! | K76: =K66-K69-K71-K72-K73-K74-K75 -> #REF! | ... Z76: =Z66-Z69-Z71-Z72-Z73-Z74-Z75 -> #REF!

Sheet FORMULAIRE DEMANDE REPARATION

Sheet suivi des avis de contravention

Sheet Feuil2
A1: Vente ou réformes VHL
